Workbook
Name \: #REF!
Name \: #REF!
Name \: #REF!
Name \: #REF!
Name \: #REF!
Name _____________________________________________bla1: [1]leads!$H$7
Name _____________________________________________l1: [2]leads!$A$3:$E$108
Name _____________________________________________l12: #REF!
Name _____________________________________________l3: #REF!
Name _____________________________________________l4: [3]Sheet1!$W$2:$Y$103
Name _____________________________________________l5: #REF!
Name _____________________________________________mm1: [4]r!$F$4
Name _____________________________________________rr3: [5]v!$A$2:$E$51
Name _____________________________________________rrr1: [5]r!$B$1:$I$145
Name _____________________________________________ss12: [6]rdamdata!$J$8
Name _____________________________________________ss20: [6]rdamdata!$J$7
Name _____________________________________________ss40: [6]rdamdata!$J$6
Name _____________________________________________var1: #REF!
Name _____________________________________________var4: #REF!
Name ____________________________________________bla1: [7]leads!$H$7
Name ____________________________________________l1: [8]leads!$A$3:$E$108
Name ____________________________________________l12: #REF!
Name ____________________________________________l3: #REF!
Name ____________________________________________l4: [9]Sheet1!$W$2:$Y$103
Name ____________________________________________l5: #REF!
Name ____________________________________________mm1: [10]r!$F$4
Name ____________________________________________rr3: [11]v!$A$2:$E$51
Name ____________________________________________rrr1: [11]r!$B$1:$I$145
Name ____________________________________________ss12: [12]rdamdata!$J$8
Name ____________________________________________ss20: [12]rdamdata!$J$7
Name ____________________________________________ss40: [12]rdamdata!$J$6
Name ____________________________________________var1: #REF!
Name ____________________________________________var4: #REF!
Name ___________________________________________bla1: [7]leads!$H$7
Name ___________________________________________l1: [8]leads!$A$3:$E$108
Name ___________________________________________l12: #REF!
Name ___________________________________________l3: #REF!
Name ___________________________________________l4: [9]Sheet1!$W$2:$Y$103
Name ___________________________________________l5: #REF!
Name ___________________________________________mm1: [10]r!$F$4
Name ___________________________________________rr3: [11]v!$A$2:$E$51
Name ___________________________________________rrr1: [11]r!$B$1:$I$145
Name ___________________________________________ss12: [12]rdamdata!$J$8
Name ___________________________________________ss20: [12]rdamdata!$J$7
Name ___________________________________________ss40: [12]rdamdata!$J$6
Name ___________________________________________var1: #REF!
Name ___________________________________________var4: #REF!
Name __________________________________________bla1: [7]leads!$H$7
Name __________________________________________cur1: [13]r!$F$30
Name __________________________________________l1: [8]leads!$A$3:$E$108
Name __________________________________________l12: #REF!
Name __________________________________________l2: [13]r!$F$29
Name __________________________________________l3: #REF!
Name __________________________________________l4: [9]Sheet1!$W$2:$Y$103
Name __________________________________________l5: #REF!
Name __________________________________________l6: [13]r!$F$4
Name __________________________________________l7: [14]r!$F$4
Name __________________________________________l8: [13]r!$F$2
Name __________________________________________l9: [13]r!$F$3
Name __________________________________________mm1: [10]r!$F$4

Sheet SR PRO Flex 14
A1: SPECIFICATION REPORT
B2: =CONCATENATE(" Accompanying the Detailed Estimate for the work ",'Lead- Input sheet '!A2," PIU Rangareddy DIST ") -> Accompanying the Detailed Estimate for the work Construction of Anganwadi Building at Jeedipally Thanda (V) of Kalwakurthy (M) of Nagarkurnool District PIU Rangareddy DIST
E3: Estt. Cost Rs. : | F3: 24250000
B4: As per the Instructions of the Hon'ble Chief Minister Govt of Telangana the proposals for Construction of Rythu Vedhika works shed , is prepared with the following provisions for effective implementation of new agricultural polices and it is proposed to equip with advance technology including video conference facilities to disseminate information to the formers about the crops , and experts suggestions and Government assistances in providing marketing facilities to formers from time to time.
B5: Multipurpose hall | C5: 30'.00'x46'6 | D5: AEO Room | E5: 12'0"x12'0"
B6: PBS Coordinators room | C6: 17''7.5"x12' | D6: Ladies Toilet | E6: 10'6"x4'9"
B7: Total Plinth Area | C7: 2046 Sq ft | D7: Mens Toilets | E7: 10'6"x4'9"
B9: Roof height | C9: 12'0" Side Wall | D9: Roofing | E9: Proflex Roofing material
B11: The following provisions are made in this each of the above estimate with specifications
A13: 1 | B13: Earth work excavation and depositing on bank with initial lead of 10m and initial lift of 2m in Loamy and Clayey Soils like B.C. Soils, red earth & Ordinary Gravel (SS 20-B) including shoring, strutting, sheeting, planking and dewatering including cost of hire charges of T & P, labour charges etc., complete for finished item of work for Foundation of Building.(APSS No. 308) As per Rural SSR
A14: =A13+1 -> 2 | B14: Plain Cement Concrete (1:5:10) prop nominal mix (cement: fine aggregate: coarse aggregate) using 40mm size HBG (SS5) metal from approved quarry including Cost and Conveyance of all materials like cement, sand, coarse aggregate, water etc. to site, including all operational, incidental, and labour charges such as mixing, laying and ramming concrete in layers in position not exceeding 15cm, finishing top surface, curing concrete, excluding seign etc., complete for finished item of work for Foundations and Flooring Bed (APSS No. 402) for Levelling Course, Flooring bed in Hall and Rooms
A15: =A14+1 -> 3 | B15: Plain Cement Concrete (1:4:8) prop nominal mix (cement: fine aggregate: coarse aggregate) using 40mm size HBG (SS5) metal from approved quarry (obtained by blasting) including Cost and Conveyance of all materials like cement, sand, coarse aggregate, water etc. to site, including all operational, incidental, and labour charges such as mixing, laying and ramming concrete in layers in position not exceeding 15cm, finishing top surface, curing concrete,excluding seign etc., complete for finished item of work for Foundations and Flooring Bed (APSS No. 402)
A16: =A15+1 -> 4 | B16: Random Rubble stone masonry, in CM (1:8) prop: (Cement: Sand) using hard granite stones from approved quarry including Cost and Conveyance of all materials like Granite stones, cement, sand, water, etc., to site including all operational, incidental, and labour charges such as cutting stones to required size and shape, mixing of cement mortar, constructing masonry, curing,excluding seign etc., complete for finished item of work for foundation (APSS No. 601 & 615)
A17: =A16+1 -> 5 | B17: Filling with useful available excavated earth (excluding rock) in trenches, sides of foundations and basement with initial lead in layers not exceeding 15cm thick, consolidating each deposited layer by watering and ramming including cost and Cost and Conveyance of water to site and all operational, incidental, labour charges, sales and other taxes etc, hire charges of T & P excluding seignetc., complete for finished item of work. (APSS NO. 309 & 310)
A18: =A17+1 -> 6 | B18: Providing high yield strength deformed (HYSD) steel TMT bars (Fe 500 grade as per IS 1786-1985) of 8mm to 40mm diameters, cutting, bending, to required sizes and shapes placing in position with cover blocks of approved size and binding wire of 20SWG, forming grills for reinforcement work as per approved designs and drawings including Cost and Conveyance of bars from approved sources to site of work with all taxes including Cost and Conveyance of binding wire, cover blocks chains, overlaps, spaces, dowels, wastage etc, and all operational, incidental, and labour charges such as cutting, bending, placing in position, tying etc.excluding seign, and other taxes,on cost of all materials complete for finished item of work (APSS No.126) in all floors
A19: =A18+1 -> 7 | B19: Brick masonry in superstructure with CM (1:8) prop: using traditional bricks from approved quarry including Cost and Conveyance of all materials like cement, sand, bricks, water etc., to site, including materials, all operational, incidental and labour charges such as mixing cement mortar, constructing masonry, scaffolding charges, lift charges, curing, etc.,excluding seign complete for finished item of work. (APSS No. 501 & 504).
A20: =A19+1 -> 8 | B20: Ornamental plastering to ceiling 12mm thick in CM (1:3) with dubara sponge finish including Cost and Conveyance of all materials like cement, sand, water etc., to site, including other taxes on all materials, all operational, incidental and labour charges such as mixing mortar, finishing, scaffolding, lift charges, including cutting of Grooves wherever necessary as directed by Engineer-in-charge, curing, etc.,excluding seign complete for finished item of work.(APSS 901& 903 )
A21: =A20+1 -> 9 | B21: Providing impervious coat over RCC roof slab to required slopes with CM (1:3) prop. 20mm thick (average) mixed with water proofing compound manufactured by reputed manufacturers as approved by Engineer-in-charge at 1Kg/bag of cement, laid over roof slab when it is green, finished smooth with a floating coat of neat cement and thread lining at regular intervals of 45cmx45cm including Cost and Conveyance of all materials like cement, sand, water proofing compound, water etc., to site, on all materials, all operational, incidental and labour charges such as mixing mortar, laying, rounding off at junctions of wall and slab, rendering smooth with thread lining, curing, lift charges, etc., complete for finished item of work (APSS No. 901 & 903)
A22: =A21+1 -> 10 | B22: Plastering 12mm thick double coat in CM (1:6) 8mm thick base coat and top coat CM(1:4) of 4mm thick with dubara sponge finish including c/c of all materials like cement, sand,water etc., to site, other taxes on all materials, all operational, incidental and labour charges such as mixing mortar, scaffolding charges, lift charges, including cutting of Grooves wherever necessary as directed by Engineer-in-charge, finishing, curing, etc., complete for finished item of work. (APSS 901,903 & 904) - Internal Walls
A23: =A22+1 -> 11 | B23: Plastering 12mm thick double coat in CM (1:5) 8 mm thick base coat and CM (1:3) of 4mm thick top coat with dubara sponge finish including c/c of all materials like cement, sand,water etc., to site, other taxes on all materials, all operational, incidental and labour charges such as mixing mortar, scaffolding charges, lift charges, including cutting of Grooves wherever necessary as directed by Engineer-in-charge, finishing, curing, etc., complete for for finished item of work. (APSS 901,903 & 904) - External Walls
A25: 12 | B25: Flooring with 100mm thick Cement Concrete 1:4:8, using 40mm metal, 100mm thick and 20 mm Cement Concrete surface (Ellis Pattern, 1st Sort) on passage portion
A26: =A25+1 -> 13 | B26: Flooring with Ceramic Tiles of 7.3mm thick 1st. quality of any shade as approved by Engineer - in - charge set over a base coat of CM (1:8), 12mm thick laid over flooring bed / V.R.C.C. slab, with neat grey cement slurry of honey like consistency spread at the rate of 3.3 Kgs of cement per Sq.m and jointed with neat white cement paste mixed with pigment of matching shade including cost and conveyance of all materials for Bath Rooms
A27: =A26+1 -> 14 | B27: Dadooing to walls with white glazed tiles 1st. quality of any size of brand as approved by Engineer - in - charge and set over a base coat of CM (1:5), 12mm thick and neat cement paste at the rate of 3.3 Kg/Sqmt. and jointed with white cement paste mixed with pigment of matching shade including cost and conveyance of all materials for Toilets
A28: =A27+1 -> 15 | B28: Flush Pointing to RRS Masonry in CM(1:3) Prop: including cost and conveyance of all materials like cement, sand, water etc., to site, Excluding seigniorage charges,Including, Countryes & other taxes on all materials, all operational, incidental,GST charges of Cement and steel charges and labour charges such as mixing mortar, finishing, curing, etc., complete for finished item of work. (APSS 901,906)
A29: =A28+1 -> 16 | B29: Supply and fixing of teak wood Door double shutter fully panelled door of size with frame made of well seasoned Sal Wood scantlings of size respective size shown below and shutter made of Flush Door as per approved design with fixtures of 6 nos of 9" ' z" holdfasts, 300 mm long MS Iron coted aldrop-1 no, 125mm long MS iron butt hinges 6 No's, Door stoppers-2 no, 150mm long MS coated Tower bolts 3- no's MS iron coated fancy handles 150 mm -2nos with necessary screws complete including cost and conveyance of all materials and labour charges etc. complete as per specifications (APSS NO.1001 & 1002)
A30: =A29+1 -> 17 | B30: Door MD (1.80 x 2.40) of section 5"x 7' | C30: Door D1 (1.50 x 2.40) of section 4"x 6" | D30: Door D2 (0.90 x2.10) of section 3"x5"
A31: =A30+1 -> 18 | B31: Supplying and fixing of Unplasticised Poly Vinyl Chloride (UPVC) sliding doors three track - three glass shutters sliding - 112 -Series duly manufactured using UPVC reinforced profiles of 112.0 mm x 60 mm x 2.25 mm for outer frames, 66 mm x 42 mm x 2.25 mm for sliding door shutter frames capable of mounting single glazing system, structurally reinforced with hot dip galvanized up to 50 microns of minimum thickness of 1.2 mm prefabricated & welded through fusion welding the window sash shall be fitted with 5 mm thick clear float glass ofreputed make and fixed with EPDM weathering seal resistant accessories likeclippinglocking system made of aluminium 1 No., per set of sashes and the system is to be installed at the site using anchor fasteners, silicon rubber sealant, easy glazing/ deglazing at site etc., including cost and conveyance of all materials, accessories, labour charges for transportation, erection at site with templates for casement sizingcompleteforfinisheditemofwork
A32: =A31+1 -> 19 | B32: Window (1.50 x 1.20)
A33: =A32+1 -> 20 | B33: Skirting with 15 to 18mm thick polished shahbad stone 100mm height in CM (1:5) with
A34: =A33+1 -> 21 | B34: Self Supported Arch shaped Galvalume Sheeting , Colour complying to ASTM A792 , base metal 1.00mm thick (tolerance as +/- 0.03mm) with alloy coating AZ 150(Alluminium 55%, zinc 43.50%, Silicon 1.50%) Yeild strength:350 MPA , Paint coating regular modified polyster top coat 25 micron and bottom coat 12 micron Epoxy Painting. Top colour consisting of blue and off white and Bottom colour is with grey.The Make of metal off THYSSEN KRUPPS,Germany/Dongbu steel company limited Korea/corus steel ,UK/ Union steel,Korea Yieh Enterprises ltd , Taiwon steel sheet be 3.0 ( 914mm ) with which be curved and moulded at site using mechanical press and dies to desired curve and shape to form 2-0 ( 616mm) with interlocking panels. These panels shall be erected in position and joints are seamed .The instaltion should be done by mechanized method .The contractor has to mobilise required number of Hydra ,transportion of sheets and cranes for the erection of seamed sheets and complete the entire work satifactorily by using the fixtures like anchor,fasteners,standard light hanger, turbo ventilators and sky light each compartment to have combination of Turbo ventilators (Al) of size 24 inches capacity 2200 CFM at 30' interval with sky light of panel of 2.0mm thick polycharbonvate sheet to be installed for each compartment including cost and conveyance of materials and labour charges and all taxes,GST and also incidental and operational charges etc
A35: =A34+1 -> 22 | B35: Painting to new walls with 2 coats of ready mixed oil bound wahsable distemper of approved brand and shade over a base coat of appropriate primer of approved brand, making 3 coats in all to give an even shade after thourughly brushing the surface to remove all dirt and remains of loose powdered materials, including,GST charges of Cement and steel cost and conveyance of all materials to work site and all operational, incidental, labour charges etc. complete for finished item of work as per SS 911 for internal walls
A36: =A35+1 -> 23 | B36: Painting to New walls with two coats of snowcem paints of approved brand and shade over base coat of appropriate distemper primer of approved brand making three coats in all to give an even shade after thoroughly brushing the surface to remove all loose powdered materials, including c/c of all materials, cost of brushes, water to site, etc., & other taxes, all operational, incidental and labour charges such as scaffolding charges, lift charges, curing etc.,complete for finished item of work in all floors for external Walls.(APSS No. 911)
A37: =A36+1 -> 24 | B37: Painting with Synthetic Enamel paints - Two Coats - for New Wood Works including cost and conveyance of all materials to site, Countryes & other taxes, all operational, incidental and labour charges etc., complete for finished item of work.
A38: =A37+1 -> 25 | B38: Provision for Electrical work
A39: =A38+1 -> 26 | B39: Provision for Sanitory and Water supply
B41: The estimate is prepared with SSR 2019-20 ,RSSR and submitted for kind consideration for according adminidtrative sanction
B45: ='Lead- Input sheet '!B44 -> Assistant Exc.Engineer | D45: ='Lead- Input sheet '!H44 -> Deputy Executive Engineer
B46: ='Lead- Input sheet '!B45 -> PR MPP Kalwakurthy | D46: ='Lead- Input sheet '!H45 -> PR SD Kalwakurthy

Sheet Rythu Vedhika -14'Trep sheet(H)
A1: DETAIED AND ABSTRACT ESTIMATE
A2: ='Lead- Input sheet '!A2 -> Construction of Anganwadi Building at Jeedipally Thanda (V) of Kalwakurthy (M) of Nagarkurnool District
A3: Sno | B3: Description of item | C3: Nos. | F3: Measurements | I3: Qty | J3: Rate/Per | K3: Total Amount | L3: SEIGNORAGE CHARGES/Unit | M3: TOTALSEIGNORAGE CHARGES
F4: L | G4: B | H4: D
A5: 1 | B5: =A5+1 -> 2 | C5: =B5+1 -> 3 | F5: =C5+1 -> 4 | G5: =F5+1 -> 5 | H5: =G5+1 -> 6 | I5: =H5+1 -> 7 | J5: =I5+1 -> 8 | K5: 9 | L5: =K5+1 -> 10 | M5: =L5+1 -> 11
A6: 1 | B6: Earth work excavation and depositing on bank with initial lead of 10m and initial lift of 2m in Loamy & Clayey Soils like BC Soils, Red Earth & Ordinary Gravelly Soils ( SS 20-B) including shoring, strutting, sheeting, planking and dewatering including cost of hire charges of T & P, labor charges etc., complete for finished item of work for Foundation of Building. (APSS No. 308)
B7: For SBC 20 TN/sqm only
B8: Footings | C8: 2 | D8: x | E8: 6 | F8: 1.8 | G8: 1.8 | H8: 1.65 | I8: =ROUND(C8*E8*F8*G8*H8,2) -> 64.15
B9: For long walls for Plot form inclding Room Portion | C9: 1 | D9: x | E9: 2 | F9: =(60+1.5)*0.3048 -> 18.7452 | G9: 0.6 | H9: 0.6 | I9: =ROUND(C9*E9*F9*G9*H9,2) -> 13.5
B10: For Cross walls for Plot form inclding Room Portion | C10: 1 | D10: x | E10: 2 | F10: =(30.75-2)*0.3048 -> 8.763 | G10: 0.6 | H10: 0.6 | I10: =ROUND(C10*E10*F10*G10*H10,2) -> 6.31
B11: For Cross walls for Plot form | C11: 2 | D11: x | E11: 2 | F11: 1.2 | G11: 0.6 | H11: 0.6 | I11: =ROUND(C11*E11*F11*G11*H11,2) -> 1.73
B12: For toilets Long walls | C12: 2 | D12: x | E12: 2 | F12: 4.15 | G12: 0.6 | H12: 0.6 | I12: =ROUND(C12*E12*F12*G12*H12,2) -> 5.98
B13: For toilets Short walls | C13: 2 | D13: x | E13: 2 | F13: 4 | G13: 0.6 | H13: 0.6 | I13: =ROUND(C13*E13*F13*G13*H13,2) -> 5.76
B14: For Plot form walls of Toilets | C14: 1 | D14: x | E14: 2 | F14: 1.8 | G14: 0.6 | H14: 0.6 | I14: =ROUND(C14*E14*F14*G14*H14,2) -> 1.3
B15: For Soak Pit of Toilet Block | C15: PI/4 | D15: x | E15: 2 | F15: 1.35 | G15: 1.35 | H15: 2 | I15: =ROUND(PI()/4*E15*F15*G15*H15,2) -> 5.73
B16: for Entrrance steps Plot From Long wall | C16: 1 | D16: x | E16: 1 | F16: =(31.5-6-4)*0.3048 -> 6.5532 | G16: 0.6 | H16: 0.3 | I16: =ROUND(C16*E16*F16*G16*H16,2) -> 1.18
B17: for Entrrance steps Plot From short walls | C17: 1 | D17: x | E17: 2 | F17: 3 | G17: 0.6 | H17: 0.3 | I17: =ROUND(C17*E17*F17*G17*H17,2) -> 1.08
B18: for Entrrance steps | C18: 1 | D18: x | E18: 1 | F18: =(31.5-6)*0.3048 -> 7.7724 | G18: 1.2 | H18: 0.3 | I18: =ROUND(C18*E18*F18*G18*H18,2) -> 2.8
B19: for Entrrance steps | C19: 1 | D19: x | E19: 2 | F19: 4.2 | G19: 1.2 | H19: 0.3 | I19: =ROUND(C19*E19*F19*G19*H19,2) -> 3.02
I20: =SUM(I8:I19) -> 112.54
B21: As per Rural SSR Rates as GO 240 dt 13.05.2019 ((Hard Gravel soils) | I21: =CEILING(I20,0.05) -> 112.55 | J21: 197.21 | K21: =ROUND(J21*I21/1,0) -> 22196 | L21: 30 | M21: =L21*I21 -> 3376.5 | O21: =ROUND(I21*N21,0) -> 0
I22: Cum. | J22: 1 cum
A23: 2 | B23: Plain Cement Concrete corresponding to M5 grade as per IS 456 equivalent to (1:4;8) proportion nominal mix (cement: fine aggregate: Coarse aggregate) using 40mm size HBG (SS5) metal from approved quarry including cost and conveyance of all materials like cement, sand, coarse aggregate, water etc. to site, excluding seigniorage charges,Including, Countryes & other taxes on all materials, all operational, incidental,GST charges of Cement and steel and labor charges, such as mixing, laying and ramming concrete in layers in position not exceeding 15cm, finishing top surface, curing concrete, etc., complete for finished item of work for Foundations and Flooring Bed (APSS No. 402)
B24: Footings | C24: 2 | D24: x | E24: 6 | F24: 2 | G24: 2 | H24: 0.15 | I24: =ROUND(C24*E24*F24*G24*H24,2) -> 7.2
I25: =I24 -> 7.2 | J25: =Datas!G154 -> 4371.4636 | K25: =ROUND(J25*I25,0) -> 31475 | L25: 108 | M25: =L25*I25 -> 777.6 | N25: 108 | O25: =ROUND(I25*N25,0) -> 778
I26: Cum. | J26: Cum.
A27: 3 | B27: Plain Cement Concrete corresponding to M5 grade as per IS 456 equivalent to (1:5;10) proportion nominal mix (cement: fine aggregate: Coarse aggregate) using 40mm size HBG (SS5) metal from approved quarry including cost and conveyance of all materials like cement, sand, coarse aggregate, water etc. to site, excluding seigniorage charges,Including, Countryes & other taxes on all materials, all operational, incidental,GST charges of Cement and steel and labor charges such as mixing, laying and ramming concrete in layers in position not exceeding 15cm, finishing top surface, curing concrete, etc., complete for finished item of work for Foundations and Flooring Bed (APSS No. 402)
B28: For under Flooring in Hall | C28: 1 | D28: x | E28: 1 | F28: =(46.5)*0.3048 -> 14.1732 | G28: =(30)*0.3048 -> 9.144 | H28: 0.1 | I28: =ROUND(C28*E28*F28*G28*H28,2) -> 12.96
B29: For under Flooring in AEO Room | C29: 1 | D29: x | E29: 1 | F29: 3.6 | G29: =(12)*0.3048 -> 3.6576 | H29: 0.1 | I29: =ROUND(C29*E29*F29*G29*H29,2) -> 1.32
B30: For under Flooring in PBS Coordinator Room | C30: 1 | D30: x | E30: 1 | F30: 3.6 | G30: =(17.23)*0.3048 -> 5.251704 | H30: 0.1 | I30: =ROUND(C30*E30*F30*G30*H30,2) -> 1.89
B31: For under Flooring in Gents Toilet | C31: 1 | D31: x | E31: 1 | F31: 3.2 | G31: 3 | H31: 0.1 | I31: =ROUND(C31*E31*F31*G31*H31,2) -> 0.96
B32: For under Flooring in ladies Toilet | C32: 1 | D32: x | E32: 1 | F32: 3.6 | G32: =(17.23)*0.3048 -> 5.251704 | H32: 0.1 | I32: =ROUND(C32*E32*F32*G32*H32,2) -> 1.89
B33: For long walls for Plot form inclding Room Portion | C33: 1 | D33: x | E33: 2 | F33: =(60+2)*0.3048 -> 18.8976 | G33: 0.6 | H33: 0.1 | I33: =ROUND(C33*E33*F33*G33*H33,2) -> 2.27
B34: For Cross walls for Plot form inclding Room Portion | C34: 1 | D34: x | E34: 2 | F34: =(30.75-2)*0.3048 -> 8.763 | G34: 0.6 | H34: 0.1 | I34: =ROUND(C34*E34*F34*G34*H34,2) -> 1.05
B35: For Cross walls for Plot form | C35: 2 | D35: x | E35: 2 | F35: 1.2 | G35: 0.6 | H35: 0.1 | I35: =ROUND(C35*E35*F35*G35*H35,2) -> 0.29
B36: For toilets Long walls | C36: 2 | D36: x | E36: 2 | F36: 4.15 | G36: 0.6 | H36: 0.1 | I36: =ROUND(C36*E36*F36*G36*H36,2) -> 1
B37: For toilets Short walls | C37: 2 | D37: x | E37: 2 | F37: 4 | G37: 0.6 | H37: 0.1 | I37: =ROUND(C37*E37*F37*G37*H37,2) -> 0.96
B38: For Plot form walls of Toilets | C38: 1 | D38: x | E38: 2 | F38: 1.8 | G38: 0.6 | H38: 0.1 | I38: =ROUND(C38*E38*F38*G38*H38,2) -> 0.22
B39: for Entrrance steps Plot From Long wall | C39: 1 | D39: x | E39: 1 | F39: =(31.5-6-4)*0.3048 -> 6.5532 | G39: 0.6 | H39: 0.1 | I39: =ROUND(C39*E39*F39*G39*H39,2) -> 0.39
B40: for Entrrance steps Plot From short walls | C40: 1 | D40: x | E40: 2 | F40: 3 | G40: 0.6 | H40: 0.1 | I40: =ROUND(C40*E40*F40*G40*H40,2) -> 0.36
B41: for Entrrance steps Long wall | C41: 1 | D41: x | E41: 1 | F41: =(31.5-6)*0.3048 -> 7.7724 | G41: 1.2 | H41: 0.1 | I41: =ROUND(C41*E41*F41*G41*H41,2) -> 0.93
B42: for Entrrance steps Long wall | C42: 1 | D42: x | E42: 2 | F42: 4.2 | G42: 1.2 | H42: 0.1 | I42: =ROUND(C42*E42*F42*G42*H42,2) -> 1.01
I43: =SUM(I28:I42) -> 27.5 | J43: =Datas!G174 -> 4155.81 | K43: =ROUND(J43*I43,0) -> 114285 | L43: 108 | M43: =L43*I43 -> 2970 | N43: 108 | O43: =ROUND(I43*N43,0) -> 2970
I44: Cum. | J44: Cum.
A45: 4 | B45: Random Rubble stone masonry, in CM (1:8) prop: (Cement: Sand) using hard granite stones from approved quarry including cost and conveyance of all materials like Granite stones, cement, sand, water, etc., to site excluding seigniorage charges,Including, Countryes & other taxes on all materials, all operational, incidental,GST charges of Cement and steel and labor charges such as cutting stones to required size and shape, mixing of cement mortar, constructing masonry, curing etc., complete for finished item of work for foundation and basement (APSS No. 601 & 615)
B46: Below Ground level
B47: For long walls for Plot form inclding Room Portion | C47: 1 | D47: x | E47: 2 | F47: =(60+1.5)*0.3048 -> 18.7452 | G47: 0.45 | H47: 0.5 | I47: =ROUND(C47*E47*F47*G47*H47,2) -> 8.44
B48: For Cross walls for Plot form inclding Room Portion | C48: 1 | D48: x | E48: 2 | F48: =(30.75-1.5)*0.3048 -> 8.9154 | G48: 0.45 | H48: 0.5 | I48: =ROUND(C48*E48*F48*G48*H48,2) -> 4.01
B49: For Cross walls for Plot form | C49: 2 | D49: x | E49: 2 | F49: 1.2 | G49: 0.45 | H49: 0.5 | I49: =ROUND(C49*E49*F49*G49*H49,2) -> 1.08
B50: For toilets Long walls | C50: 2 | D50: x | E50: 2 | F50: 4.15 | G50: 0.45 | H50: 0.5 | I50: =ROUND(C50*E50*F50*G50*H50,2) -> 3.74
B51: For toilets Short walls | C51: 2 | D51: x | E51: 2 | F51: 4 | G51: 0.45 | H51: 0.5 | I51: =ROUND(C51*E51*F51*G51*H51,2) -> 3.6
B52: For Plot form walls of Toilets | C52: 1 | D52: x | E52: 2 | F52: 1.8 | G52: 0.45 | H52: 0.5 | I52: =ROUND(C52*E52*F52*G52*H52,2) -> 0.81
B53: for Entrrance steps Plot From Long wall | C53: 1 | D53: x | E53: 1 | F53: =(31.5-6-4)*0.3048 -> 6.5532 | G53: 0.45 | H53: 0.5 | I53: =ROUND(C53*E53*F53*G53*H53,2) -> 1.47
B54: for Entrrance steps Plot From short walls | C54: 1 | D54: x | E54: 2 | F54: 3 | G54: 0.45 | H54: 0.5 | I54: =ROUND(C54*E54*F54*G54*H54,2) -> 1.35
B55: Above Ground level | I55: =SUM(I47:I54) -> 24.5
B56: For long walls for Plot form inclding Room Portion | C56: 1 | D56: x | E56: 2 | F56: =(60+1.5)*0.3048 -> 18.7452 | G56: 0.45 | H56: 0.45 | I56: =ROUND(C56*E56*F56*G56*H56,2) -> 7.59
B57: For Cross walls for Plot form inclding Room Portion | C57: 1 | D57: x | E57: 2 | F57: =(30.75-1.5)*0.3048 -> 8.9154 | G57: 0.45 | H57: 0.45 | I57: =ROUND(C57*E57*F57*G57*H57,2) -> 3.61
B58: For Cross walls for Plot form | C58: 2 | D58: x | E58: 2 | F58: 1.2 | G58: 0.45 | H58: 0.45 | I58: =ROUND(C58*E58*F58*G58*H58,2) -> 0.97
B59: For toilets Long walls | C59: 2 | D59: x | E59: 2 | F59: 4.15 | G59: 0.45 | H59: 0.45 | I59: =ROUND(C59*E59*F59*G59*H59,2) -> 3.36
B60: For toilets Short walls | C60: 2 | D60: x | E60: 2 | F60: 4 | G60: 0.45 | H60: 0.45 | I60: =ROUND(C60*E60*F60*G60*H60,2) -> 3.24
B61: For Plot form walls of Toilets | C61: 1 | D61: x | E61: 2 | F61: 1.8 | G61: 0.45 | H61: 0.45 | I61: =ROUND(C61*E61*F61*G61*H61,2) -> 0.73
B62: for Entrrance steps Plot From Long wall | C62: 1 | D62: x | E62: 1 | F62: =(31.5-6-4)*0.3048 -> 6.5532 | G62: 0.45 | H62: 0.45 | I62: =ROUND(C62*E62*F62*G62*H62,2) -> 1.33
B63: for Entrrance steps Plot From short walls | C63: 1 | D63: x | E63: 2 | F63: 3 | G63: 0.45 | H63: 0.45 | I63: =ROUND(C63*E63*F63*G63*H63,2) -> 1.22
I64: =SUM(I56:I63) -> 22.05
B65: For Main door
B66: Front Step 1 | C66: 1 | D66: x | E66: 1 | F66: =(31.5-6)*0.3048 -> 7.7724 | G66: 1.2 | H66: 0.15 | I66: =ROUND(C66*E66*F66*G66*H66,2) -> 1.4
B67: Front Step 2 | C67: 1 | D67: x | E67: 1 | F67: =(31.5-6-2)*0.3048 -> 7.1628 | G67: 0.9 | H67: 0.15 | I67: =ROUND(C67*E67*F67*G67*H67,2) -> 0.97
B68: Front Step 3 | C68: 1 | D68: x | E68: 1 | F68: =(31.5-6-2-2)*0.3048 -> 6.5532 | G68: 0.6 | H68: 0.15 | I68: =ROUND(C68*E68*F68*G68*H68,2) -> 0.59
B69: Front Step 4 | C69: 1 | D69: x | E69: 1 | F69: =(31.5-6-2-2-2)*0.3048 -> 5.9436 | G69: 0.3 | H69: 0.15 | I69: =ROUND(C69*E69*F69*G69*H69,2) -> 0.27
B70: Side Step 1 | C70: 1 | D70: x | E70: 1 | F70: =(10)*0.3048 -> 3.048 | G70: 1.2 | H70: 0.15 | I70: =ROUND(C70*E70*F70*G70*H70,2) -> 0.55
B71: Side Step 2 | C71: 1 | D71: x | E71: 1 | F71: =(10-1)*0.3048 -> 2.7432 | G71: 0.9 | H71: 0.15 | I71: =ROUND(C71*E71*F71*G71*H71,2) -> 0.37
B72: Side Step 3 | C72: 1 | D72: x | E72: 1 | F72: =(10-2)*0.3048 -> 2.4384 | G72: 0.6 | H72: 0.15 | I72: =ROUND(C72*E72*F72*G72*H72,2) -> 0.22
B73: Side Step 4 | C73: 1 | D73: x | E73: 1 | F73: =(10-3)*0.3048 -> 2.1336 | G73: 0.3 | H73: 0.15 | I73: =ROUND(C73*E73*F73*G73*H73,2) -> 0.1
I74: =SUM(I66:I73) -> 4.47
I75: =I74+I64+I55 -> 51.02 | J75: =Datas!$G$212 -> 3494.84 | K75: =ROUND(J75*I75,0) -> 178307 | L75: =1.1*75+0.33*90 -> 112.2 | M75: =L75*I75 -> 5724.444 | N75: =(1.1*75+0.33*90) -> 112.2 | O75: =ROUND(I75*N75,0) -> 5724
I76: Cum. | J76: per Cum.
A77: 5 | B77: Vibrated reinforced cement concrete corresponding M20 grade as per IS 456 equivalent to (1:1.5:3) prop: nominal mix (Cement: fine aggregate: coarse aggregate using 20mm size HBG (SS5) machine crushed metal from approved quarry including cost and conveyance of all materials like cement, fine aggregate (Sand), coarse aggregate, water etc. to site excluding seigniorage charges,including, Countryes & other taxes on all materials, GST charges of Cement and steel , all operational, incidental, and labor charges such as centering, shuttering, scaffolding, lift charges, machine mixing, laying concrete, vibrating, curing concrete etc, complete but excluding cost of steel and its fabrication charges for finished item of work (APSS No.402 & 403)
A78: A) | B78: For Column Footings | C78: 2 | D78: x | E78: 6 | F78: 1.5 | G78: 1.5 | H78: 0.4 | I78: =ROUND(C78*E78*F78*G78*H78,2) -> 10.8 | N78: 108 | O78: =ROUND(I78*N78,0) -> 1166
I79: =I78 -> 10.8 | J79: =Datas!$G$318 -> 8788.51 | K79: =ROUND(J79*I79,0) -> 94916 | L79: 108 | M79: =L79*I79 -> 1166.4
I80: Cum. | J80: Per Cum
A81: B) | B81: Columns Below Ground level
B82: Columns | C82: 2 | D82: x | E82: 6 | F82: 0.23 | G82: 0.375 | H82: =1.65-0.15-0.4 -> 1.1 | I82: =ROUND(C82*E82*F82*G82*H82,2) -> 1.14
B83: Columns up to Roof Level
B84: Columns | C84: 2 | D84: x | E84: 6 | F84: 0.23 | G84: 0.375 | H84: 4.9 | I84: =ROUND(C84*E84*F84*G84*H84,2) -> 5.07
I85: =SUM(I82:I84) -> 6.21
I86: =I85 -> 6.21 | J86: =Datas!$E$388 -> 11842.03 | K86: =ROUND(J86*I86,0) -> 73539 | L86: 108 | M86: =L86*I86 -> 670.68 | N86: 108 | O86: =ROUND(I86*N86,0) -> 671
I87: Cum. | J87: PerCum.
A88: C) | B88: Plinth beams
B89: Long Beams | C89: 1 | D89: x | E89: 2 | F89: =60.75*0.3048-6*0.225 -> 17.1666 | G89: 0.23 | H89: 0.3 | I89: =ROUND(C89*E89*F89*G89*H89,2) -> 2.37
B90: Cross Beams | C90: 1 | D90: x | E90: 3 | F90: =30*0.3048 -> 9.144 | G90: 0.23 | H90: 0.3 | I90: =ROUND(C90*E90*F90*G90*H90,2) -> 1.89
I91: =SUM(I89:I90) -> 4.26 | J91: =Datas!$G$340 -> 11378.51 | K91: =ROUND(J91*I91,0) -> 48472 | L91: 108 | M91: =L91*I91 -> 460.08 | N91: 108 | O91: =ROUND(I91*N91,0) -> 460
I92: Cum. | J92: Per Cum.
A93: D) | B93: For Tie Beams @ 8'0
B94: Long Beams | C94: 1 | D94: x | E94: 2 | F94: =60.75*0.3048-6*0.225 -> 17.1666 | G94: 0.23 | H94: 0.3 | I94: =ROUND(C94*E94*F94*G94*H94,2) -> 2.37
B95: Cross Beams | C95: 1 | D95: x | E95: 2 | F95: 9 | G95: 0.23 | H95: 0.3 | I95: =ROUND(C95*E95*F95*G95*H95,2) -> 1.24
H96: Or Say | I96: =SUM(I94:I95) -> 3.61 | J96: =Datas!$E$419 -> 11257.84 | K96: =ROUND(J96*I96,0) -> 40641 | L96: 108 | M96: =L96*I96 -> 389.88 | N96: 108 | O96: =ROUND(I96*N96,0) -> 390
I97: Cum. | J97: Per Cum.
A98: E) | B98: For Roof Slab on Toilet Block 125MM
C99: 1 | D99: x | E99: 1 | F99: =14*0.3048 -> 4.2672 | G99: 1 | H99: =13.5*0.3048 -> 4.1148 | I99: =ROUND(C99*E99*F99*G99*H99,2) -> 17.56
H100: Or Say | I100: =SUM(I99:I99) -> 17.56 | J100: =Datas!E467 -> 13463.55 | K100: =ROUND(J100*I100/10,0) -> 23642 | L100: 108 | M100: =L100*I100 -> 1896.48 | N100: 108 | O100: =ROUND(I100*N100*0.125,0) -> 237
...

Sheet SR 22.00  (2)
A1: SPECIFICATION REPORT
B2: =CONCATENATE(" Accompanying the Detailed Estimate for the work ",'Lead- Input sheet '!A2," PIU Rangareddy DIST ") -> Accompanying the Detailed Estimate for the work Construction of Anganwadi Building at Jeedipally Thanda (V) of Kalwakurthy (M) of Nagarkurnool District PIU Rangareddy DIST
E3: Estt. Cost Rs. : | F3: 2400000
B4: As per the Instructions of the Hon'ble Chief Minister Govt of Telangana the proposals for Construction of Rythu Vedhika works shed , is prepared with the following provisions for effective implementation of new agricultural polices and it is proposed to equip with advance technology including video conference facilities to disseminate information to the formers about the crops , and experts suggestions and Government assistances in providing marketing facilities to formers from time to time.
B5: Multipurpose hall | C5: 30'.00'x46'6 | D5: AEO Room | E5: 12'0"x12'0"
B6: PBS Coordinators room | C6: 17''7.5"x12' | D6: Ladies Toilet | E6: 10'6"x4'9"
B7: Total Plinth Area | C7: 2046 Sq ft | D7: Mens Toilets | E7: 10'6"x4'9"
B9: Roof height | C9: 14'00" Side Wall | D9: Roofing | E9: Pre-painted Galvalume Trapezoidal Profile Roofing sheets with truss
B11: The following provisions are made in this each of the above estimate with specifications
A13: 1 | B13: Earth work excavation and depositing on bank with initial lead of 10m and initial lift of 2m in Loamy and Clayey Soils like B.C. Soils, red earth & Ordinary Gravel (SS 20-B) including shoring, strutting, sheeting, planking and dewatering including cost of hire charges of T & P, labour charges etc., complete for finished item of work for Foundation of Building.(APSS No. 308) As per Rural SSR
A14: =A13+1 -> 2 | B14: Plain Cement Concrete (1:5:10) prop nominal mix (cement: fine aggregate: coarse aggregate) using 40mm size HBG (SS5) metal from approved quarry including Cost and Conveyance of all materials like cement, sand, coarse aggregate, water etc. to site, including all operational, incidental, and labour charges such as mixing, laying and ramming concrete in layers in position not exceeding 15cm, finishing top surface, curing concrete, excluding seign etc., complete for finished item of work for Foundations and Flooring Bed (APSS No. 402) for Levelling Course, Flooring bed in Hall and Rooms
A15: =A14+1 -> 3 | B15: Plain Cement Concrete (1:4:8) prop nominal mix (cement: fine aggregate: coarse aggregate) using 40mm size HBG (SS5) metal from approved quarry (obtained by blasting) including Cost and Conveyance of all materials like cement, sand, coarse aggregate, water etc. to site, including all operational, incidental, and labour charges such as mixing, laying and ramming concrete in layers in position not exceeding 15cm, finishing top surface, curing concrete,excluding seign etc., complete for finished item of work for Foundations and Flooring Bed (APSS No. 402)
A16: =A15+1 -> 4 | B16: Random Rubble stone masonry, in CM (1:8) prop: (Cement: Sand) using hard granite stones from approved quarry including Cost and Conveyance of all materials like Granite stones, cement, sand, water, etc., to site including all operational, incidental, and labour charges such as cutting stones to required size and shape, mixing of cement mortar, constructing masonry, curing,excluding seign etc., complete for finished item of work for foundation (APSS No. 601 & 615)
A17: =A16+1 -> 5 | B17: Filling with useful available excavated earth (excluding rock) in trenches, sides of foundations and basement with initial lead in layers not exceeding 15cm thick, consolidating each deposited layer by watering and ramming including cost and Cost and Conveyance of water to site and all operational, incidental, labour charges, sales and other taxes etc, hire charges of T & P excluding seignetc., complete for finished item of work. (APSS NO. 309 & 310)
A18: =A17+1 -> 6 | B18: Providing high yield strength deformed (HYSD) steel TMT bars (Fe 500 grade as per IS 1786-1985) of 8mm to 40mm diameters, cutting, bending, to required sizes and shapes placing in position with cover blocks of approved size and binding wire of 20SWG, forming grills for reinforcement work as per approved designs and drawings including Cost and Conveyance of bars from approved sources to site of work with all taxes including Cost and Conveyance of binding wire, cover blocks chains, overlaps, spaces, dowels, wastage etc, and all operational, incidental, and labour charges such as cutting, bending, placing in position, tying etc.excluding seign, and other taxes,on cost of all materials complete for finished item of work (APSS No.126) in all floors
A19: =A18+1 -> 7 | B19: Brick masonry in superstructure with CM (1:8) prop: using traditional bricks from approved quarry including Cost and Conveyance of all materials like cement, sand, bricks, water etc., to site, including materials, all operational, incidental and labour charges such as mixing cement mortar, constructing masonry, scaffolding charges, lift charges, curing, etc.,excluding seign complete for finished item of work. (APSS No. 501 & 504).
A20: =A19+1 -> 8 | B20: Ornamental plastering to ceiling 12mm thick in CM (1:3) with dubara sponge finish including Cost and Conveyance of all materials like cement, sand, water etc., to site, including other taxes on all materials, all operational, incidental and labour charges such as mixing mortar, finishing, scaffolding, lift charges, including cutting of Grooves wherever necessary as directed by Engineer-in-charge, curing, etc.,excluding seign complete for finished item of work.(APSS 901& 903 )
A21: =A20+1 -> 9 | B21: Providing impervious coat over RCC roof slab to required slopes with CM (1:3) prop. 20mm thick (average) mixed with water proofing compound manufactured by reputed manufacturers as approved by Engineer-in-charge at 1Kg/bag of cement, laid over roof slab when it is green, finished smooth with a floating coat of neat cement and thread lining at regular intervals of 45cmx45cm including Cost and Conveyance of all materials like cement, sand, water proofing compound, water etc., to site, on all materials, all operational, incidental and labour charges such as mixing mortar, laying, rounding off at junctions of wall and slab, rendering smooth with thread lining, curing, lift charges, etc., complete for finished item of work (APSS No. 901 & 903)
A22: =A21+1 -> 10 | B22: Plastering 12mm thick double coat in CM (1:6) 8mm thick base coat and top coat CM(1:4) of 4mm thick with dubara sponge finish including c/c of all materials like cement, sand,water etc., to site, other taxes on all materials, all operational, incidental and labour charges such as mixing mortar, scaffolding charges, lift charges, including cutting of Grooves wherever necessary as directed by Engineer-in-charge, finishing, curing, etc., complete for finished item of work. (APSS 901,903 & 904) - Internal Walls
A23: =A22+1 -> 11 | B23: Plastering 12mm thick double coat in CM (1:5) 8 mm thick base coat and CM (1:3) of 4mm thick top coat with dubara sponge finish including c/c of all materials like cement, sand,water etc., to site, other taxes on all materials, all operational, incidental and labour charges such as mixing mortar, scaffolding charges, lift charges, including cutting of Grooves wherever necessary as directed by Engineer-in-charge, finishing, curing, etc., complete for for finished item of work. (APSS 901,903 & 904) - External Walls
A25: 12 | B25: Flooring with 100mm thick Cement Concrete 1:4:8, using 40mm metal, 100mm thick and 20 mm Cement Concrete surface (Ellis Pattern, 1st Sort) on passage portion
A26: =A25+1 -> 13 | B26: Flooring with Ceramic Tiles of 7.3mm thick 1st. quality of any shade as approved by Engineer - in - charge set over a base coat of CM (1:8), 12mm thick laid over flooring bed / V.R.C.C. slab, with neat grey cement slurry of honey like consistency spread at the rate of 3.3 Kgs of cement per Sq.m and jointed with neat white cement paste mixed with pigment of matching shade including cost and conveyance of all materials for Bath Rooms
A27: =A26+1 -> 14 | B27: Dadooing to walls with white glazed tiles 1st. quality of any size of brand as approved by Engineer - in - charge and set over a base coat of CM (1:5), 12mm thick and neat cement paste at the rate of 3.3 Kg/Sqmt. and jointed with white cement paste mixed with pigment of matching shade including cost and conveyance of all materials for Toilets
A28: =A27+1 -> 15 | B28: Flush Pointing to RRS Masonry in CM(1:3) Prop: including cost and conveyance of all materials like cement, sand, water etc., to site, Excluding seigniorage charges,Including, Countryes & other taxes on all materials, all operational, incidental,GST charges of Cement and steel charges and labour charges such as mixing mortar, finishing, curing, etc., complete for finished item of work. (APSS 901,906)
A29: =A28+1 -> 16 | B29: Supply and fixing of teak wood Door double shutter fully panelled door of size with frame made of well seasoned Sal Wood scantlings of size respective size shown below and shutter made of Flush Door as per approved design with fixtures of 6 nos of 9" ' z" holdfasts, 300 mm long MS Iron coted aldrop-1 no, 125mm long MS iron butt hinges 6 No's, Door stoppers-2 no, 150mm long MS coated Tower bolts 3- no's MS iron coated fancy handles 150 mm -2nos with necessary screws complete including cost and conveyance of all materials and labour charges etc. complete as per specifications (APSS NO.1001 & 1002)
A30: =A29+1 -> 17 | B30: Door MD (1.80 x 2.40) of section 5"x 7' | C30: Door D1 (1.50 x 2.40) of section 4"x 6" | D30: Door D2 (0.90 x2.10) of section 3"x5"
A31: =A30+1 -> 18 | B31: Supplying and fixing of Unplasticised Poly Vinyl Chloride (UPVC) sliding doors three track - three glass shutters sliding - 112 -Series duly manufactured using UPVC reinforced profiles of 112.0 mm x 60 mm x 2.25 mm for outer frames, 66 mm x 42 mm x 2.25 mm for sliding door shutter frames capable of mounting single glazing system, structurally reinforced with hot dip galvanized up to 50 microns of minimum thickness of 1.2 mm prefabricated & welded through fusion welding the window sash shall be fitted with 5 mm thick clear float glass ofreputed make and fixed with EPDM weathering seal resistant accessories likeclippinglocking system made of aluminium 1 No., per set of sashes and the system is to be installed at the site using anchor fasteners, silicon rubber sealant, easy glazing/ deglazing at site etc., including cost and conveyance of all materials, accessories, labour charges for transportation, erection at site with templates for casement sizingcompleteforfinisheditemofwork
A32: =A31+1 -> 19 | B32: Window (1.50 x 1.20)
A33: =A32+1 -> 20 | B33: Skirting with 15 to 18mm thick polished shahbad stone 100mm height in CM (1:5) with
A34: =A33+1 -> 21 | B34: Roofing with Supply of Pre-painted Galvalume Trapezoidal Profile Roofing sheets with 0.50mm thickness, Coating: Alu-Zinc coating AZ150 GSM Tensile Strength: 550 MPA.Paint coating: Regular Modified Polyester painting.Painting hickness (Top): 18 to 20 Microns,(Bottom): 5 to 7 Microns. Sheet Width: 1.020, Length:Maximum 12 Meters with Regular Range Coloursfixed with G.I ‘J’ bolts & nuts 8 mm dia with bitumen & G.I limpet washers filled with white lead & including a coat of approved steel primer and two coats of approved paint on over lapping of sheets complete (up to a pitch of 600) and eigniorage charges, etc., complete, excluding the cost of purlins, rafters, trusses & cost of conveyance of all materials
A35: =A34+1 -> 22 | B35: Painting to new walls with 2 coats of ready mixed oil bound wahsable distemper of approved brand and shade over a base coat of appropriate primer of approved brand, making 3 coats in all to give an even shade after thourughly brushing the surface to remove all dirt and remains of loose powdered materials, including,GST charges of Cement and steel cost and conveyance of all materials to work site and all operational, incidental, labour charges etc. complete for finished item of work as per SS 911 for internal walls
A36: =A35+1 -> 23 | B36: Painting to New walls with two coats of snowcem paints of approved brand and shade over base coat of appropriate distemper primer of approved brand making three coats in all to give an even shade after thoroughly brushing the surface to remove all loose powdered materials, including c/c of all materials, cost of brushes, water to site, etc., & other taxes, all operational, incidental and labour charges such as scaffolding charges, lift charges, curing etc.,complete for finished item of work in all floors for external Walls.(APSS No. 911)
A37: =A36+1 -> 24 | B37: Painting with Synthetic Enamel paints - Two Coats - for New Wood Works including cost and conveyance of all materials to site, Countryes & other taxes, all operational, incidental and labour charges etc., complete for finished item of work.
A38: =A37+1 -> 25 | B38: Provision for Electrical work
A39: =A38+1 -> 26 | B39: Provision for Sanitory and Water supply
B41: The estimate is prepared with SSR 2019-20 ,RSSR and submitted for kind consideration for according adminidtrative sanction
B45: ='Lead- Input sheet '!B44 -> Assistant Exc.Engineer | D45: ='Lead- Input sheet '!H44 -> Deputy Executive Engineer
B46: ='Lead- Input sheet '!B45 -> PR MPP Kalwakurthy | D46: ='Lead- Input sheet '!H45 -> PR SD Kalwakurthy

Sheet input sheet
B3: Name of the Anganwadi | C3: Anganwadi
B6: Name of the Village | C6: Jeedipally Thanda
B7: Name of the Mandal | C7: Kalwakurthy
B8: name of the sub division | C8: Kalwakurthy
B9: Name of the district | C9: Nagarkurnool
B11: proceeding
B12: Lead | C12: location | D12: distance
B13: Sand | C13: Dindi Vagu | D13: 19
B14: Sand for filling | C14: local | D14: 19
B15: Metal | C15: Veldanda | D15: 18
B16: Robosand | C16: jadcherla | D16: 36
B17: RR Masonary | C17: Urkonda | D17: 11
B18: Red Brick | C18: Jp Nagar | D18: 8
B19: Flyash Brick | C19: jadcherla | D19: 36
B20: selected earth | C20: local | D20: 5
B21: Flooring Tiles/slabs | C21: Tandur | D21: 150

Sheet Cover2
A5: Government of Telangana
A7: Panchayat Raj Engineering Department
A10: DETAILED ESTIMATE
A16: =Datas!A2 -> Construction of Anganwadi Building at Jeedipally Thanda (V) of Kalwakurthy (M) of Nagarkurnool District
E18: Name of Grant | I18: MGNREGS/2024-25
E20: Estimate Cost | H20: :: | I20: 8 | K20: Lakhs
G25: Mandal | H25: :: | I25: Kalwakurthy
G27: Sub-Division | H27: :: | I27: PRSD Kalwakurthy
G29: Division | H29: :: | I29: Nagar kurnool
M36: .

Sheet MGNREGS input sheet
A2: Proposal Date: | E2: work start date
A3: present status | B3: new | E3: proposed status :
A5: tech sanction details | E5: Technical sanction date
A6: estimated cost
A8: unskilled | B8: semi skilled
A11: si.no | B11: Activity | F11: quantity | G11: unit price | H11: total
A12: 1 | B12: CW01 amount for wage | F12: ='Building-Estimate'!J17 -> 33.46 | G12: ='Building-Estimate'!K17 -> 385.385 | H12: =ROUND(PRODUCT(F12:G12),0) -> 12895
A13: 2 | B13: Activity to match total esimated cost | F13: 1 | G13: =H60 -> 704211 | H13: =ROUND(PRODUCT(F13:G13),0) -> 704211
H14: =SUM(H12:H13) -> 717106
A16: SI.no | B16: Material | E16: qty | F16: bal qty | G16: unit price | H16: Total
A17: 1 | B17: PCC (1:5:10) | E17: ='Building-Estimate'!J57 -> 7.25 | G17: ='Building-Estimate'!K57 -> 4155.81 | H17: =ROUND(G17*E17,0) -> 30130
A18: 2 | B18: PCC (1:4:8) | E18: ='Building-Estimate'!J72 -> 2.46 | G18: ='Building-Estimate'!K72 -> 4371.4636 | H18: =ROUND(G18*E18,0) -> 10754
A19: =A18+1 -> 3 | B19: RR Masonary | E19: ='Building-Estimate'!J93 -> 17.05 | G19: ='Building-Estimate'!K93 -> 3626.63 | H19: =ROUND(G19*E19,0) -> 61834
A20: =A19+1 -> 4 | B20: RCC M20 footings | E20: ='Building-Estimate'!J109 -> 3.89 | G20: ='Building-Estimate'!K109 -> 8788.51 | H20: =ROUND(G20*E20,0) -> 34187
A21: =A20+1 -> 5 | B21: RCC M20 Pedestals | E21: ='Building-Estimate'!J115 -> 1.09 | G21: ='Building-Estimate'!K115 -> 9360.51 | H21: =ROUND(G21*E21,0) -> 10203
A22: =A21+1 -> 6 | B22: RCC M20 columns | E22: ='Building-Estimate'!J126 -> 2.68 | G22: ='Building-Estimate'!K126 -> 11842.03 | H22: =ROUND(G22*E22,0) -> 31737
A23: =A22+1 -> 7 | B23: RCC M20 plinth beams | E23: ='Building-Estimate'!J138 -> 3.49 | G23: ='Building-Estimate'!K138 -> 11378.51 | H23: =ROUND(G23*E23,0) -> 39711
A24: =A23+1 -> 8 | B24: RCC M20 roof beams | E24: ='Building-Estimate'!J147 -> 2.98 | G24: ='Building-Estimate'!K147 -> 11257.84 | H24: =ROUND(G24*E24,0) -> 33548
A25: =A24+1 -> 9 | B25: RCC M20 slab 125mm(per 10 sqm) | E25: ='Building-Estimate'!J153 -> 68.41 | G25: ='Building-Estimate'!K153 -> 1346.355 | H25: =ROUND(G25*E25/10,0) -> 9210
A26: =A25+1 -> 10 | B26: RCC M20 slab 175mm | H26: =ROUND(G26*E26,0) -> 0
A27: =A26+1 -> 11 | B27: RCC M20 lintels | E27: ='Building-Estimate'!J164 -> 0.45 | G27: ='Building-Estimate'!K164 -> 11905.03 | H27: =ROUND(G27*E27,0) -> 5357
A28: =A27+1 -> 12 | B28: RCC M20 sunshades | E28: ='Building-Estimate'!J174 -> 13.9 | G28: ='Building-Estimate'!K174 -> 606.11 | H28: =ROUND(G28*E28,0) -> 8425
A29: =A28+1 -> 13 | B29: PCC (1:3:6) Bed blocks | E29: ='Building-Estimate'!J183 -> 0.33 | G29: ='Building-Estimate'!K183 -> 5340.56 | H29: =ROUND(G29*E29,0) -> 1762
A30: =A29+1 -> 14 | B30: Providing impervious coat | E30: ='Building-Estimate'!J253 -> 68.41 | G30: ='Building-Estimate'!K253 -> 489.398 | H30: =ROUND(G30*E30,0) -> 33480
A31: =A30+1 -> 15 | B31: Filling useful excavated earth | H31: =ROUND(G31*E31,0) -> 0
A32: =A31+1 -> 16 | B32: Filling with gravel | E32: ='Building-Estimate'!J245 -> 27.25 | G32: ='Building-Estimate'!K245 -> 338.61 | H32: =ROUND(G32*E32,0) -> 9227
A33: =A32+1 -> 17 | B33: Brick Masonary | E33: ='Building-Estimate'!J209 -> 25.39 | G33: ='Building-Estimate'!K209 -> 7013.85 | H33: =ROUND(G33*E33,0) -> 178082
A34: =A33+1 -> 18 | B34: Reinforced Brick masonary | E34: ='Building-Estimate'!J226 -> 16.15 | G34: ='Building-Estimate'!K226 -> 800.34 | H34: =ROUND(G34*E34,0) -> 12925
A35: =A34+1 -> 19 | B35: HYSD | E35: ='Building-Estimate'!J259 -> 1.83 | G35: ='Building-Estimate'!K259 -> 77799 | H35: =ROUND(G35*E35,0) -> 142372
A36: =A35+1 -> 20 | B36: Door frames 1.05 X2.1 | E36: ='Building-Estimate'!J297 -> 2 | G36: ='Building-Estimate'!K297 -> 3358.45 | H36: =ROUND(G36*E36,0) -> 6717
A37: =A36+1 -> 21 | B37: Door frames 0.9 X2.1 | E37: ='Building-Estimate'!J303 -> 2 | G37: ='Building-Estimate'!K303 -> 3343.0335 | H37: =ROUND(G37*E37,0) -> 6686
A38: =A37+1 -> 22 | B38: Window frames 1.2 X1.2(w1) | E38: ='Building-Estimate'!J307 -> 4 | G38: ='Building-Estimate'!K307 -> 4457.1272 | H38: =ROUND(G38*E38,0) -> 17829
A39: =A38+1 -> 23 | B39: Window frames 1.2 X.75(w2) | E39: ='Building-Estimate'!J312 -> 1 | G39: ='Building-Estimate'!K312 -> 4242.9236 | H39: =ROUND(G39*E39,0) -> 4243
A40: =A39+1 -> 24 | B40: PVC pipe consealed in slab | E40: ='Building-Estimate'!J316 -> 25 | G40: ='Building-Estimate'!K316 -> 111.43 | H40: =ROUND(G40*E40,0) -> 2786
A41: =A40+1 -> 25 | B41: plastering 12mm thick | H41: =ROUND(G41*E41,0) -> 0
A42: =A41+1 -> 26 | B42: plastering 20mm thick | E42: ='Est 02.03.23'!I288 -> 141.17 | G42: ='Est 02.03.23'!J288 -> 439.762 | H42: =ROUND(G42*E42,0) -> 62081
A43: =A42+1 -> 27 | B43: Flooring vitrified | E43: ='Est 02.03.23'!I296 -> 47.17 | G43: ='Est 02.03.23'!J296 -> 1079.226 | H43: =ROUND(G43*E43,0) -> 50907
A44: =A43+1 -> 28 | B44: Skirting with vitrified | E44: ='Est 02.03.23'!I306 -> 4.26 | G44: ='Est 02.03.23'!J306 -> 814.08 | H44: =ROUND(G44*E44,0) -> 3468
A45: =A44+1 -> 29 | B45: Flooring with ceramic | E45: ='Est 02.03.23'!I311 -> 5.8 | G45: ='Est 02.03.23'!J311 -> 807.69498 | H45: =ROUND(G45*E45,0) -> 4685
A46: =A45+1 -> 30 | B46: Dadooing with wall tiles | E46: ='Est 02.03.23'!I318 -> 0 | G46: ='Est 02.03.23'!J318 -> 638.54 | H46: =ROUND(G46*E46,0) -> 0
A47: =A46+1 -> 31 | B47: Medium teak main door 1.2 x2.1 | E47: ='Est 02.03.23'!I321 -> 0 | G47: ='Est 02.03.23'!J321 -> 38298.298 | H47: =ROUND(G47*E47,0) -> 0
A48: =A47+1 -> 32 | B48: Sal door double shutter 1.2 x 2.1 | E48: ='Est 02.03.23'!I325 -> 2 | G48: ='Est 02.03.23'!J325 -> 15389.4 | H48: =ROUND(G48*E48,0) -> 30779
A49: =A48+1 -> 33 | B49: Sal door double shutter 0.9 x 2.1 | E49: ='Est 02.03.23'!I328 -> 3 | G49: ='Est 02.03.23'!J328 -> 12556.041 | H49: =ROUND(G49*E49,0) -> 37668
A50: =A49+1 -> 34 | B50: WPC door | E50: ='Est 02.03.23'!I335 -> 1 | G50: ='Est 02.03.23'!J335 -> 3759.01 | H50: =ROUND(G50*E50,0) -> 3759
A51: =A50+1 -> 35 | B51: UPVC 3 track windows | E51: ='Est 02.03.23'!I340 -> 9.04 | G51: ='Est 02.03.23'!J340 -> 6396 | H51: =ROUND(G51*E51,0) -> 57820
A52: =A51+1 -> 36 | B52: Mild steel for ventilator grills | E52: ='Est 02.03.23'!I351 -> 120 | G52: ='Est 02.03.23'!J351 -> 116.62 | H52: =ROUND(G52*E52,0) -> 13994
A53: =A52+1 -> 37 | B53: Trapezoidal roof sheeting | E53: ='Est 02.03.23'!I355 -> 0 | G53: ='Est 02.03.23'!J355 -> 769.38 | H53: =ROUND(G53*E53,0) -> 0
A54: =A53+1 -> 38 | B54: painting to internal wall | E54: ='Est 02.03.23'!I380 -> 134.26 | G54: ='Est 02.03.23'!J380 -> 177.764 | H54: =ROUND(G54*E54,0) -> 23867
A55: =A54+1 -> 39 | B55: painting to external walls | E55: ='Est 02.03.23'!I398 -> 141.17 | G55: ='Est 02.03.23'!J398 -> 234.944 | H55: =ROUND(G55*E55,0) -> 33167
A56: =A55+1 -> 40 | B56: Painting to iron/wood work | E56: ='Est 02.03.23'!I405 -> 25.77 | G56: ='Est 02.03.23'!J405 -> 113.68 | H56: =ROUND(G56*E56,0) -> 2930
A57: 26 | B57: Name Board | E57: 1 | G57: ='Building-Estimate'!N366 -> 4000 | H57: =ROUND(G57*E57,0) -> 4000
A58: 27 | B58: QC @0.5% | E58: 1 | G58: ='Building-Estimate'!N365 -> 0 | H58: =ROUND(G58*E58,0) -> 0
A59: =A58+1 -> 28 | B59: Contingencies | E59: 1 | G59: ='Building-Estimate'!N367 -> 9006 | H59: =ROUND(G59*E59,0) -> 9006
E60: Total Material | H60: =SUM(H17:H41)+H58+H57+H59 -> 704211

Sheet General Abs
A1: ='Lead- Input sheet '!A2 -> Construction of Anganwadi Building at Jeedipally Thanda (V) of Kalwakurthy (M) of Nagarkurnool District
B2: GENERAL ABSTRACT
A3: Sno. | B3: Description of Item | C3: Units | E3: Amount in.Rs
A4: 1 | B4: Civil Items(Ground floor) | E4: ='Est 02.03.23'!K415 -> 787826
A5: 2 | B5: Electrical items (Ground Floor)
A6: 3 | B6: Sanitaion (Ground floor)
B7: Name Board | E7: 4000
B8: Ground floor Cost | E8: =SUM(E4:E7) -> 791826
A9: 4 | B9: Provision towards QC @ 0.5%. | E9: =ROUND(E8*0.5/100,0) -> 3959
A10: 5 | B10: Unforseen items | E10: =+E11-E8-E9 -> 4215
B11: Total Cost Estimation in lakhs | E11: 800000
A15: Administrative sanction Accorded by the Dist Collector,Mahabubnagar vide Procg No.
B17: Technically Sanctioned for Rs.20.00 Lakhs (Rupees Twenty Lakhs only) vide DR No. | M17: =2000000*3% -> 60000
B26: //Authenticated//

Sheet Specification
A1: SPECIFICATION REPORT
B2: ='Lead- Input sheet '!A2 -> Construction of Anganwadi Building at Jeedipally Thanda (V) of Kalwakurthy (M) of Nagarkurnool District
B3: PRSD | C3: ='input sheet'!C8 -> Kalwakurthy | E3: Estimate Cost Rs(Lakhs).: | F3: 8
B4: MPP: | C4: ='input sheet'!C7 -> Kalwakurthy | D4: G.P | E4: Jeediapally Thanda
B6: The above said work has been Administratively sanctioned by the Collector and District Magistrate , Nagarkurnool District vide proc No. D15/IT/MGNREGS/Gp and Anganwadi buildings/2025-26, Dated:28.05.2025
B8: The proposed work is covering Anganwadi Building Centre with Class room(4.27 mx6.06m) ,Nutrition room(3.66mx2.13m), Kitchen room(2.33mx2.13m), store room (1.22mx2.13m)and varandah(3.66x1.52m). The sanctioned amount of 8.00 lakhs (MGNREGS) is covering up to roof slab and brick work and door frames. The balance work of items like wood work, plastering, painting,flooring,electricty, and sanitory items will be completed in further available grants.
B10: The Estimate has been made with the Following Provisions
A12: 1 | B12: ='Est 02.03.23'!B8:I8 -> Earthwork in excavation for structures as per drawing and technical specifications Clause 305.1 including setting out, construction of shoring and bracing, removal of stumps and other deleterious material and disposal upto a lead of 50 m, dressing of sides and bottom and backfilling in trenches with excavated suitable material as per Technical Specification 305 MORD / 304 MORTH
A13: 2 | B13: ='Est 02.03.23'!B20:I20 -> Plain Cement concrete (1:4:8) using 40 mm metal with concrete mixture.All work upto plinth level. nominal mix (cement: fine aggregate: Coarse aggregate) using 40mm size HBG (SS5) metal from approved quarry including cost and conveyance of all materials like cement, sand, coarse aggregate, water etc. to site, including seigniorage charges, Countryes & other taxes on all materials, all operational, incidental, and labor charges such as mixing, laying and ramming concrete in layers in position not exceeding 15cm, finishing top surface, curing concrete, etc., complete for finished item of work for Foundations and Flooring Bed (APSS No. 402)
A14: 3 | B14: ='Est 02.03.23'!B41:I41 -> RR Masonry in CM (1:6) Cement: Sand) using hard granite stones from approved quarry including cost and conveyance of all materials like Granite stones, cement, sand, water, etc., to site including seigniorage charges, Countryes & other taxes on all materials, all operational, incidental, and labor charges such as cutting stones to required size and shape, mixing of cement mortar, constructing masonry, curing etc., complete for finished item of work for foundation and basement (APSS No. 601 & 615)
A15: 4 | B15: ='Est 02.03.23'!B58:I58 -> RCC M- 20 Nominal mix (Cement:fine aggregate: coarse aggregate) corresponding to Table 9 of IS 456 using 20mm size graded machine crushed hard granite metal (coarse aggregate) from approved quarry including cost and conveyance of all materials like cement, Sand of Concrete coarse aggregate, water etc., to site and including sales & other taxes on all materials including all operational, incidental and labour charges such as machine mixing, laying concrete, curing etc.,complete but excluding cost of steel and its fabrication charges for finished item of work, but excluding centering, shuttering.
A16: 5 | B16: ='Est 02.03.23'!B121:I121 -> PCC M- 20 Nominal mix (Cement:fine aggregate: coarse aggregate) corresponding to Table 9 of IS 456 using 20mm size graded machine crushed hard granite metal (coarse aggregate) from approved quarry including cost and conveyance of all materials like cement, fine aggregate (sand) coarse aggregate, water etc., to site and including Seigniorage charges, sales & other taxes on all materials including all operational, incidental and labour charges such as machine mixing, laying concrete, curing etc.,complete but excluding cost of steel and its fabrication charges for finished item of work, but excluding centering, shuttering.
A17: 6 | B17: ='Est 02.03.23'!B127:I127 -> Plain Cement concrete - Nominal Mix (1:3:6) for Bed Blocks
A18: 7 | B18: ='Est 02.03.23'!B132:I132 -> Providing impervious coat to exposed RCC roof slab surface with CM(1:3), 20mm thick with 1kg of water proof compound per bag of cement laid over roof when it is green including cost of all materials, seigniorage charges, excluding conveyance charges of materials and including all operational, incidental and labour charges for mixing mortar, laying, rendering smooth and thread lining, curing, rounding off junctions of wall and slab etc,, complete for finished item of work
A19: 8 | B19: ='Est 02.03.23'!B138:I138 -> BLD-CSTN-2-9 (17) : Filling with useful available excavated earth (excluding rock) in trenches, sides of foundations and basement with initial lead in layers not exceeding 15 cm thick, consolidating each deposited layer by watering and ramming including cost and conveyance of water to work site and all operational, incidental, labour charges, hire charges of T & P etc., complete for finished item of work. (APSS NO. 309 & 310) (Rate as per RSSR 2021-22 S.No. 18)
A20: 9 | B20: ='Est 02.03.23'!B147:I147 -> Filling with selected earth(excluding rock) in trenches, sides of foundations and basement with initial lead in layers not exceeding 15 cm thick, consolidating each deposited layer by watering and ramming including cost and conveyance of water to work site and all operational, incidental, labour charges, hire charges of T & P etc., complete for finished item of work. (APSS NO. 309 & 310)
A21: 10 | B21: ='Est 02.03.23'!B157:I157 -> Brick masonry 230 mm thick for panel walls in superstructure with CM (1:6) proportion using II nd class country bricks of size 23x11x7 cm from approved source having crushing strength not less than 35kg/sqcm including cost and conveyance of all materials like cement ,sand ,bricks, water etc., to site , including seignorage charges ,sales and other taxes on all materials and all operational ,incidental and labour charges such as mixing cement mortar, curing scafolding charges, constructing masonary,lift charges,curing etc., complete for finished item of work
A22: 11 | B22: ='Est 02.03.23'!B196:I196 -> Reinforced Brick Masonary walls of 11.5cm in CM(1:4) using second class traditional size bricks and using two mild steel bars of 6m dia in every third layer of brick masory, with free joints of the main block work including cost and seignorage charges and conveyance of all materials and water from approved sources to work site and all operational, incidental, labour charges such as scaffolding mixing mortor constructing masonary lift charges, curing etc. complete but excluding the cost of steel and its fabrication charges for finished item of work as per SS 509
A23: 12 | B23: ='Est 02.03.23'!B208:I208 -> Providing High Yield Strength Deformed (HYSD)/ Thermo Mechanically Treated (TMT) / Mild steel (MS) steel bars (Fe 415/ Fe 500 grade as per IS 1786-1979) of different diameters for RCC works , including labour charges for straightening, cutting, bending to required sizes and shapes, placing in position with cover blocks of approved materials and size and tying and lap-splicing with binding wire of 18 SWG, forming grills for reinforcement work as per approved designs and drawings, including cost and conveyance of steel bars, including all wastages such as overlaps, couplings, chairs, spacer bars including cost and conveyance of binding wire, cover blocks and all incidental, operational, labour charges such as cutting, bending, placing in position, tying including sales and other taxes on all materials etc., complete for finished item of work in all floors.( APSS No.126)
A24: 13 | B24: ='Est 02.03.23'!B215:I215 -> Ornamental Plastering 12mm thick in two coats with base coat of 8mm thick in CM (1:5) and top coat of 4mm thick in CM (1:3) dubara sponge finish including cost and conveyance of all materials like cement, sand, water etc., to site, seigniorage charges, sales & other taxes on all materials,all operational, incidental and labour charges such as mixing mortar, scaffolding charges, lift charges, including cutting of Grooves wherever necessary as directed by Engineer - in - charge, finishing, curing, etc., complete for Even Surfaces of Wall for finished item of work. (APSS 901,903 & 904)
A25: 14 | B25: ='Est 02.03.23'!B232:I232 -> Plastering 12mm thick double coat in CM (1:5) 8 mm thick base coat and CM (1:3) of 4mm thick top coat with dubara sponge finish including c/c of all materials like cement, sand,water etc., to site, other taxes on all materials, all operational, incidental such as scaffolding charges, lift charges, including cutting of Grooves,finishing, curing, etc., complete for for finished item of work. (APSS 1001,1003 & 1004) (CSSR) Internal Walls
A26: 15 | B26: ='Est 02.03.23'!B290:I290 -> Flooring with vitrified tiles of 1st quality, set over base coat of cement mortar (1:8), 12 mm thick over CC bed already laid or RCC roof slab, including neat cement slurry of honey like consistency spread @ 3.3.kgs per sqm & jointed neatly with white cement paste to full depth mixed with pigment of matching shade, including cost of all materials like cement, sand water and tiles etc., complete, including seigniorage charges, etc., complete for finished item of work, but excluding the cost of conveyance of all materials.Makes:Kajaria,RAK,Jhanaran,Bell
A27: 16 | B27: ='Est 02.03.23'!B298:I298 -> Providing skirting to internal walls to 15 cmheight/risers of steps with vitrified tiles length equal to flooring stones, set over base coat of CM (1:5) 12 mm thick with cement slurry of honey like consistency spread at the rate of 3.30 kgs per sqm and jointed with white cement paste mixed with pigment of matching shade to full depth, including cost of all materials like tiles, cement, sand and water etc., complete including seigniorage charges, etc., complete for finished item of work like Kajaria,RAK,Jhanran
A28: 17 | B28: ='Est 02.03.23'!B308:I308 -> Flooring with ceramic tiles, set over base coat of cement mortar (1:8), 12 mm thick over CC bed already laid or RCC roof slab, including neat cement slurry of honey like consistency spread @ 3.3.kgs per sqm & jointed neatly with white cement paste to full depth mixed with pigment of matching shade, including cost of all materials like cement, sand water and tiles etc., complete, including seigniorage charges, etc., complete for finished item of work, but excluding the cost of conveyance of all materials.
A29: 18 | B29: ='Est 02.03.23'!B313:I313 -> Providing dadooing to walls with glazed full body ceramic tiles of any size and thickness between 5 to 7mm 1st quality conforming to IS: 13711, IS: 13712, IS: 13630(Parts 1 to 15) of any colour and finish in all shades and designs with borders as approved by Engineer-in-Charge set over base coat of CM(1:5) 12 mm thick using screened sand with cement slurry of honey like consistency spread at the rate of 3.30 kgs per sqm and jointing with white cement paste mixed with pigment of matching shade to full depth, including cost of all materials like tiles, cement, sand and water etc., and overheads & contractors profit complete for finished item of work.
A30: 19 | B30: ='Est 02.03.23'!B320:I320 -> Supply and fixing of Medium Teak Wood Door frame double shutter fully panelled door of size 1.20 x 2.10 M with frame made of well seasoned MediumTeak Wood scantlings of size 100 x 75 mm and shutter made of side rails 100mm X 32mm, top rail 100 mm X32 mm, bottom rail 100mmX 32 mm and intermediate rails of 100mm x 32 mm and planks s - 5 no's of 25mm thick as per approved design with fixtures of 6 nos of 9" ' z" holdfasts, 300 mm long MS Iron coted aldrop-1 no, 125mm long MS iron butt hinges 6 No's, Door stoppers-2 no, 150mm long MS coated Tower bolts 3- no's MS iron coated fancy handles 150 mm -2nos with necessary screws complete including cost and conveyance of all materials and labour charges etc. complete as per specifications (APSS NO.1001 & 1002) including side windows of 0.45m wide with full height on both sides
A31: 20 | B31: ='Est 02.03.23'!B324:I324 -> Supply and fixing of Sal wood Door double shutter fully panelled door of size 1.20 x 2.1mt with frame made of well seasoned Sal Wood scantlings of size 100 x 75mm and shutter made ofmedium teak wood side rails 100mm X 32mm, top rail 100 mmX32 mm, bottom rail 100mmX 32 mm and intermediate rails of 100mm x 32 mm and planks s - 5 no's of 25mm thick as per approved design with fixtures of 6 nos of 9" ' z" holdfasts, 300 mm long MS Iron coted aldrop-1 no, 125mm long MS iron butt hinges 6 No's, Door stoppers-2 no, 150mm long MS coated Tower bolts 3- no's MS iron coated fancy handles 150 mm -2nos with necessary screws complete including cost and conveyance of all materials and labour charges etc. complete as per specifications (APSS NO.1001 & 1002)
A32: 21 | B32: ='Est 02.03.23'!B327:I327 -> Supply and fixing of Salwood Door double shutter fully panelled door of size 0.90 x 2.1mt with frame made of well seasoned Sal Wood scantlings of size 75 x 100 mm and shutter made of side rails 100mm X 32mm, top rail 100 mmX32 mm, bottom rail 100mmX 32 mm and intermediate rails of 100mm x 32 mm and planks s - 5 no's of 25mm thick as per approved design with fixtures of 6 nos of 9" ' z" holdfasts, 300 mm long MS Iron coted aldrop-1 no, 125mm long MS iron butt hinges 6 No's, Door stoppers-2 no, 150mm long MS coated Tower bolts 3- no's MS iron coated fancy handles 150 mm -2nos with necessary screws complete including cost and conveyance of all materials and labour charges etc. complete as per specifications (APSS NO.1001 & 1002)
A33: 22 | B33: ='Est 02.03.23'!B331:I331 -> Providing and fixing factory made solid Wood Polymer Composite (WPC) single extruded Door Frame section of 100*65 MM with encapsulation of 6 MM rigid layer on all external surfaces. The door frame will have a rebate of 32MM/ 37 MM. The two Vertical members are to be joined together with the horizontal member using 8x75 MM long MS Star full thread screws to be used with reverse forward speed control hand drilling machine.
A34: 23 | B34: ='Est 02.03.23'!B334:I334 -> Supplying and fixing of 28/30 mm thick Wood Plastic Composite (WPC) Door shutter, comprising of 70% virgin polymer, 15% wood powder (fiber), and the remaining 15% additives, comprising of virgin PVC polymer of K value 58-60 (Suspension grade), Calcium carbonate and natural fibers (wood powder) and non toxic additives (maximum toxicity index of 12 for 100 gms) having minimum door density of 650 kg/cum, screw withdrawal strength 1800N (Face) & 900N (Edge), Modulus of Elasticity 900N/mm2 and resistance to spread of flame of Class A category with property of being termite/borer proof, water/moisture proof and fire retardant and fixed in position with stainless steel butt hinges of required size with necessary full body threaded star headed counter sunk SS screws all as per direction of Engineer -in- Charge (SS butt hinges and SS screws shall be paid separately)
A35: 24 | B35: ='Est 02.03.23'!B337:I337 -> Supplying and fixing of Unplasticized Poly Vinyl Chloride (UPVC) 3 track sliding windows with mesh shutter provision – (only 2-glass shutters) duly manufactured using UPVC reinforced profiles (Composition of profile shall consists a minimum of 5.5 PHR of TiO2 and not more than 12 PHR of CaCo3 for every 100 parts of PVC resin) of (80 mm x 52 mm)/ (94 mm x 45 mm) x 2.20 mm for outer frames, (54 mm x 38 mm)/(39 mm x 58 mm) x 2.20 mm for sliding shutter frames capable of mounting single glazing system, structurally reinforced with hot dip galvanized up to 50 microns of minimum thickness of 1.0/1.2 mm prefabricated & welded through fusion welding. The window sash shall be fitted with 5 mm thick clear float glass of reputed make duly fixed with Grey colour TPV Gasket for sash & Glazing bead shall be co-extruded with Grey colour soft PVC. System shall have single point locking with Touch Lock and the system is to be installed at the site using anchor asteners, silicon rubber sealant, easy glazing/ deglazing at site etc., including cost and conveyance of all materials, accessories, labour charges for transportation, erection at site complete for finished item of work
A36: 25 | B36: ='Est 02.03.23'!B343:I343 -> Supply , manufacture, making to specified design andLabour charges for fabricating steel works like Window Grills, Compound Wall Grills, Iron Doors, Windows including cost of welding rods, power charges, excluding cost of fixing in position
A37: 26 | B37: ='Est 02.03.23'!B353:I353 -> Supplying and erection of Centurywells or equivalent Prepainted Galvalume Trepezoidal Profile Roof Sheets with 0.50 mm thickness, coating : Alu-Zinc Coating AZ150 GSM. Tensile strength 550 MPA. Paint coating : Regular Modified Polyester painting. Painting thickness (top) 15 to 20 microns (Bottom) : 5 to 7 microns. Sheet width 1.020 mt and length 12 mts with regular range colours with G.I ‘J’ bolts & nuts 8 mm dia with bitumen & G.I limpet washers filled with white lead & including a coat of approved steel primer and two coats of approved paint on over lapping of sheets complete (up to a pitch of 60) and seigniorage charges, etc., complete, excluding the cost of purlins, rafters, trusses & cost of conveyance of all materials
A38: 27 | B38: ='Est 02.03.23'!B358:I358 -> Painting to new walls with 2 coats of acrylic emulsion paint of approved brand and shade after thoroughly brushing the surface to remove all dirt and remains of loose powdered materials, including cost and conveyance of all materials to work site and all operational, incidental, labour charges etc. complete for finished item of work as per SS 911 for internal walls including one Prime coat
A39: 28 | B39: ='Est 02.03.23'!B382:I382 -> Painting to new walls with 2 coats of acrylic emulsion paint of approved brand and shade after thoroughly brushing the surface to remove all dirt and remains of loose powdered materials, including cost and conveyance of all materials to work site and all operational, incidental, labour charges etc. complete for finished item of work as per SS 911 for external walls including one Prime coat
A40: 29 | B40: ='Est 02.03.23'!B400:I400 -> Painting to New wood work with two coats of ready mixed synthetic enamel paint first quality all shades to give an even shade over base coat Primer with Luppam finishing after thoroughly brushing the surface to remove all remains including cost and conveyance of all materials to site, sales & other taxes, all operational, incidental and labour charges etc., complete for finished item of work.(3 coats) (APSS No. 1201 & 1212).in All Floors
A41: 30 | B41: Provision for Sanitary and water Supply Items
A42: 31 | B42: Provision for Sanitary Electrical Items Items
A43: 22 | B43: Provision for QC @ 0.50%
A44: 23 | B44: Provision for Unforseen items
B46: The above Detailed Estimate is prepared with & RSSR 2025-26 and submitted for according technical Sanction.
B48: Asst.Executive Engineer (PR) | D48: Dy.Executive Engineer,(PR)
B49: =CONCATENATE("PR MPP ",'input sheet'!$C$7) -> PR MPP Kalwakurthy | D49: =CONCATENATE("PR Sub Division ",'input sheet'!$C$8) -> PR Sub Division Kalwakurthy

Sheet Mbook 1st
A1: DETAILED CUM ABSTRACT ESTIMATE
A2: ='[221]Input Sheet'!C2 -> Construction of Anganwadi Building Centre at Marchal village of Kalwakurthy Mandal in Nagarkurnool District
A3: Sno | B3: Task code | C3: Description of item | D3: Nos. | G3: Measurements | J3: Qty | K3: Rate/Per | L3: Unskilled labour charges Amount | M3: Material charges including skilled and semi-skilled labour charges Amount | N3: Total Amount | O3: SEIGNORAGE CHARGES/Unit | P3: TOTALSEIGNORAGE CHARGES
G4: L | H4: B | I4: D
A5: 1 | C5: =A5+1 -> 2 | D5: =C5+1 -> 3 | G5: =D5+1 -> 4 | H5: =G5+1 -> 5 | I5: =H5+1 -> 6 | J5: =I5+1 -> 7 | K5: =J5+1 -> 8 | L5: =K5+1 -> 9 | M5: =L5+1 -> 10 | N5: =M5+1 -> 11 | O5: =N5+1 -> 12 | ... Q5: =P5+1 -> 14
C6: Part-A (MGNREGS Funds)
A7: 1 | C7: Earth work excavation and depositing on bank with initial lead of 10m and initial lift of 2m in Loamy & Clayey Soils like BC Soils, Red Earth & Ordinary Gravelly Soils ( SS 20-B) including shoring, strutting, sheeting, planking and dewatering including cost of hire charges of T & P, labor charges etc., complete for finished item of work for Foundation of Building. (APSS No. 308) as per RSSR
C8: For SBC 20 TN/sqm only
J16: =SUM(J9:J15) -> 0
C17: Unskilled labour charges As Per RSSR | J17: =30.38+9.87 -> 40.25 | K17: =Datas!G15 -> 385.385 | L17: =ROUND(K17*J17,0) -> 15512 | N17: =L17 -> 15512 | O17: 0 | P17: =ROUND(O17*J17,0) -> 0
J18: Cum | K18: Per Cum
A19: =A7+1 -> 2 | C19: Filling with Sand (excluding rock) in trenches, sides of foundations and basement with initial lead in layers not exceeding 15cm thick, consolidating each deposited layer by watering and ramming including all operational, incidental, labor charges, hire charges of T & P etc., complete for finished item of work. (APSS NO. 309 & 310)
D20: 1 | E20: x | J20: =ROUND(D20*F20*G20*H20*I20,2) -> 0
D21: 1 | E21: x | J21: =ROUND(D21*F21*G21*H21*I21,2) -> 0
D22: 1 | E22: x | J22: =ROUND(D22*F22*G22*H22*I22,2) -> 0
D23: 1 | E23: x | J23: =ROUND(D23*F23*G23*H23*I23,2) -> 0
D24: 1 | E24: x | J24: =ROUND(D24*F24*G24*H24*I24,2) -> 0
D25: 1 | E25: x | J25: =ROUND(D25*F25*G25*H25*I25,2) -> 0
D26: 1 | E26: x | J26: =-ROUND(D26*F26*G26*H26*I26,2) -> 0
J27: =SUM(J20:J26) -> 0
C28: Material charges including skilled and semi-skilled labour charges As per CSSR | K28: =[222]Datas!H23 -> 639.48 | M28: =ROUND(K28*J28,0) -> 0 | N28: =SUM(L28:M28) -> 0 | O28: 40 | P28: =ROUND(O28*J28,2) -> 0
J29: cum | K29: =CONCATENATE( "per ",J29) -> per cum
C30: Unskilled labour charges As per RSSR | J30: =J28 -> 0 | K30: =[222]Datas!H21 -> 23.54 | L30: =ROUND(J30*K30,0) -> 0 | N30: =SUM(L30:M30) -> 0
J31: cum | K31: =CONCATENATE( "per ",J31) -> per cum
A33: =A7+1 -> 2 | C33: Plain Cement Concrete corresponding to M5 grade as per IS 456 equivalent to (1:5:10) proportion nominal mix (cement: fine aggregate: Coarse aggregate) using 40mm size HBG (SS5) metal from approved quarry including cost and conveyance of all materials like cement, sand, coarse aggregate, water etc. to site, including seigniorage charges, Countryes & other taxes on all materials, all operational, incidental, and labor charges such as mixing, laying and ramming concrete in layers in position not exceeding 15cm, finishing top surface, curing concrete, etc., complete for finished item of work for Foundations and Flooring Bed (APSS No. 402)
J55: =1.78+0.604+3.505 -> 5.889
J56: Cum
C57: Material charges including unskilled, skilled and semi-skilled labour charges As per CSSR | J57: =J55 -> 5.889 | K57: =Datas!G177 -> 4155.81 | M57: =ROUND(K57*J57,0) -> 24474 | N57: =SUM(L57:M57) -> 24474 | O57: =ROUND(0.9*75+0.45*40,2) -> 85.5 | P57: =ROUND(O57*J57,2) -> 503.51
J58: Cum | K58: Per Cum
A60: 2 | C60: Plain Cement Concrete corresponding to M5 grade as per IS 456 equivalent to (1:4:8) proportion nominal mix (cement: fine aggregate: Coarse aggregate) using 40mm size HBG (SS5) metal from approved quarry including cost and conveyance of all materials like cement, sand, coarse aggregate, water etc. to site, including seigniorage charges, Countryes & other taxes on all materials, all operational, incidental, and labor charges such as mixing, laying and ramming concrete in layers in position not exceeding 15cm, finishing top surface, curing concrete, etc., complete for finished item of work for Foundations and Flooring Bed (APSS No. 402)
J64: =SUM(J61:J63) -> 0
B65: B13 | C65: Material charges including skilled and semi-skilled labour charges | J65: =CEILING(J64,0.05) -> 0 | K65: =[222]Datas!G116 -> 3704.87 | M65: =ROUND(K65*J65,0) -> 0 | N65: =SUM(L65:M65) -> 0 | O65: =ROUND(0.9*75+0.45*40,2) -> 85.5 | P65: =ROUND(O65*J65,2) -> 0
J66: Cum | K66: Per Cum
A68: 3 | C68: =[221]Datas!C156 -> Plain Cement concrete (1:4:8) using 40 mm metal with concrete mixture. All work upto plinth level. nominal mix (cement: fine aggregate: Coarse aggregate) using 40mm size HBG (SS5) metal from approved quarry including cost and conveyance of all materials like cement, 50% sand+50% Rock Sand coarse aggregate, water etc. to site, including seigniorage charges, Countryes & other taxes on all materials, all operational, incidental, and labor charges such as mixing, laying and ramming concrete in layers in position not exceeding 15cm, finishing top surface, curing concrete, etc., complete for finished item of work for Foundations and Flooring Bed (APSS No. 402)
C69: For Footings | D69: 1 | E69: x | F69: 9
J70: 3.04
J71: Cum
C72: Material charges including unskilled, skilled and semi-skilled labour charges As per CSSR | J72: =J70 -> 3.04 | K72: =Datas!G154 -> 4371.4636 | M72: =ROUND(K72*J72,0) -> 13289 | N72: =SUM(L72:M72) -> 13289 | O72: =ROUND(0.9*75+0.45*40,2) -> 85.5 | P72: =ROUND(O72*J72,2) -> 259.92
J73: Cum | K73: Per Cum
A75: 4 | C75: Random Rubble stone masonry, in CM (1:6) prop: (Cement: Sand) using hard granite stones from approved quarry including cost and conveyance of all materials like Granite stones, cement, sand, water, etc., to site including seigniorage charges, Countryes & other taxes on all materials, all operational, incidental, and labor charges such as cutting stones to required size and shape, mixing of cement mortar, constructing masonry, curing etc., complete for finished item of work for foundation and basement (APSS No. 601 & 615) in GROUND FLOOR
C76: Below Ground level
J91: 22.63
J92: Cum.
C93: Material charges including unskilled, skilled and semi-skilled labour charges As per CSSR | J93: =J91 -> 22.63 | K93: =Datas!G196 -> 3626.63 | M93: =ROUND(K93*J93,0) -> 82071 | N93: =SUM(L93:M93) -> 82071 | O93: =ROUND(1.1*75+0.33*40,2) -> 95.7 | P93: =ROUND(O93*J93,2) -> 2165.69
J94: Cum | K94: Per Cum
A96: 4 | C96: Coursed Rubble stone masonry in CM (1:6) prop: (Cement: Sand) using hard granite stones from approved quarry including cost and conveyance of all materials like Granite stones, cement, sand, water, etc., to site including seigniorage charges, Countryes & other taxes on all materials, all operational, incidental, and labor charges such as cutting stones to required size and shape, mixing of cement mortar, constructing masonry, curing etc., complete for finished item of work for foundation and basement (APSS No. 601 & 615) in GROUND FLOOR
C97: Above Ground level
J101: =SUM(J98:J100) -> 0
B102: B17 | C102: Material charges including skilled and semi-skilled labour charges | J102: =CEILING(J101,0.05) -> 0 | K102: =[222]Datas!G179 -> 2949.48 | M102: =ROUND(K102*J102,0) -> 0 | N102: =SUM(L102:M102) -> 0 | O102: =ROUND(1.1*75+0.32*40,2) -> 95.3 | P102: =ROUND(O102*J102,2) -> 0
J103: Cum. | K103: Per Cum
A105: =A75+1 -> 5 | C105: Vibrated reinforced cement concrete corresponding M15 grade as per IS 456 equivalent to (1:1.5:3) prop: nominal mix (Cement: fine aggregate: coarse aggregate using 20mm size HBG (SS5) machine crushed metal from approved quarry including cost and conveyance of all materials like cement, fine aggregate (Sand), coarse aggregate, water etc. to site including seigniorage charges, Countryes & other taxes on all materials, all operational, incidental, and labor charges such as centering, shuttering, scaffolding, lift charges, machine mixing, laying concrete, vibrating, curing concrete etc, complete but excluding cost of steel and its fabrication charges for finished item of work (APSS No.402 & 403)
A106: A) | C106: For Column Footings
J107: 4.92
J108: Cum.
C109: Material charges including unskilled, skilled and semi-skilled labour charges As per CSSR | J109: =J107 -> 4.92 | K109: =Datas!G321 -> 8788.51 | M109: =ROUND(K109*J109,0) -> 43239 | N109: =SUM(L109:M109) -> 43239 | O109: =ROUND(0.9*75+0.45*40,2) -> 85.5 | P109: =ROUND(O109*J109,2) -> 420.66
J110: Cum. | K110: Per Cum
A112: B) | C112: Pedastals
J113: 1.09
J114: Cum.
C115: Material charges including unskilled, skilled and semi-skilled labour charges As per CSSR | J115: =J113 -> 1.09 | K115: =Datas!G332 -> 9360.51 | M115: =ROUND(K115*J115,0) -> 10203 | N115: =SUM(L115:M115) -> 10203 | O115: =ROUND(0.9*75+0.45*40,2) -> 85.5 | P115: =ROUND(O115*J115,2) -> 93.2
J116: Cum | K116: Per Cum
A118: C) | C118: columns
J124: =0.74+1.69+0.13 -> 2.56
J125: Cum.
C126: Material charges including unskilled, skilled and semi-skilled labour charges As per CSSR | J126: =J124 -> 2.56 | K126: =Datas!E391 -> 11842.03 | M126: =ROUND(K126*J126,0) -> 30316 | N126: =SUM(L126:M126) -> 30316 | O126: =ROUND(0.9*75+0.45*40,2) -> 85.5 | P126: =ROUND(O126*J126,2) -> 218.88
J127: Cum. | K127: PerCum.
A129: D) | C129: Plinth beams
C136: Total | J136: 3.46
J137: Cum.
C138: Material charges including unskilled, skilled and semi-skilled labour charges As per CSSR | J138: =J136 -> 3.46 | K138: =Datas!G343 -> 11378.51 | M138: =ROUND(K138*J138,0) -> 39370 | N138: =SUM(L138:M138) -> 39370 | O138: =ROUND(0.9*75+0.45*40,2) -> 85.5 | P138: =ROUND(O138*J138,2) -> 295.83
J139: Cum. | K139: Per Cum.
A141: E) | C141: For Roof Beams
J146: Cum.
C147: Material charges including unskilled, skilled and semi-skilled labour charges As per CSSR | J147: 3.16 | K147: =Datas!E422 -> 11257.84 | M147: =ROUND(K147*J147,0) -> 35575 | N147: =SUM(L147:M147) -> 35575 | O147: =ROUND(0.9*75+0.45*40,2) -> 85.5 | P147: =ROUND(O147*J147,2) -> 270.18
J148: Cum. | K148: PerCum.
A150: F) | C150: For Roof Slab(1:1.5:3) prop 125 mm thick
D151: 1 | E151: x | F151: 1 | J151: 73.1 | R151: =H151*G151 -> 0
J152: sqm
C153: Material charges including unskilled, skilled and semi-skilled labour charges As per CSSR | J153: =J151 -> 73.1 | K153: =Datas!G461 -> 13463.55 | M153: =ROUND(K153*J153/10,0) -> 98419 | N153: =SUM(L153:M153) -> 98419 | O153: =85.5*0.125 -> 10.6875 | P153: =ROUND(O153*J153,2) -> 781.26
J154: sqm | K154: 10 Sqm
A156: =A105+1 -> 6 | C156: Plain reinforced cement concrete corresponding M15 grade as per IS 456 equivalent to (1:1.5:3) prop: nominal mix (Cement: fine aggregate: coarse aggregate using 20mm size HBG (SS5) machine crushed metal from approved quarry including cost and conveyance of all materials like cement, fine aggregate (Sand), coarse aggregate, water etc. to site including seigniorage charges, Countryes & other taxes on all materials, all operational, incidental, and labor charges such as centering, shuttering, scaffolding, lift charges, machine mixing, laying concrete, vibrating, curing concrete etc, complete but excluding cost of steel and its fabrication charges for finished item of work (APSS No.402 & 403) for LINTELS (G.F.)
J162: 0
J163: Cum.
C164: Material charges including unskilled, skilled and semi-skilled labour charges As per CSSR | J164: =J162 -> 0 | K164: =Datas!E375 -> 11905.03 | M164: =ROUND(K164*J164,0) -> 0 | N164: =SUM(L164:M164) -> 0 | O164: =ROUND(0.9*75+0.45*40,2) -> 85.5 | P164: =ROUND(O164*J164,2) -> 0
J165: Cum. | K165: =CONCATENATE("per ",J165) -> per Cum.
A167: =A156+1 -> 7 | C167: Vibrated reinforced cement concrete corresponding M15 grade as per IS 456 equivalent to (1:1.5:3) prop: nominal mix (Cement: fine aggregate: coarse aggregate using 20mm size HBG (SS5) machine crushed metal from approved quarry including cost and conveyance of all materials like cement, fine aggregate (Sand), coarse aggregate, water etc. to site including seigniorage charges, Countryes & other taxes on all materials, all operational, incidental, and labor charges such as centering, shuttering, scaffolding, lift charges, machine mixing, laying concrete, vibrating, curing concrete etc, complete but excluding cost of steel and its fabrication charges for finished item of work (APSS No.402 & 403) FOR SUNSHADE 0.60 M WIDE.
C172: total | J172: 7.7
J173: Rmt
C174: Material charges including unskilled, skilled and semi-skilled labour charges As per CSSR | J174: =J172 -> 7.7 | K174: =Datas!E503 -> 606.11 | M174: =ROUND(K174*J174,0) -> 4667 | N174: =SUM(L174:M174) -> 4667 | O174: =0.0625*(0.9*75+0.45*40) -> 5.34375 | P174: =ROUND(O174*J174,2) -> 41.15
J175: Rmt | K175: =CONCATENATE("per ",J175) -> per Rmt
A177: =A167+1 -> 8 | C177: Plain Cement Concrete corresponding to M10 grade as per IS 456 equivalent to (1:3:6) proportion nominal mix (cement: fine aggregate: Coarse aggregate) using 40mm size HBG (SS5) metal from from approved quarry including cost and conveyance of all materials like cement, sand, coarse aggregate, water etc. to site, including seigniorage charges, Countryes & other taxes on all materials, all operational, incidental and labour charges such as mixing, laying, curing concrete, etc., complete for finished item of work for Bed Blocks and Hold Fasts (APSS No. 402)
J182: Cum.
C183: Material charges including unskilled, skilled and semi-skilled labour charges As per CSSR | J183: 0 | K183: =Datas!G539 -> 5340.56 | M183: =ROUND(K183*J183,0) -> 0 | N183: =SUM(L183:M183) -> 0 | O183: =ROUND(0.9*75+0.45*40,2) -> 85.5 | P183: =ROUND(O183*J183,2) -> 0
J184: Cum. | K184: =CONCATENATE("per ",J184) -> per Cum.
A186: =A177+1 -> 9 | C186: =[221]Datas!C556 -> Brick Masonry in CM (1:6) with 2nd class Bricks traditional size 23 x 11 x 7 cms
J207: =J191+J206 -> 0
J208: Cum.
C209: Material charges including unskilled, skilled and semi-skilled labour charges As per CSSR | J209: 0 | K209: =Datas!E612 -> 7013.85 | M209: =ROUND(K209*J209,0) -> 0 | N209: =SUM(L209:M209) -> 0 | O209: =(38.5*512/1000+0.2*40) -> 27.712 | P209: =ROUND(O209*J209,2) -> 0
J210: Cum. | K210: =CONCATENATE("per ",J210) -> per Cum.
A212: =A186+1 -> 10 | C212: Reinforced Brick Masonary walls of 11.5cm in CM(1:4) using second class traditional size bricks and using two mild steel bars of 6m dia in every third layer of brick masory, with free joints of the main block work including cost and seignorage charges and conveyance of all materials and water from approved sources to work site and all operational, incidental, labour charges such as scaffolding mixing mortor constructing masonary lift charges, curing etc. complete but excluding the cost of steel and its fabrication charges for finished item of work as per SS 509
...

Sheet Building-Estimate
A1: DETAILED CUM ABSTRACT ESTIMATE
A2: Construction of Anganwadi Building Centre at Jeedipally Thanda village of Kalwakurthy Mandal in Nagarkurnool District
A3: Sno | B3: Task code | C3: Description of item | D3: Nos. | G3: Measurements | J3: Qty | K3: Rate/Per | L3: Unskilled labour charges Amount | M3: Material charges including skilled and semi-skilled labour charges Amount | N3: Total Amount | O3: SEIGNORAGE CHARGES/Unit | P3: TOTALSEIGNORAGE CHARGES
G4: L | H4: B | I4: D
A5: 1 | C5: =A5+1 -> 2 | D5: =C5+1 -> 3 | G5: =D5+1 -> 4 | H5: =G5+1 -> 5 | I5: =H5+1 -> 6 | J5: =I5+1 -> 7 | K5: =J5+1 -> 8 | L5: =K5+1 -> 9 | M5: =L5+1 -> 10 | N5: =M5+1 -> 11 | O5: =N5+1 -> 12 | ... Q5: =P5+1 -> 14
C6: Part-A (MGNREGS Funds)
A7: 1 | C7: Earth work excavation and depositing on bank with initial lead of 10m and initial lift of 2m in Loamy & Clayey Soils like BC Soils, Red Earth & Ordinary Gravelly Soils ( SS 20-B) including shoring, strutting, sheeting, planking and dewatering including cost of hire charges of T & P, labor charges etc., complete for finished item of work for Foundation of Building. (APSS No. 308) as per RSSR
C8: For SBC 20 TN/sqm only
C9: For Footings Pits | D9: 1 | E9: x | F9: 9 | G9: 1.35 | H9: 1.35 | I9: 1.5 | J9: =ROUND(D9*F9*G9*H9*I9,2) -> 24.6
C10: Long walls | D10: 1 | E10: x | F10: 2 | G10: 8.77 | H10: 0.6 | I10: 0.6 | J10: =ROUND(D10*F10*G10*H10*I10,2) -> 6.31
C11: Cross walls | D11: 1 | E11: x | F11: 2 | G11: 5.47 | H11: 0.6 | I11: =I10 -> 0.6 | J11: =ROUND(D11*F11*G11*H11*I11,2) -> 3.94
C12: For Wash Area near Kitchen | D12: 1 | E12: x | F12: 1 | G12: 2.4 | H12: 0.6 | I12: 0.6 | J12: =ROUND(D12*F12*G12*H12*I12,2) -> 0.86
C13: For steps | D13: 1 | E13: x | F13: 1 | G13: =12*0.3048 -> 3.6576 | H13: 1.5 | I13: 0.15 | J13: =ROUND(D13*F13*G13*H13*I13,2) -> 0.82
C14: For Ramp | D14: 1 | E14: x | F14: 1 | G14: 3.65 | H14: 1.5 | I14: 0.15 | J14: =ROUND(D14*F14*G14*H14*I14,2) -> 0.82
C15: Deductions at Columns | D15: 1 | E15: x | F15: -8 | G15: 1.35 | H15: 0.6 | I15: 0.6 | J15: =ROUND(D15*F15*G15*H15*I15,2) -> -3.89
J16: =ROUND(SUM(J9:J15),2) -> 33.46
C17: Unskilled labour charges As Per RSSR | J17: =J16 -> 33.46 | K17: =Datas!G15 -> 385.385 | N17: =ROUND(J17*K17,0) -> 12895 | O17: 0 | P17: =ROUND(O17*J17,0) -> 0
J18: Cum | K18: Per Cum
A19: =A7+1 -> 2 | C19: Filling with Sand (excluding rock) in trenches, sides of foundations and basement with initial lead in layers not exceeding 15cm thick, consolidating each deposited layer by watering and ramming including all operational, incidental, labor charges, hire charges of T & P etc., complete for finished item of work. (APSS NO. 309 & 310)
D20: 1 | E20: x | J20: =ROUND(D20*F20*G20*H20*I20,2) -> 0
D21: 1 | E21: x | J21: =ROUND(D21*F21*G21*H21*I21,2) -> 0
D22: 1 | E22: x | J22: =ROUND(D22*F22*G22*H22*I22,2) -> 0
D23: 1 | E23: x | J23: =ROUND(D23*F23*G23*H23*I23,2) -> 0
D24: 1 | E24: x | J24: =ROUND(D24*F24*G24*H24*I24,2) -> 0
D25: 1 | E25: x | J25: =ROUND(D25*F25*G25*H25*I25,2) -> 0
D26: 1 | E26: x | J26: =-ROUND(D26*F26*G26*H26*I26,2) -> 0
J27: =SUM(J20:J26) -> 0
C28: Material charges including skilled and semi-skilled labour charges As per CSSR | K28: =[222]Datas!H23 -> 639.48 | M28: =ROUND(K28*J28,0) -> 0 | N28: =SUM(L28:M28) -> 0 | O28: 40 | P28: =ROUND(O28*J28,2) -> 0
J29: cum | K29: =CONCATENATE( "per ",J29) -> per cum
C30: Unskilled labour charges As per RSSR | J30: =J28 -> 0 | K30: =[222]Datas!H21 -> 23.54 | L30: =ROUND(J30*K30,0) -> 0 | N30: =SUM(L30:M30) -> 0
J31: cum | K31: =CONCATENATE( "per ",J31) -> per cum
A33: =A7+1 -> 2 | C33: Plain Cement Concrete corresponding to M5 grade as per IS 456 equivalent to (1:5:10) proportion nominal mix (cement: fine aggregate: Coarse aggregate) using 40mm size HBG (SS5) metal from approved quarry including cost and conveyance of all materials like cement, sand, coarse aggregate, water etc. to site, including seigniorage charges, Countryes & other taxes on all materials, all operational, incidental, and labor charges such as mixing, laying and ramming concrete in layers in position not exceeding 15cm, finishing top surface, curing concrete, etc., complete for finished item of work for Foundations and Flooring Bed (APSS No. 402)
C34: =C10 -> Long walls | D34: 1 | E34: x | F34: 2 | G34: =G10 -> 8.77 | H34: 0.6 | I34: 0.1 | J34: =ROUND(D34*F34*G34*H34*I34,2) -> 1.05
C35: =C11 -> Cross walls | D35: 1 | E35: x | F35: 2 | G35: =G11 -> 5.47 | H35: 0.6 | I35: 0.1 | J35: =ROUND(D35*F35*G35*H35*I35,2) -> 0.66
C36: For Wash Area near Kitchen | D36: 1 | E36: x | F36: 1 | G36: 2.4 | H36: 0.6 | I36: 0.1 | J36: =ROUND(D36*F36*G36*H36*I36,2) -> 0.14
C37: For steps | D37: 1 | E37: x | F37: 1 | G37: =12*0.3048 -> 3.6576 | H37: 1.5 | I37: 0.1 | J37: =ROUND(D37*F37*G37*H37*I37,2) -> 0.55
C38: For Ramp | D38: =D24 -> 1 | E38: x | F38: 1 | G38: =G14 -> 3.65 | H38: =H14 -> 1.5 | I38: =I14 -> 0.15 | J38: =ROUND(D38*F38*G38*H38*I38,2) -> 0.82
C39: Deductions at Columns | D39: =D25 -> 1 | E39: x | F39: -8 | G39: 0.23 | H39: 0.3 | I39: 0.1 | J39: =ROUND(D39*F39*G39*H39*I39,2) -> -0.06
J40: =SUM(J34:J39) -> 3.16
C41: Flooring in the rooms
C42: In Class Room | D42: 1 | E42: x | F42: 1 | G42: =14*0.3048 -> 4.2672 | H42: =0.3048*19.88 -> 6.059424 | I42: 0.075 | J42: =ROUND(D42*F42*G42*H42*I42,2) -> 1.94
C43: In Nutriation ROOm | D43: 1 | E43: x | F43: 1 | G43: =0.3048*12 -> 3.6576 | H43: =0.3048*7 -> 2.1336 | I43: 0.075 | J43: =ROUND(D43*F43*G43*H43*I43,2) -> 0.59
C44: In kitchen | D44: 1 | E44: x | F44: 1 | G44: =0.3048*7.63 -> 2.325624 | H44: =0.3048*7 -> 2.1336 | I44: 0.075 | J44: =ROUND(D44*F44*G44*H44*I44,2) -> 0.37
C45: In Store Room | D45: 1 | E45: x | F45: 1 | G45: =0.3048*4 -> 1.2192 | H45: =0.3048*7 -> 2.1336 | I45: 0.075 | J45: =ROUND(D45*F45*G45*H45*I45,2) -> 0.2
C46: In Varandah | D46: 1 | E46: x | F46: 1 | G46: 3.65 | H46: 1.5 | I46: 0.075 | J46: =ROUND(D46*F46*G46*H46*I46,2) -> 0.41
J47: =SUM(J42:J46) -> 3.51
C48: Under Inter Plinth Beams
C49: For Middle Beam LB | D49: 1 | E49: x | F49: 1 | G49: 6.52 | H49: =0.23+0.15 -> 0.38 | I49: 0.075 | J49: =ROUND(D49*F49*G49*H49*I49,2) -> 0.19
C50: Midle C/Beam | D50: 1 | E50: x | F50: 1 | G50: 8.62 | H50: =0.23+0.15 -> 0.38 | I50: 0.075 | J50: =ROUND(D50*F50*G50*H50*I50,2) -> 0.25
C51: Varanadah | D51: 1 | E51: x | F51: 1 | G51: =0.3048*7 -> 2.1336 | H51: =0.23+0.15 -> 0.38 | I51: 0.075 | J51: =ROUND(D51*F51*G51*H51*I51,2) -> 0.06
C52: Kitchen | D52: 1 | E52: x | F52: 1 | G52: 3.66 | H52: 0.3 | I52: 0.075 | J52: =ROUND(D52*F52*G52*H52*I52,2) -> 0.08
C53: Store room | D53: 1 | E53: x | F53: 1 | G53: 2.1 | H53: 0.3 | I53: 0.075 | J53: =ROUND(D53*F53*G53*H53*I53,2) -> 0.05
J54: =SUM(J49:J52) -> 0.58
J55: =J54+J47+J40 -> 7.25
J56: Cum
C57: Material charges including unskilled, skilled and semi-skilled labour charges As per CSSR | J57: =J55 -> 7.25 | K57: =Datas!G177 -> 4155.81 | N57: =ROUND(J57*K57,0) -> 30130 | O57: =ROUND(0.9*75+0.45*40,2) -> 85.5 | P57: =ROUND(O57*J57,2) -> 619.88
J58: Cum | K58: Per Cum
A60: 2 | C60: Plain Cement Concrete corresponding to M5 grade as per IS 456 equivalent to (1:4:8) proportion nominal mix (cement: fine aggregate: Coarse aggregate) using 40mm size HBG (SS5) metal from approved quarry including cost and conveyance of all materials like cement, sand, coarse aggregate, water etc. to site, including seigniorage charges, Countryes & other taxes on all materials, all operational, incidental, and labor charges such as mixing, laying and ramming concrete in layers in position not exceeding 15cm, finishing top surface, curing concrete, etc., complete for finished item of work for Foundations and Flooring Bed (APSS No. 402)
J64: =SUM(J61:J63) -> 0
B65: B13 | C65: Material charges including skilled and semi-skilled labour charges | J65: =CEILING(J64,0.05) -> 0 | K65: =[222]Datas!G116 -> 3704.87 | M65: =ROUND(K65*J65,0) -> 0 | N65: =SUM(L65:M65) -> 0 | O65: =ROUND(0.9*75+0.45*40,2) -> 85.5 | P65: =ROUND(O65*J65,2) -> 0
J66: Cum | K66: Per Cum
A68: 3 | C68: =[221]Datas!C156 -> Plain Cement concrete (1:4:8) using 40 mm metal with concrete mixture. All work upto plinth level. nominal mix (cement: fine aggregate: Coarse aggregate) using 40mm size HBG (SS5) metal from approved quarry including cost and conveyance of all materials like cement, 50% sand+50% Rock Sand coarse aggregate, water etc. to site, including seigniorage charges, Countryes & other taxes on all materials, all operational, incidental, and labor charges such as mixing, laying and ramming concrete in layers in position not exceeding 15cm, finishing top surface, curing concrete, etc., complete for finished item of work for Foundations and Flooring Bed (APSS No. 402)
C69: For Footings | D69: 1 | E69: x | F69: 9 | G69: =G9 -> 1.35 | H69: =H9 -> 1.35 | I69: 0.15 | J69: =ROUND(D69*F69*G69*H69*I69,2) -> 2.46
J70: =J69 -> 2.46
J71: Cum
C72: Material charges including unskilled, skilled and semi-skilled labour charges As per CSSR | J72: =J70 -> 2.46 | K72: =Datas!G154 -> 4371.4636 | N72: =ROUND(J72*K72,0) -> 10754 | O72: =ROUND(0.9*75+0.45*40,2) -> 85.5 | P72: =ROUND(O72*J72,2) -> 210.33
J73: Cum | K73: Per Cum
A75: 4 | C75: Random Rubble stone masonry, in CM (1:6) prop: (Cement: Sand) using hard granite stones from approved quarry including cost and conveyance of all materials like Granite stones, cement, sand, water, etc., to site including seigniorage charges, Countryes & other taxes on all materials, all operational, incidental, and labor charges such as cutting stones to required size and shape, mixing of cement mortar, constructing masonry, curing etc., complete for finished item of work for foundation and basement (APSS No. 601 & 615) in GROUND FLOOR
C76: Below Ground level
C77: =C34 -> Long walls | D77: 1 | E77: x | F77: 2 | G77: =G34 -> 8.77 | H77: 0.6 | I77: 0.45 | J77: =ROUND(D77*F77*G77*H77*I77,2) -> 4.74
C78: =C35 -> Cross walls | D78: 1 | E78: x | F78: 2 | G78: =G35 -> 5.47 | H78: 0.6 | I78: 0.45 | J78: =ROUND(D78*F78*G78*H78*I78,2) -> 2.95
C79: For wash area | D79: 1 | E79: x | F79: 1 | G79: 2.4 | H79: 0.6 | I79: 0.45 | J79: =ROUND(D79*F79*G79*H79*I79,2) -> 0.65
D80: 1 | E80: x | F80: 2 | G80: 0.6 | H80: 0.6 | I80: 0.45 | J80: =ROUND(D80*F80*G80*H80*I80,2) -> 0.32
C81: Above Ground level
C82: =C77 -> Long walls | D82: 1 | E82: x | F82: 2 | G82: =G77 -> 8.77 | H82: 0.45 | I82: 0.45 | J82: =ROUND(D82*F82*G82*H82*I82,2) -> 3.55
C83: =C78 -> Cross walls | D83: 1 | E83: x | F83: 2 | G83: =G78+0.15 -> 5.62 | H83: 0.45 | I83: 0.45 | J83: =ROUND(D83*F83*G83*H83*I83,2) -> 2.28
C84: For wash area | D84: 1 | E84: x | F84: 1 | G84: 2.4 | H84: 0.6 | I84: 0.45 | J84: =ROUND(D84*F84*G84*H84*I84,2) -> 0.65
C85: Step1 | D85: 1 | E85: x | F85: 1 | G85: 3.6 | H85: 1.5 | I85: 0.15 | J85: =ROUND(D85*F85*G85*H85*I85,2) -> 0.81
C86: Step 2 | D86: 1 | E86: x | F86: 1 | G86: 3.6 | H86: 1.2 | I86: 0.15 | J86: =ROUND(D86*F86*G86*H86*I86,2) -> 0.65
C87: Step3 | D87: 1 | E87: x | F87: 1 | G87: 3.6 | H87: 0.9 | I87: 0.15 | J87: =ROUND(D87*F87*G87*H87*I87,2) -> 0.49
C88: Step4 | D88: 1 | E88: x | F88: 1 | G88: 3.6 | H88: 0.6 | I88: 0.15 | J88: =ROUND(D88*F88*G88*H88*I88,2) -> 0.32
C89: Step5 | D89: 1 | E89: x | F89: 1 | G89: 3.6 | H89: 0.3 | I89: 0.15 | J89: =ROUND(D89*F89*G89*H89*I89,2) -> 0.16
C90: Deductions: at Columns | D90: 1 | E90: x | F90: -8 | G90: 0.23 | H90: 0.3 | I90: 0.95 | J90: =ROUND(D90*F90*G90*H90*I90,2) -> -0.52
J91: =SUM(J77:J90) -> 17.05
J92: Cum.
C93: Material charges including unskilled, skilled and semi-skilled labour charges As per CSSR | J93: =J91 -> 17.05 | K93: =Datas!G196 -> 3626.63 | N93: =ROUND(J93*K93,0) -> 61834 | O93: =ROUND(1.1*75+0.33*40,2) -> 95.7 | P93: =ROUND(O93*J93,2) -> 1631.69
J94: Cum | K94: Per Cum
A96: 4 | C96: Coursed Rubble stone masonry in CM (1:6) prop: (Cement: Sand) using hard granite stones from approved quarry including cost and conveyance of all materials like Granite stones, cement, sand, water, etc., to site including seigniorage charges, Countryes & other taxes on all materials, all operational, incidental, and labor charges such as cutting stones to required size and shape, mixing of cement mortar, constructing masonry, curing etc., complete for finished item of work for foundation and basement (APSS No. 601 & 615) in GROUND FLOOR
C97: Above Ground level
J101: =SUM(J98:J100) -> 0
B102: B17 | C102: Material charges including skilled and semi-skilled labour charges | J102: =CEILING(J101,0.05) -> 0 | K102: =[222]Datas!G179 -> 2949.48 | M102: =ROUND(K102*J102,0) -> 0 | N102: =SUM(L102:M102) -> 0 | O102: =ROUND(1.1*75+0.32*40,2) -> 95.3 | P102: =ROUND(O102*J102,2) -> 0
J103: Cum. | K103: Per Cum
A105: =A75+1 -> 5 | C105: Vibrated reinforced cement concrete corresponding M15 grade as per IS 456 equivalent to (1:1.5:3) prop: nominal mix (Cement: fine aggregate: coarse aggregate using 20mm size HBG (SS5) machine crushed metal from approved quarry including cost and conveyance of all materials like cement, fine aggregate (Sand), coarse aggregate, water etc. to site including seigniorage charges, Countryes & other taxes on all materials, all operational, incidental, and labor charges such as centering, shuttering, scaffolding, lift charges, machine mixing, laying concrete, vibrating, curing concrete etc, complete but excluding cost of steel and its fabrication charges for finished item of work (APSS No.402 & 403)
A106: A) | C106: For Column Footings
D107: 1 | E107: x | F107: 9 | G107: 1.2 | H107: 1.2 | I107: 0.3 | J107: =ROUND(D107*F107*G107*H107*I107,2) -> 3.89
J108: Cum.
C109: Material charges including unskilled, skilled and semi-skilled labour charges As per CSSR | J109: =J107 -> 3.89 | K109: =Datas!G321 -> 8788.51 | N109: =ROUND(J109*K109,0) -> 34187 | O109: =ROUND(0.9*75+0.45*40,2) -> 85.5 | P109: =ROUND(O109*J109,2) -> 332.6
J110: Cum. | K110: Per Cum
A112: B) | C112: Pedastals
D113: 1 | E113: X | F113: 9 | G113: 0.45 | H113: 0.45 | I113: 0.6 | J113: =ROUND(D113*F113*G113*H113*I113,2) -> 1.09
...

Sheet Est 02.03.23
A1: DETAILED-CUM-ABSTRACT ESTIMATE
A3: ='Lead- Input sheet '!A2 -> Construction of Anganwadi Building at Jeedipally Thanda (V) of Kalwakurthy (M) of Nagarkurnool District
A4: As per SBC 200 Kn/Sqm
A5: Sl. No | B5: Description of Item | C5: Nos. | F5: Measurements | I5: Qty. | J5: Rate | K5: Amount
F6: L | G6: B | H6: D
A8: 1 | B8: =Datas!C5 -> Earthwork in excavation for structures as per drawing and technical specifications Clause 305.1 including setting out, construction of shoring and bracing, removal of stumps and other deleterious material and disposal upto a lead of 50 m, dressing of sides and bottom and backfilling in trenches with excavated suitable material as per Technical Specification 305 MORD / 304 MORTH
B9: Columns:
B10: Foorings | C10: 1 | D10: X | E10: 9 | F10: 1.5 | G10: 1.5 | H10: 1.5 | I10: =ROUND(F10*G10*H10*E10*C10,2) -> 30.38
B11: For RR Masonry :
B12: L/Walls | C12: 1 | D12: X | E12: 2 | F12: 9.06 | G12: 0.75 | H12: 0.45 | I12: =ROUND(F12*G12*H12*E12*C12,2) -> 6.12
B13: C/Walls | C13: 1 | D13: X | E13: 2 | F13: 5.55 | G13: 0.75 | H13: 0.45 | I13: =ROUND(F13*G13*H13*E13*C13,2) -> 3.75
B14: Deduct footings portion | C14: -1 | D14: X | E14: 8 | F14: 1.5 | G14: 0.75 | H14: 0.45 | I14: =ROUND(F14*G14*H14*E14*C14,2) -> -4.05
B15: Toilet long walls | C15: 1 | D15: X | E15: 2 | F15: 2.18 | G15: 0.75 | H15: 0.6 | I15: =ROUND(F15*G15*H15*E15*C15,2) -> 1.96
B16: cross walls | C16: 1 | D16: X | E16: 2 | F16: 1.58 | G16: 0.75 | H16: 0.6 | I16: =ROUND(F16*G16*H16*E16*C16,2) -> 1.42
B17: Septic Tank | C17: 1 | D17: X | E17: 2 | F17: 1.2 | G17: 1.2 | H17: 1.2 | I17: =ROUND(F17*G17*H17*E17*C17,2) -> 3.46
I18: =SUM(I10:I17) -> 43.04 | J18: =Datas!G15 -> 385.385 | K18: =ROUND(I18*J18,0) -> 16587
I19: Cum | J19: Cum
A20: 2 | B20: =Datas!C138 -> Plain Cement concrete (1:4:8) using 40 mm metal with concrete mixture.All work upto plinth level. nominal mix (cement: fine aggregate: Coarse aggregate) using 40mm size HBG (SS5) metal from approved quarry including cost and conveyance of all materials like cement, sand, coarse aggregate, water etc. to site, including seigniorage charges, Countryes & other taxes on all materials, all operational, incidental, and labor charges such as mixing, laying and ramming concrete in layers in position not exceeding 15cm, finishing top surface, curing concrete, etc., complete for finished item of work for Foundations and Flooring Bed (APSS No. 402)
B21: For Columns :
B22: =B10 -> Foorings | C22: 1 | D22: X | E22: 9 | F22: 1.5 | G22: 1.5 | H22: 0.15 | I22: =ROUND(F22*G22*H22*E22*C22,2) -> 3.04
B23: long wall | C23: 1 | D23: X | E23: 2 | F23: 9.06 | G23: 0.75 | H23: 0.15 | I23: =ROUND(F23*G23*H23*E23*C23,2) -> 2.04
B24: cross walls | C24: 1 | D24: X | E24: 2 | F24: 5.55 | G24: 0.75 | H24: =H23 -> 0.15 | I24: =ROUND(F24*G24*H24*E24*C24,2) -> 1.25
B25: deduct pedestal portion | C25: 1 | D25: x | E25: 8 | F25: 0.45 | G25: 0.45 | H25: =H24 -> 0.15 | I25: =ROUND(F25*G25*H25*E25*C25,2) -> 0.24
B26: Toilet long walls | C26: 1 | D26: X | E26: 2 | F26: 2.18 | G26: 0.75 | H26: 0.15 | I26: =ROUND(F26*G26*H26*E26*C26,2) -> 0.49
B27: cross walls | C27: 1 | D27: x | E27: 2 | F27: 1.58 | G27: 0.75 | H27: 0.15 | I27: =ROUND(F27*G27*H27*E27*C27,2) -> 0.36
B28: below inner plinth beams | C28: 1 | D28: x | E28: 1 | F28: 5.85 | G28: 0.75 | H28: 0.1 | I28: =ROUND(F28*G28*H28*E28*C28,2) -> 0.44
C29: 1 | D29: x | E29: 1 | F29: 4.06 | G29: 0.75 | H29: 0.1 | I29: =ROUND(F29*G29*H29*E29*C29,2) -> 0.3
C30: 1 | D30: x | E30: 2 | F30: 3.43 | G30: 0.75 | H30: 0.1 | I30: =ROUND(F30*G30*H30*E30*C30,2) -> 0.51
C31: 1 | D31: x | E31: 1 | F31: 1.88 | G31: 0.75 | H31: 0.1 | I31: =ROUND(F31*G31*H31*E31*C31,2) -> 0.14
B32: flooring bed | C32: 1 | D32: x | E32: 1 | F32: 8.15 | G32: 6.14 | H32: 0.1 | I32: =ROUND(F32*G32*H32*E32*C32,2) -> 5
C33: -1 | D33: x | E33: 1 | F33: 4.27 | G33: 0.23 | H33: 0.1 | I33: =ROUND(F33*G33*H33*E33*C33,2) -> -0.1
C34: -1 | D34: x | E34: 2 | F34: 3.65 | G34: 0.23 | H34: 0.1 | I34: =ROUND(F34*G34*H34*E34*C34,2) -> -0.17
C35: -1 | D35: x | E35: 1 | F35: 6.14 | G35: 0.23 | H35: 0.1 | I35: =ROUND(F35*G35*H35*E35*C35,2) -> -0.14
C36: -1 | D36: x | E36: 1 | F36: 2.1 | G36: 0.23 | H36: 0.1 | I36: =ROUND(F36*G36*H36*E36*C36,2) -> -0.05
C37: 1 | D37: x | E37: 1 | F37: 4.55 | G37: 0.4 | H37: 0.1 | I37: =ROUND(F37*G37*H37*E37*C37,2) -> 0.18 | M37: 2000000 | N37: 1050000
C38: 1 | D38: x | E38: 1 | F38: 1.53 | G38: 0.4 | H38: 0.1 | I38: =ROUND(F38*G38*H38*E38*C38,2) -> 0.06
I39: =SUM(I21:I38) -> 13.59 | J39: =Datas!G157 -> 4371.4636 | K39: =ROUND(I39*J39,0) -> 59408
I40: Cum | J40: Cum
A41: 3 | B41: =Datas!C178 -> RR Masonry in CM (1:6) Cement: Sand) using hard granite stones from approved quarry including cost and conveyance of all materials like Granite stones, cement, sand, water, etc., to site including seigniorage charges, Countryes & other taxes on all materials, all operational, incidental, and labor charges such as cutting stones to required size and shape, mixing of cement mortar, constructing masonry, curing etc., complete for finished item of work for foundation and basement (APSS No. 601 & 615)
B42: RR stone Masonry
B43: long walls | C43: =C28 -> 1 | D43: X | E43: 2 | F43: 8.91 | G43: 0.6 | H43: 0.3 | I43: =ROUND(F43*G43*H43*E43*C43,2) -> 3.21
B44: cross walls | C44: =C29 -> 1 | D44: X | E44: 2 | F44: 5.7 | G44: 0.6 | H44: 0.3 | I44: =ROUND(F44*G44*H44*E44*C44,2) -> 2.05
B45: deductions | C45: -1 | D45: X | E45: 8 | F45: 0.45 | G45: 0.6 | H45: 0.3 | I45: =ROUND(F45*G45*H45*E45*C45,2) -> -0.65
C46: -1 | D46: X | E46: 8 | F46: 0.23 | G46: 0.3 | H46: 0.15 | I46: =ROUND(F46*G46*H46*E46*C46,2) -> -0.08
B47: Toilet long walls | C47: =C32 -> 1 | D47: X | E47: 2 | F47: 2.03 | G47: 0.6 | H47: 0.6 | I47: =ROUND(F47*G47*H47*E47*C47,2) -> 1.46
C48: 1 | D48: X | E48: 2 | F48: 1.73 | G48: 0.6 | H48: 0.6 | I48: =ROUND(F48*G48*H48*E48*C48,2) -> 1.25
B49: Above Ground level
C50: 1 | D50: x | E50: 1 | F50: 8.76 | G50: 0.45 | H50: 0.45 | I50: =ROUND(F50*G50*H50*E50*C50,2) -> 1.77
C51: 1 | D51: x | E51: 2 | F51: 5.85 | G51: 0.45 | H51: 0.45 | I51: =ROUND(F51*G51*H51*E51*C51,2) -> 2.37
C52: -1 | D52: x | E52: 2 | F52: 0.3 | G52: 0.3 | H52: 0.45 | I52: =ROUND(F52*G52*H52*E52*C52,2) -> -0.08
C53: 1 | D53: x | E53: 2 | F53: 1.88 | G53: 0.45 | H53: 0.45 | I53: =ROUND(F53*G53*H53*E53*C53,2) -> 0.76
C54: 1 | D54: x | E54: 2 | F54: 1.88 | G54: 0.45 | H54: 0.45 | I54: =ROUND(F54*G54*H54*E54*C54,2) -> 0.76
I55: =SUM(I43:I54) -> 12.82 | J55: =Datas!G196 -> 3626.63 | K55: =ROUND(I55*J55,0) -> 46493
I56: Cum | J56: Cum
A58: 4 | B58: =Datas!C294 -> RCC M- 20 Nominal mix (Cement:fine aggregate: coarse aggregate) corresponding to Table 9 of IS 456 using 20mm size graded machine crushed hard granite metal (coarse aggregate) from approved quarry including cost and conveyance of all materials like cement, Sand of Concrete coarse aggregate, water etc., to site and including sales & other taxes on all materials including all operational, incidental and labour charges such as machine mixing, laying concrete, curing etc.,complete but excluding cost of steel and its fabrication charges for finished item of work, but excluding centering, shuttering.
A59: a) | B59: For Column, Footings :
B60: =B22 -> Foorings | C60: =C22 -> 1 | D60: X | E60: =E22 -> 9 | F60: 1.2 | G60: 1.2 | H60: 0.3 | I60: =ROUND(F60*G60*H60*E60*C60,2) -> 3.89
I61: =SUM(I60:I60) -> 3.89 | J61: =Datas!G321 -> 8788.51 | K61: =ROUND(I61*J61,0) -> 34187
I62: Cum | J62: Cum
A63: b) | B63: For Pedastals :
B64: =B60 -> Foorings | C64: =C60 -> 1 | D64: X | E64: =E60 -> 9 | F64: 0.45 | G64: 0.45 | H64: 0.6 | I64: =ROUND(F64*G64*H64*E64*C64,2) -> 1.09
I65: =SUM(I64:I64) -> 1.09 | J65: =Datas!G332 -> 9360.51 | K65: =ROUND(I65*J65,0) -> 10203
A66: b) | B66: For Columns : | I66: Cum | J66: Cum
B67: Columns UP to plinth level
C68: 1 | D68: X | E68: 9 | F68: 0.23 | G68: 0.3 | H68: 1.05 | I68: =ROUND(F68*G68*H68*E68*C68,2) -> 0.65
B69: Columns Above Plinth Beam :
C70: 1 | D70: X | E70: 6 | F70: 0.23 | G70: 0.3 | H70: 2.9 | I70: =ROUND(F70*G70*H70*E70*C70,2) -> 1.2
C71: 1 | D71: x | E71: 3 | F71: 0.23 | G71: 0.3 | H71: 2.2 | I71: =ROUND(F71*G71*H71*E71*C71,2) -> 0.46
C72: 1 | D72: x | E72: 3 | F72: 0.23 | G72: 0.3 | H72: 0.4 | I72: =ROUND(F72*G72*H72*E72*C72,2) -> 0.08
I73: =SUM(I68:I72) -> 2.39 | J73: =Datas!E391 -> 11842.03 | K73: =ROUND(I73*J73,0) -> 28302
I74: Cum | J74: Cum
A75: c) | B75: For Plinth Beam :
B76: outer long beams | C76: 1 | D76: X | E76: 2 | F76: 8.61 | G76: 0.23 | H76: 0.3 | I76: =ROUND(F76*G76*H76*E76*C76,2) -> 1.19
B77: outer cross beams | C77: 1 | D77: X | E77: 2 | F77: 6.14 | G77: 0.23 | H77: 0.3 | I77: =ROUND(F77*G77*H77*E77*C77,2) -> 0.85
B78: inner long beams | C78: 1 | D78: X | E78: 1 | F78: 4.27 | G78: 0.23 | H78: 0.3 | I78: =ROUND(F78*G78*H78*E78*C78,2) -> 0.29
C79: 1 | D79: X | E79: 2 | F79: 3.65 | G79: 0.23 | H79: 0.3 | I79: =ROUND(F79*G79*H79*E79*C79,2) -> 0.5
B80: inner cross beams | C80: 1 | D80: x | E80: 1 | F80: 2.1 | G80: 0.23 | H80: 0.3 | I80: =ROUND(F80*G80*H80*E80*C80,2) -> 0.14
C81: 1 | D81: X | E81: 1 | F81: 6.14 | G81: 0.23 | H81: 0.3 | I81: =ROUND(F81*G81*H81*E81*C81,2) -> 0.42
I82: =SUM(I76:I81) -> 3.39 | J82: =Datas!G343 -> 11378.51 | K82: =ROUND(I82*J82,0) -> 38573
I83: Cum | J83: Cum
A84: d) | B84: Lintels :
B85: over D1+ W1 | C85: 1 | D85: X | E85: 1 | F85: 3.7 | G85: 0.23 | H85: 0.15 | I85: =ROUND(F85*G85*H85*E85*C85,2) -> 0.13
B86: over D1 | C86: 1 | D86: X | E86: 1 | F86: 1.65 | G86: 0.23 | H86: 0.15 | I86: =ROUND(F86*G86*H86*E86*C86,2) -> 0.06
B87: over D2 | C87: 1 | D87: X | E87: 1 | F87: 1.5 | G87: 0.115 | H87: 0.15 | I87: =ROUND(F87*G87*H87*E87*C87,2) -> 0.03
B88: over opening | C88: 1 | D88: X | E88: 1 | F88: 1.5 | G88: 0.115 | H88: 0.15 | I88: =ROUND(F88*G88*H88*E88*C88,2) -> 0.03
B89: Over D2+w2 | C89: 1 | D89: X | E89: 1 | F89: 2.25 | G89: 0.23 | H89: 0.15 | I89: =ROUND(F89*G89*H89*E89*C89,2) -> 0.08
B90: over w1 | C90: 1 | D90: X | E90: 4 | F90: 2 | G90: 0.23 | H90: 0.15 | I90: =ROUND(F90*G90*H90*E90*C90,2) -> 0.28
I91: =SUM(I85:I90) -> 0.61 | J91: =Datas!E375 -> 11905.03 | K91: =ROUND(I91*J91,0) -> 7262
I92: Cum | J92: Cum
A93: f) | B93: For 0.60x0.0375 Mts wide Sunshade
B94: verandah front | C94: 1 | D94: x | E94: 1 | F94: 4.83 | I94: =ROUND(PRODUCT(C94:H94),2) -> 4.83
C95: 1 | D95: x | E95: 1 | F95: 2.2 | I95: =ROUND(PRODUCT(C95:H95),2) -> 2.2
B96: over w1 | C96: 1 | D96: x | E96: 4 | F96: 2 | I96: =ROUND(PRODUCT(C96:H96),2) -> 8
B97: Over D2+w2 | C97: 1 | D97: x | E97: 1 | F97: 2.25 | G97: -- | H97: -- | I97: =ROUND(PRODUCT(C97:H97),2) -> 2.25
I98: =SUM(I94:I97) -> 17.28 | J98: =Datas!E503 -> 606.11 | K98: =ROUND(I98*J98,0) -> 10474
I99: Rmt | J99: Rmt
A100: G) | B100: Beams :
B101: Bressumer verandah front | C101: 1 | D101: X | E101: 1 | F101: 4.23 | G101: 0.23 | H101: 0.3 | I101: =ROUND(F101*G101*H101*E101*C101,2) -> 0.29
B102: side | C102: 1 | D102: X | E102: 1 | F102: 3.15 | G102: 0.23 | H102: 0.3 | I102: =ROUND(F102*G102*H102*E102*C102,2) -> 0.22
B103: roof beam long walls | C103: 1 | D103: X | E103: 3 | F103: 8.61 | G103: 0.23 | H103: 0.3 | I103: =ROUND(F103*G103*H103*E103*C103,2) -> 1.78
...

Sheet SR 22.00 
A1: SPECIFICATION REPORT
B2: Accompanying the Detailed Estimate for the work Modal Estimate for Construction of Rythu Vedhika Work shed
E3: Estt. Cost Rs. : | F3: 2200000
B4: As per the Instructions of the Hon'ble Chief Minister Govt of Telangana the proposals for Construction of Rythu Vedhika works shed , is prepared with the following provisions for effective implementation of new agricultural polices and it is proposed to equip with advance technology including video conference facilities to disseminate information to the formers about the crops , and experts suggestions and Government assistances in providing marketing facilities to formers from time to time.
B5: Multipurpose hall | C5: 30'.00'x46'6 | D5: AEO Room | E5: 12'0"x12'0"
B6: PBS Coordinators room | C6: 17''7.5"x12' | D6: Ladies Toilet | E6: 10'6"x4'9"
B7: Total Plinth Area | C7: 2046 Sq ft | D7: Mens Toilets | E7: 10'6"x4'9"
B9: Roof height | C9: 12'00" Side Wall | D9: Roofing | E9: Pre-painted Galvalume Trapezoidal Profile Roofing sheets with truss
B11: The following provisions are made in the above estimate with specifications duly adopting cement rate at Rs 230.00 per Bag as per GO MS No 5 dt 16.06.2020 of Industries and Commerce (IP& INF) Dept of Govt TS, and Seignarages are excluded in this estimate as per the Message No 03/RD/TA/2020dt 13.02.20 of Technical adviser RD TS Govt of Telangana and For Steel GST is added @ 18% in the data
A13: 1 | B13: Earth work excavation and depositing on bank with initial lead of 10m and initial lift of 2m in Loamy and Clayey Soils like B.C. Soils, red earth & Ordinary Gravel (SS 20-B) including shoring, strutting, sheeting, planking and dewatering including cost of hire charges of T & P, labour charges etc., complete for finished item of work for Foundation of Building.(APSS No. 308) As per Rural SSR
A14: =A13+1 -> 2 | B14: Plain Cement Concrete (1:5:10) prop nominal mix (cement: fine aggregate: coarse aggregate) using 40mm size HBG (SS5) metal from approved quarry including Cost and Conveyance of all materials like cement, sand, coarse aggregate, water etc. to site, including all operational, incidental, and labour charges such as mixing, laying and ramming concrete in layers in position not exceeding 15cm, finishing top surface, curing concrete, excluding seign etc., complete for finished item of work for Foundations and Flooring Bed (APSS No. 402) for Levelling Course, Flooring bed in Hall and Rooms
A15: =A14+1 -> 3 | B15: Plain Cement Concrete (1:4:8) prop nominal mix (cement: fine aggregate: coarse aggregate) using 40mm size HBG (SS5) metal from approved quarry (obtained by blasting) including Cost and Conveyance of all materials like cement, sand, coarse aggregate, water etc. to site, including all operational, incidental, and labour charges such as mixing, laying and ramming concrete in layers in position not exceeding 15cm, finishing top surface, curing concrete,excluding seign etc., complete for finished item of work for Foundations and Flooring Bed (APSS No. 402)
A16: =A15+1 -> 4 | B16: Random Rubble stone masonry, in CM (1:8) prop: (Cement: Sand) using hard granite stones from approved quarry including Cost and Conveyance of all materials like Granite stones, cement, sand, water, etc., to site including all operational, incidental, and labour charges such as cutting stones to required size and shape, mixing of cement mortar, constructing masonry, curing,excluding seign etc., complete for finished item of work for foundation (APSS No. 601 & 615)
A17: =A16+1 -> 5 | B17: Filling with useful available excavated earth (excluding rock) in trenches, sides of foundations and basement with initial lead in layers not exceeding 15cm thick, consolidating each deposited layer by watering and ramming including cost and Cost and Conveyance of water to site and all operational, incidental, labour charges, sales and other taxes etc, hire charges of T & P excluding seignetc., complete for finished item of work. (APSS NO. 309 & 310)
A18: =A17+1 -> 6 | B18: Providing high yield strength deformed (HYSD) steel TMT bars (Fe 500 grade as per IS 1786-1985) of 8mm to 40mm diameters, cutting, bending, to required sizes and shapes placing in position with cover blocks of approved size and binding wire of 20SWG, forming grills for reinforcement work as per approved designs and drawings including Cost and Conveyance of bars from approved sources to site of work with GST added @ 18% , including Cost and Conveyance of binding wire, cover blocks chains, overlaps, spaces, dowels, wastage etc, and all operational, incidental, and labour charges such as cutting, bending, placing in position, tying etc.excluding seign, and other taxes,on cost of all materials complete for finished item of work (APSS No.126) in
A19: 7 | B19: Masonry work in CM (1:6) prop with Fly ash cement/ lime solid blocks withcompressive strength of 50 kg/sq.cm - IS:12894-1990 - CLASS - 5 290 x 150 x 140 mm TBSC-A.II-10 including cost and conveyance of all materials, labour charges, seiniorage charges, scaffolding and curing etc., cpomplete with a compresive streangth not lessthan 50 kg/sqm for walls for Superstructure Walls. For Workshed with 150mm thick
A20: 8 | B20: Brick masonry in superstructure with CM (1:8) prop: using traditional bricks from approved quarry including Cost and Conveyance of all materials like cement, sand, bricks, water etc., to site, including materials, all operational, incidental and labour charges such as mixing cement mortar, constructing masonry, scaffolding charges, lift charges, curing, etc.,excluding seign complete for finished item of work. (APSS No. 501 & 504).
A21: =A20+1 -> 9 | B21: Ornamental plastering to ceiling 12mm thick in CM (1:3) with dubara sponge finish including Cost and Conveyance of all materials like cement, sand, water etc., to site, including other taxes on all materials, all operational, incidental and labour charges such as mixing mortar, finishing, scaffolding, lift charges, including cutting of Grooves wherever necessary as directed by Engineer-in-charge, curing, etc.,excluding seign complete for finished item of work.(APSS 901& 903 )
A22: =A21+1 -> 10 | B22: Providing impervious coat over RCC roof slab to required slopes with CM (1:3) prop. 20mm thick (average) mixed with water proofing compound manufactured by reputed manufacturers as approved by Engineer-in-charge at 1Kg/bag of cement, laid over roof slab when it is green, finished smooth with a floating coat of neat cement and thread lining at regular intervals of 45cmx45cm including Cost and Conveyance of all materials like cement, sand, water proofing compound, water etc., to site, on all materials, all operational, incidental and labour charges such as mixing mortar, laying, rounding off at junctions of wall and slab, rendering smooth with thread lining, curing, lift charges, etc., complete for finished item of work (APSS No. 901 & 903)
A23: 11 | B23: Plastering with CM (1:4), 12 mm thick including cost and conveyance of all materials like cement, sand, water etc., to site, seigniorage charges, Countryes & other taxes on all materials, all operational, incidental,GST charges of Cement and steel and labor charges such as mixing mortar, scaffolding charges, lift charges, including cutting of Grooves wherever necessary as directed by Engineer - in - charge, finishing, curing, etc., complete,excluding seigniorage charges, for Even Surfaces of Wall for finished item of work. (APSS 901,903 & 904) For Internal walls and external walls of Shed
A24: 12 | B24: Plastering 12mm thick double coat in CM (1:6) 8mm thick base coat and top coat CM(1:4) of 4mm thick with dubara sponge finish including c/c of all materials like cement, sand,water etc., to site, other taxes on all materials, all operational, incidental and labour charges such as mixing mortar, scaffolding charges, lift charges, including cutting of Grooves wherever necessary as directed by Engineer-in-charge, finishing, curing, etc., complete for finished item of work. (APSS 901,903 & 904) - Internal Walls of Toiet Block
A25: =A24+1 -> 13 | B25: Plastering 12mm thick double coat in CM (1:5) 8 mm thick base coat and CM (1:3) of 4mm thick top coat with dubara sponge finish including c/c of all materials like cement, sand,water etc., to site, other taxes on all materials, all operational, incidental and labour charges such as mixing mortar, scaffolding charges, lift charges, including cutting of Grooves wherever necessary as directed by Engineer-in-charge, finishing, curing, etc., complete for for finished item of work. (APSS 901,903 & 904) - External Walls of Toilet Block
A27: 14 | B27: Flooring with 15 to 18mm thick polished shabad stones set over base coat of CM (1:8) over already laid CC bed / RCC Roof Slab, including neat cement slurry of honey like consistency spread @ 3.3 kgs per sqm. & Jointed with neat cement to full depth including cost of all materials like cement, sand, and water and flooring stones etc., complete, including other taxes on all materials,for dressing of flooring stones etc,excluding seigniorage charges, ., complete for finished item of work, but excluding the cost of conveyance of all materials.
A28: 14 | B28: Flooring with 100mm thick Cement Concrete 1:4:8, using 40mm metal, 100mm thick and 20 mm Cement Concrete surface (Ellis Pattern, 1st Sort) on Passage portion and Ramps
A29: =A27+1 -> 15 | B29: Flooring with Ceramic Tiles of 7.3mm thick 1st. quality of any shade as approved by Engineer - in - charge set over a base coat of CM (1:8), 12mm thick laid over flooring bed / V.R.C.C. slab, with neat grey cement slurry of honey like consistency spread at the rate of 3.3 Kgs of cement per Sq.m and jointed with neat white cement paste mixed with pigment of matching shade including cost and conveyance of all materials for Bath Rooms
A30: =A29+1 -> 16 | B30: Dadooing to walls with white glazed tiles 1st. quality of any size of brand as approved by Engineer - in - charge and set over a base coat of CM (1:5), 12mm thick and neat cement paste at the rate of 3.3 Kg/Sqmt. and jointed with white cement paste mixed with pigment of matching shade including cost and conveyance of all materials for Toilets
A31: =A30+1 -> 17 | B31: Flush Pointing to RRS Masonry in CM(1:3) Prop: including cost and conveyance of all materials like cement, sand, water etc., to site, Excluding seigniorage charges,Including, Countryes & other taxes on all materials, all operational, incidental,GST charges of Cement and steel charges and labour charges such as mixing mortar, finishing, curing, etc., complete for finished item of work. (APSS 901,906)
A32: =A31+1 -> 18 | B32: Supply and fixing of Sal wood Door frame and shutter for Double shutter/Single Door Shutterwith fully panelled door of size with frame made of well seasoned Sal Wood scantlings of size respective size shown below as per approved design with fixtures of 6 nos of 9" ' z" holdfasts, 300 mm long MS Iron coted aldrop-1 no, 125mm long MS iron butt hinges 6 No's, Door stoppers-2 no, 150mm long MS coated Tower bolts 3- no's MS iron coated fancy handles 150 mm -2nos with necessary screws complete including cost and conveyance of all materials and labour charges etc. complete as per specifications (APSS NO.1001 & 1002)
A33: =A32+1 -> 19 | B33: Door MD (1.80 x 2.40) of section 5"x 7' | C33: Door D1 (1.50 x 2.40) of section 4"x 6" | D33: Door D2 (0.90 x2.10) of section 3"x5"
A34: =A33+1 -> 20 | B34: Supplying and fixing of Unplasticised Poly Vinyl Chloride (UPVC) sliding doors three track - three glass shutters sliding - 112 -Series duly manufactured using UPVC reinforced profiles of 112.0 mm x 60 mm x 2.25 mm for outer frames, 66 mm x 42 mm x 2.25 mm for sliding door shutter frames capable of mounting single glazing system, structurally reinforced with hot dip galvanized up to 50 microns of minimum thickness of 1.2 mm prefabricated & welded through fusion welding the window sash shall be fitted with 5 mm thick clear float glass ofreputed make and fixed with EPDM weathering seal resistant accessories likeclippinglocking system made of aluminium 1 No., per set of sashes and the system is to be installed at the site using anchor fasteners, silicon rubber sealant, easy glazing/ deglazing at site etc., including cost and conveyance of all materials, accessories, labour charges for transportation, erection at site with templates for casement sizingcompleteforfinisheditemofwork
A35: =A34+1 -> 21 | B35: Window (1.50 x 1.20)
A36: =A35+1 -> 22 | B36: Skirting with 15 to 18mm thick polished shahbad stone 100mm height in CM (1:5) with
A37: =A36+1 -> 23 | B37: Roofing with Supply of Pre-painted Galvalume Trapezoidal Profile Roofing sheets with 0.50mm thickness, Coating: Alu-Zinc coating AZ150 GSM Tensile Strength: 550 MPA.Paint coating: Regular Modified Polyester painting.Painting hickness (Top): 18 to 20 Microns,(Bottom): 5 to 7 Microns. Sheet Width: 1.020, Length:Maximum 12 Meters with Regular Range Coloursfixed with G.I ‘J’ bolts & nuts 8 mm dia with bitumen & G.I limpet washers filled with white lead & including a coat of approved steel primer and two coats of approved paint on over lapping of sheets complete (up to a pitch of 600) and eigniorage charges, etc., complete, excluding the cost of purlins, rafters, trusses & cost of conveyance of all materials
A38: =A37+1 -> 24 | B38: Painting to new walls with 2 coats of ready mixed oil bound wahsable distemper of approved brand and shade over a base coat of appropriate primer of approved brand, making 3 coats in all to give an even shade after thourughly brushing the surface to remove all dirt and remains of loose powdered materials, including,GST charges of Cement and steel cost and conveyance of all materials to work site and all operational, incidental, labour charges etc. complete for finished item of work as per SS 911 for internal walls
A39: =A38+1 -> 25 | B39: Painting to New walls with two coats of snowcem paints of approved brand and shade over base coat of appropriate distemper primer of approved brand making three coats in all to give an even shade after thoroughly brushing the surface to remove all loose powdered materials, including c/c of all materials, cost of brushes, water to site, etc., & other taxes, all operational, incidental and labour charges such as scaffolding charges, lift charges, curing etc.,complete for finished item of work in all floors for external Walls.(APSS No. 911)
A40: =A39+1 -> 26 | B40: Painting with Synthetic Enamel paints - Two Coats - for New Wood Works including cost and conveyance of all materials to site, Countryes & other taxes, all operational, incidental and labour charges etc., complete for finished item of work.
A41: =A40+1 -> 27 | B41: Provision for Electrical work
A42: =A41+1 -> 28 | B42: Provision for Sanitory and Water supply
B44: The estimate is prepared with SSR 2019-20 ,RSSR and submitted for kind consideration for according adminidtrative sanction

Sheet Rythu Vedhika -12'Trep  (M) (2)
A1: DETAIED AND ABSTRACT ESTIMATE
A2: ='Lead- Input sheet '!A2 -> Construction of Anganwadi Building at Jeedipally Thanda (V) of Kalwakurthy (M) of Nagarkurnool District
A3: Sno | B3: Description of item | C3: Nos. | F3: Measurements | I3: Qty | J3: Rate/Per | K3: Total Amount | L3: SEIGNORAGE CHARGES/Unit | M3: TOTALSEIGNORAGE CHARGES
F4: L | G4: B | H4: D
A5: 1 | B5: =A5+1 -> 2 | C5: =B5+1 -> 3 | F5: =C5+1 -> 4 | G5: =F5+1 -> 5 | H5: =G5+1 -> 6 | I5: =H5+1 -> 7 | J5: =I5+1 -> 8 | K5: 9 | L5: =K5+1 -> 10 | M5: =L5+1 -> 11
A6: 1 | B6: Earth work excavation and depositing on bank with initial lead of 10m and initial lift of 2m in Loamy & Clayey Soils like BC Soils, Red Earth & Ordinary Gravelly Soils ( SS 20-B) including shoring, strutting, sheeting, planking and dewatering including cost of hire charges of T & P, labor charges etc., complete for finished item of work for Foundation of Building. (APSS No. 308)
B7: For SBC 20 TN/sqm only
B8: Footings | C8: 2 | D8: x | E8: 6 | F8: 2 | G8: 2 | H8: 1.65 | I8: =ROUND(C8*E8*F8*G8*H8,2) -> 79.2
B9: For long walls for Plat form inclding Room Portion | C9: 1 | D9: x | E9: 2 | F9: 18.3 | G9: 0.6 | H9: 0.6 | I9: =ROUND(C9*E9*F9*G9*H9,2) -> 13.18
B10: For Cross walls for Platform inclding Room Portion | C10: 1 | D10: x | E10: 3 | F10: =(30.75)*0.3048 -> 9.3726 | G10: 0.6 | H10: 0.6 | I10: =ROUND(C10*E10*F10*G10*H10,2) -> 10.12
B11: For Cross walls in rooms | C11: 1 | D11: x | E11: 1 | F11: 3.85 | G11: 0.6 | H11: 0.6 | I11: =ROUND(C11*E11*F11*G11*H11,2) -> 1.39
B12: For toilets Long walls | C12: 1 | D12: x | E12: 2 | F12: 4.49 | G12: 0.6 | H12: 0.6 | I12: =ROUND(C12*E12*F12*G12*H12,2) -> 3.23
B13: For toilets Short walls | C13: 1 | D13: x | E13: 2 | F13: 2.68 | G13: 0.6 | H13: 0.6 | I13: =ROUND(C13*E13*F13*G13*H13,2) -> 1.93
B14: For Inner walls of Toilets | C14: 1 | D14: x | E14: 1 | F14: 4.15 | G14: 0.6 | H14: 0.6 | I14: =ROUND(C14*E14*F14*G14*H14,2) -> 1.49
B15: For Short Inner walls of Toilets | C15: 1 | D15: x | E15: 2 | F15: 1.5 | G15: 0.6 | H15: 0.6 | I15: =ROUND(C15*E15*F15*G15*H15,2) -> 1.08
B16: For Soak Pit of Toilet Block | C16: PI/4 | D16: x | E16: 2 | F16: 1.35 | G16: 1.35 | H16: 2 | I16: =ROUND(PI()/4*E16*F16*G16*H16,2) -> 5.73
B17: for Entrance steps Platform Long wall | C17: 1 | D17: x | E17: 1 | F17: =(31.5-6-4)*0.3048 -> 6.5532 | G17: 0.6 | H17: 0.3 | I17: =ROUND(C17*E17*F17*G17*H17,2) -> 1.18
B18: for Entrance steps Platform short walls | C18: 1 | D18: x | E18: 2 | F18: 3 | G18: 0.6 | H18: 0.3 | I18: =ROUND(C18*E18*F18*G18*H18,2) -> 1.08
B19: for Entrrance steps | C19: 1 | D19: x | E19: 1 | F19: =(31.5-6)*0.3048 -> 7.7724 | G19: 1.2 | H19: 0.3 | I19: =ROUND(C19*E19*F19*G19*H19,2) -> 2.8
B20: for Entrrance steps | C20: 1 | D20: x | E20: 2 | F20: 4.2 | G20: 1.2 | H20: 0.3 | I20: =ROUND(C20*E20*F20*G20*H20,2) -> 3.02
I21: =SUM(I8:I20) -> 125.43
B22: As per Rural SSR Rates as GO 168 dt 27.04.2020 ((Hard Gravel soils) | I22: =CEILING(I21,0.05) -> 125.45 | J22: 221.47 | K22: =ROUND(J22*I22/1,0) -> 27783 | L22: 30 | M22: =L22*I22 -> 3763.5 | O22: =ROUND(I22*N22,0) -> 0
I23: Cum. | J23: 1 cum
A24: 2 | B24: Plain Cement Concrete corresponding to M5 grade as per IS 456 equivalent to (1:4;8) proportion nominal mix (cement: fine aggregate: Coarse aggregate) using 40mm size HBG (SS5) metal from approved quarry including cost and conveyance of all materials like cement, sand, coarse aggregate, water etc. to site, excluding seigniorage charges,Including, Countryes & other taxes on all materials, all operational, incidental,GST charges of Cement and steel and labor charges, such as mixing, laying and ramming concrete in layers in position not exceeding 15cm, finishing top surface, curing concrete, etc., complete for finished item of work for Foundations and Flooring Bed (APSS No. 402)
B25: Footings | C25: 2 | D25: x | E25: 6 | F25: 2 | G25: 2 | H25: 0.15 | I25: =ROUND(C25*E25*F25*G25*H25,2) -> 7.2
I26: =I25 -> 7.2 | J26: =Datas!G154 -> 4371.4636 | K26: =ROUND(J26*I26,0) -> 31475 | L26: 108 | M26: =L26*I26 -> 777.6 | N26: 108 | O26: =ROUND(I26*N26,0) -> 778
I27: Cum. | J27: Cum.
A28: 3 | B28: Plain Cement Concrete corresponding to M5 grade as per IS 456 equivalent to (1:5;10) proportion nominal mix (cement: fine aggregate: Coarse aggregate) using 40mm size HBG (SS5) metal from approved quarry including cost and conveyance of all materials like cement, sand, coarse aggregate, water etc. to site, excluding seigniorage charges,Including, Countryes & other taxes on all materials, all operational, incidental,GST charges of Cement and steel and labor charges such as mixing, laying and ramming concrete in layers in position not exceeding 15cm, finishing top surface, curing concrete, etc., complete for finished item of work for Foundations and Flooring Bed (APSS No. 402)
B29: For under Flooring in Hall | C29: 1 | D29: x | E29: 1 | F29: =(46.5)*0.3048 -> 14.1732 | G29: =(30)*0.3048 -> 9.144 | H29: 0.1 | I29: =ROUND(C29*E29*F29*G29*H29,2) -> 12.96
B30: For under Flooring in AEO Room | C30: 1 | D30: x | E30: 1 | F30: 3.6 | G30: =(12)*0.3048 -> 3.6576 | H30: 0.1 | I30: =ROUND(C30*E30*F30*G30*H30,2) -> 1.32
B31: For under Flooring in PBS Coordinator Room | C31: 1 | D31: x | E31: 1 | F31: 3.6 | G31: =(17.23)*0.3048 -> 5.251704 | H31: 0.1 | I31: =ROUND(C31*E31*F31*G31*H31,2) -> 1.89
B32: For under Flooring in Gents Toilet | C32: 1 | D32: x | E32: 1 | F32: 3.2 | G32: 1.5 | H32: 0.1 | I32: =ROUND(C32*E32*F32*G32*H32,2) -> 0.48
B33: For under Flooring in ladies Toilet | C33: 1 | D33: x | E33: 1 | F33: 3.6 | G33: 1.5 | H33: 0.1 | I33: =ROUND(C33*E33*F33*G33*H33,2) -> 0.54
B34: For long walls for Platform inclding Room Portion | C34: 1 | D34: x | E34: 2 | F34: =(60.75)*0.3048+0.6 -> 19.1166 | G34: 0.6 | H34: 0.1 | I34: =ROUND(C34*E34*F34*G34*H34,2) -> 2.29
B35: For Cross walls for Platform inclding Room Portion | C35: 1 | D35: x | E35: 3 | F35: =(30.75)*0.3048-0.6 -> 8.7726 | G35: 0.6 | H35: 0.1 | I35: =ROUND(C35*E35*F35*G35*H35,2) -> 1.58
B36: For Cross walls for room | C36: 1 | D36: x | E36: 1 | F36: 3.89 | G36: 0.6 | H36: 0.1 | I36: =ROUND(C36*E36*F36*G36*H36,2) -> 0.23
B37: For toilets Long walls | C37: 1 | D37: x | E37: 2 | F37: 4.49 | G37: 0.6 | H37: 0.1 | I37: =ROUND(C37*E37*F37*G37*H37,2) -> 0.54
B38: For toilets Short walls | C38: 1 | D38: x | E38: 2 | F38: 2.68 | G38: 0.6 | H38: 0.1 | I38: =ROUND(C38*E38*F38*G38*H38,2) -> 0.32
B39: For Inner Long walls of Toilets | C39: 1 | D39: x | E39: 1 | F39: 4.15 | G39: 0.6 | H39: 0.1 | I39: =ROUND(C39*E39*F39*G39*H39,2) -> 0.25
B40: For Inner Short walls of Toilets | C40: 1 | D40: x | E40: 2 | F40: 1.8 | G40: 0.6 | H40: 0.1 | I40: =ROUND(C40*E40*F40*G40*H40,2) -> 0.22
B41: for Entrance steps Platfrom Long wall | C41: 1 | D41: x | E41: 1 | F41: =(31.5-6-4)*0.3048 -> 6.5532 | G41: 0.6 | H41: 0.1 | I41: =ROUND(C41*E41*F41*G41*H41,2) -> 0.39
B42: for Entrance steps Plot From short walls | C42: 1 | D42: x | E42: 2 | F42: 3 | G42: 0.6 | H42: 0.1 | I42: =ROUND(C42*E42*F42*G42*H42,2) -> 0.36
B43: for Entrance steps Long wall | C43: 1 | D43: x | E43: 1 | F43: =(31.5-6)*0.3048 -> 7.7724 | G43: 1.2 | H43: 0.1 | I43: =ROUND(C43*E43*F43*G43*H43,2) -> 0.93
B44: for Entrance steps Long wall | C44: 1 | D44: x | E44: 2 | F44: 4.2 | G44: 1.2 | H44: 0.1 | I44: =ROUND(C44*E44*F44*G44*H44,2) -> 1.01
I45: =SUM(I29:I44) -> 25.31 | J45: =Datas!G174 -> 4155.81 | K45: =ROUND(J45*I45,0) -> 105184 | L45: 108 | M45: =L45*I45 -> 2733.48 | N45: 108 | O45: =ROUND(I45*N45,0) -> 2733
I46: Cum. | J46: Cum.
A47: 4 | B47: Random Rubble stone masonry, in CM (1:8) prop: (Cement: Sand) using hard granite stones from approved quarry including cost and conveyance of all materials like Granite stones, cement, sand, water, etc., to site excluding seigniorage charges,Including, Countryes & other taxes on all materials, all operational, incidental,GST charges of Cement and steel and labor charges such as cutting stones to required size and shape, mixing of cement mortar, constructing masonry, curing etc., complete for finished item of work for foundation and basement (APSS No. 601 & 615)
B48: Below Ground level
B49: For long walls for Plot form inclding Room Portion | C49: 1 | D49: x | E49: 2 | F49: =(60.75)*0.3048+0.45 -> 18.9666 | G49: 0.45 | H49: 0.5 | I49: =ROUND(C49*E49*F49*G49*H49,2) -> 8.53
B50: For Cross walls for Plot form inclding Room Portion | C50: 1 | D50: x | E50: 3 | F50: =(30.75)*0.3048-0.45 -> 8.9226 | G50: 0.45 | H50: 0.5 | I50: =ROUND(C50*E50*F50*G50*H50,2) -> 6.02
B51: For inner walls in rooms | C51: 1 | D51: x | E51: 1 | F51: 3.89 | G51: 0.45 | H51: 0.5 | I51: =ROUND(C51*E51*F51*G51*H51,2) -> 0.88
B52: For toilets Long walls | C52: 1 | D52: x | E52: 2 | F52: =12.75*0.3048+0.45 -> 4.3362 | G52: 0.45 | H52: 0.5 | I52: =ROUND(C52*E52*F52*G52*H52,2) -> 1.95
B53: For toilets Short walls | C53: 1 | D53: x | E53: 2 | F53: =10.75*0.3048-0.45 -> 2.8266 | G53: 0.45 | H53: 0.5 | I53: =ROUND(C53*E53*F53*G53*H53,2) -> 1.27
B54: For long walls of Toilets | C54: 1 | D54: x | E54: 1 | F54: 4.15 | G54: 0.45 | H54: 0.5 | I54: =ROUND(C54*E54*F54*G54*H54,2) -> 0.93
B55: For short walls of Toilets | C55: 1 | D55: x | E55: 2 | F55: 1.35 | G55: 0.45 | H55: 0.5 | I55: =ROUND(C55*E55*F55*G55*H55,2) -> 0.61
B56: for Entrrance steps Plot From Long wall | C56: 1 | D56: x | E56: 1 | F56: =(31.5-6-4)*0.3048 -> 6.5532 | G56: 0.45 | H56: 0.5 | I56: =ROUND(C56*E56*F56*G56*H56,2) -> 1.47
B57: for Entrrance steps Plot From short walls | C57: 1 | D57: x | E57: 2 | F57: 3 | G57: 0.45 | H57: 0.5 | I57: =ROUND(C57*E57*F57*G57*H57,2) -> 1.35
B58: Above Ground level | I58: =SUM(I49:I57) -> 23.01
B59: For long walls for Plot form inclding Room Portion | C59: 1 | D59: x | E59: 2 | F59: =(60.75)*0.3048+0.45 -> 18.9666 | G59: 0.45 | H59: 0.45 | I59: =ROUND(C59*E59*F59*G59*H59,2) -> 7.68
B60: For Cross walls for Plot form inclding Room Portion | C60: 1 | D60: x | E60: 3 | F60: =(30.75)*0.3048-0.45 -> 8.9226 | G60: 0.45 | H60: 0.45 | I60: =ROUND(C60*E60*F60*G60*H60,2) -> 5.42
B61: For inner walls in rooms | C61: 1 | D61: x | E61: 1 | F61: 3.89 | G61: 0.45 | H61: 0.45 | I61: =ROUND(C61*E61*F61*G61*H61,2) -> 0.79
B62: For toilets Long walls | C62: 1 | D62: x | E62: 2 | F62: =12.75*0.3048+0.45 -> 4.3362 | G62: 0.45 | H62: 0.45 | I62: =ROUND(C62*E62*F62*G62*H62,2) -> 1.76
B63: For toilets Short walls | C63: 1 | D63: x | E63: 2 | F63: =10.75*0.3048-0.45 -> 2.8266 | G63: 0.45 | H63: 0.45 | I63: =ROUND(C63*E63*F63*G63*H63,2) -> 1.14
B64: For long walls of Toilets | C64: 1 | D64: x | E64: 1 | F64: 4.15 | G64: 0.45 | H64: 0.45 | I64: =ROUND(C64*E64*F64*G64*H64,2) -> 0.84
B65: For short walls of Toilets | C65: 1 | D65: x | E65: 2 | F65: 1.35 | G65: 0.45 | H65: 0.45 | I65: =ROUND(C65*E65*F65*G65*H65,2) -> 0.55
B66: for Entrrance steps Plot From Long wall | C66: 1 | D66: x | E66: 1 | F66: =(31.5-6-4)*0.3048 -> 6.5532 | G66: 0.45 | H66: 0.45 | I66: =ROUND(C66*E66*F66*G66*H66,2) -> 1.33
B67: for Entrrance steps Plot From short walls | C67: 1 | D67: x | E67: 2 | F67: 3 | G67: 0.45 | H67: 0.45 | I67: =ROUND(C67*E67*F67*G67*H67,2) -> 1.22
B68: for Ramps | C68: 1 | D68: x | E68: 2 | F68: 3 | G68: 1.2 | H68: 0.3 | I68: =ROUND(C68*E68*F68*G68*H68,2) -> 2.16
I69: =SUM(I59:I68) -> 22.89
B70: For Main door
B71: Front Step 1 | C71: 1 | D71: x | E71: 1 | F71: =(31.5-6)*0.3048 -> 7.7724 | G71: 1.2 | H71: 0.15 | I71: =ROUND(C71*E71*F71*G71*H71,2) -> 1.4
B72: Front Step 2 | C72: 1 | D72: x | E72: 1 | F72: =(31.5-6-2)*0.3048 -> 7.1628 | G72: 0.9 | H72: 0.15 | I72: =ROUND(C72*E72*F72*G72*H72,2) -> 0.97
B73: Front Step 3 | C73: 1 | D73: x | E73: 1 | F73: =(31.5-6-2-2)*0.3048 -> 6.5532 | G73: 0.6 | H73: 0.15 | I73: =ROUND(C73*E73*F73*G73*H73,2) -> 0.59
B74: Front Step 4 | C74: 1 | D74: x | E74: 1 | F74: =(31.5-6-2-2-2)*0.3048 -> 5.9436 | G74: 0.3 | H74: 0.15 | I74: =ROUND(C74*E74*F74*G74*H74,2) -> 0.27
B75: Side Step 1 | C75: 1 | D75: x | E75: 1 | F75: =(10)*0.3048 -> 3.048 | G75: 1.2 | H75: 0.15 | I75: =ROUND(C75*E75*F75*G75*H75,2) -> 0.55
B76: Side Step 2 | C76: 1 | D76: x | E76: 1 | F76: =(10-1)*0.3048 -> 2.7432 | G76: 0.9 | H76: 0.15 | I76: =ROUND(C76*E76*F76*G76*H76,2) -> 0.37
B77: Side Step 3 | C77: 1 | D77: x | E77: 1 | F77: =(10-2)*0.3048 -> 2.4384 | G77: 0.6 | H77: 0.15 | I77: =ROUND(C77*E77*F77*G77*H77,2) -> 0.22
B78: Side Step 4 | C78: 1 | D78: x | E78: 1 | F78: =(10-3)*0.3048 -> 2.1336 | G78: 0.3 | H78: 0.15 | I78: =ROUND(C78*E78*F78*G78*H78,2) -> 0.1
I79: =SUM(I71:I78) -> 4.47
I80: =I79+I69+I58 -> 50.37 | J80: =Datas!$G$212 -> 3494.84 | K80: =ROUND(J80*I80,0) -> 176035 | L80: =1.1*75+0.33*90 -> 112.2 | M80: =L80*I80 -> 5651.514 | N80: =(1.1*75+0.33*90) -> 112.2 | O80: =ROUND(I80*N80,0) -> 5652
I81: Cum. | J81: per Cum.
A82: 5 | B82: Vibrated reinforced cement concrete corresponding M20 grade as per IS 456 equivalent to (1:1.5:3) prop: nominal mix (Cement: fine aggregate: coarse aggregate using 20mm size HBG (SS5) machine crushed metal from approved quarry including cost and conveyance of all materials like cement, fine aggregate (Sand), coarse aggregate, water etc. to site excluding seigniorage charges,including, Countryes & other taxes on all materials, GST charges of Cement and steel , all operational, incidental, and labor charges such as centering, shuttering, scaffolding, lift charges, machine mixing, laying concrete, vibrating, curing concrete etc, complete but excluding cost of steel and its fabrication charges for finished item of work (APSS No.402 & 403)
A83: A) | B83: For Column Footings | C83: 2 | D83: x | E83: 6 | F83: 1.5 | G83: 1.5 | H83: 0.4 | I83: =ROUND(C83*E83*F83*G83*H83,2) -> 10.8
I84: =I83 -> 10.8 | J84: =Datas!$G$318 -> 8788.51 | K84: =ROUND(J84*I84,0) -> 94916 | L84: 108 | M84: =L84*I84 -> 1166.4 | N84: 108 | O84: =ROUND(I84*N84,0) -> 1166
I85: Cum. | J85: Per Cum
A86: B) | B86: Columns Below Ground level
B87: Columns | C87: 2 | D87: x | E87: 6 | F87: 0.23 | G87: 0.375 | H87: =1.65-0.15-0.4 -> 1.1 | I87: =ROUND(C87*E87*F87*G87*H87,2) -> 1.14
B88: Columns up to Roof Level
B89: Columns | C89: 2 | D89: x | E89: 6 | F89: 0.23 | G89: 0.375 | H89: 4.56 | I89: =ROUND(C89*E89*F89*G89*H89,2) -> 4.72
I90: =SUM(I87:I89) -> 5.86
I91: =I90 -> 5.86 | J91: =Datas!$E$388 -> 11842.03 | K91: =ROUND(J91*I91,0) -> 69394 | L91: 108 | M91: =L91*I91 -> 632.88 | N91: 108 | O91: =ROUND(I91*N91,0) -> 633
I92: Cum. | J92: PerCum.
A93: C) | B93: Plinth beams
B94: Long Beams | C94: 1 | D94: x | E94: 2 | F94: =60.75*0.3048-6*0.225 -> 17.1666 | G94: 0.23 | H94: 0.3 | I94: =ROUND(C94*E94*F94*G94*H94,2) -> 2.37
B95: Cross Beams | C95: 1 | D95: x | E95: 3 | F95: =30*0.3048 -> 9.144 | G95: 0.23 | H95: 0.3 | I95: =ROUND(C95*E95*F95*G95*H95,2) -> 1.89
I96: =SUM(I94:I95) -> 4.26 | J96: =Datas!$G$340 -> 11378.51 | K96: =ROUND(J96*I96,0) -> 48472 | L96: 108 | M96: =L96*I96 -> 460.08 | N96: 108 | O96: =ROUND(I96*N96,0) -> 460
I97: Cum. | J97: Per Cum.
A98: D) | B98: For Tie Beams @ 8'0
B99: Long Beams | C99: 1 | D99: x | E99: 2 | F99: =60.75*0.3048-6*0.225 -> 17.1666 | G99: 0.23 | H99: 0.3 | I99: =ROUND(C99*E99*F99*G99*H99,2) -> 2.37
B100: Cross Beams | C100: 1 | D100: x | E100: 3 | F100: 9 | G100: 0.23 | H100: 0.3 | I100: =ROUND(C100*E100*F100*G100*H100,2) -> 1.86
...

Sheet Rythu Vedhika model estimate
A1: DETAIED AND ABSTRACT ESTIMATE 2020-21
A2: ='Lead- Input sheet '!A2 -> Construction of Anganwadi Building at Jeedipally Thanda (V) of Kalwakurthy (M) of Nagarkurnool District | P2: Steel | Q2: Cement
A3: Sno | B3: Description of item | C3: Nos. | F3: Measurements | I3: Qty | J3: Rate/Per | K3: Total Amount | L3: SEIGNORAGE CHARGES/Unit | M3: TOTALSEIGNORAGE CHARGES | P3: 3.61 | Q3: 28
F4: L | G4: B | H4: D
A5: 1 | B5: =A5+1 -> 2 | C5: =B5+1 -> 3 | F5: =C5+1 -> 4 | G5: =F5+1 -> 5 | H5: =G5+1 -> 6 | I5: =H5+1 -> 7 | J5: =I5+1 -> 8 | K5: 9 | L5: =K5+1 -> 10 | M5: =L5+1 -> 11 | N5: =K538 -> -566221 | O5: LS | P5: Note: the LS amount does not exceed Rs.1300, the excess LS amount maybe kept in steel and cement
A6: 1 | B6: Earth work excavation and depositing on bank with initial lead of 10m and initial lift of 2m in Loamy & Clayey Soils like BC Soils, Red Earth & Ordinary Gravelly Soils ( SS 20-B) including shoring, strutting, sheeting, planking and dewatering including cost of hire charges of T & P, labor charges etc., complete for finished item of work for Foundation of Building. (APSS No. 308)
B7: For SBC 15 TN/sqm only
B8: Footings (F1) | C8: 1 | D8: x | E8: 10 | F8: 1.45 | G8: 1.45 | H8: 1.8 | I8: =ROUND(C8*E8*F8*G8*H8,2) -> 37.85
B9: Footings (F2) | C9: 1 | D9: x | E9: 6 | F9: 1.7 | G9: 1.2 | H9: 1.8 | I9: =ROUND(C9*E9*F9*G9*H9,2) -> 22.03
B10: For Exterior walls to A1-F6 ,A4-F4 | C10: 1 | D10: x | E10: 2 | F10: =60.75*0.3048+0.3 -> 18.8166 | G10: 0.6 | H10: 0.6 | I10: =ROUND(C10*E10*F10*G10*H10,2) -> 13.55
B11: For Cross walls A1-A4, F1-F4 with Projection | C11: 1 | D11: x | E11: 2 | F11: =(30.75)*0.3048-0.6+2.4 -> 11.1726 | G11: 0.6 | H11: 0.6 | I11: =ROUND(C11*E11*F11*G11*H11,2) -> 8.04
B12: For toilets Long walls | C12: 1 | D12: x | E12: 2 | F12: 4.49 | G12: 0.6 | H12: 0.6 | I12: =ROUND(C12*E12*F12*G12*H12,2) -> 3.23
B13: For toilets Short walls | C13: 1 | D13: x | E13: 2 | F13: 2.68 | G13: 0.6 | H13: 0.6 | I13: =ROUND(C13*E13*F13*G13*H13,2) -> 1.93
B14: For toilets Plotforms both sides | C14: 1 | D14: x | E14: 2 | F14: 1.5 | G14: 0.6 | H14: 0.6 | I14: =ROUND(C14*E14*F14*G14*H14,2) -> 1.08
B15: For Soak Pit of Toilet Block | C15: PI/4 | D15: x | E15: 2 | F15: 1.35 | G15: 1.35 | H15: 2 | I15: =ROUND(PI()/4*E15*F15*G15*H15,2) -> 5.73
B16: for Entrance steps Platform Long wall | C16: 1 | D16: x | E16: 1 | F16: =(31.5-6-4)*0.3048 -> 6.5532 | G16: 0.6 | H16: 0.3 | I16: =ROUND(C16*E16*F16*G16*H16,2) -> 1.18
B17: for Entrance steps Platform short walls | C17: 1 | D17: x | E17: 2 | F17: 3 | G17: 0.6 | H17: 0.3 | I17: =ROUND(C17*E17*F17*G17*H17,2) -> 1.08
B18: for Entrrance steps | C18: 1 | D18: x | E18: 1 | F18: =(31.5-6)*0.3048 -> 7.7724 | G18: 1.2 | H18: 0.3 | I18: =ROUND(C18*E18*F18*G18*H18,2) -> 2.8
B19: for Entrrance steps | C19: 1 | D19: x | E19: 2 | F19: 4.2 | G19: 1.2 | H19: 0.3 | I19: =ROUND(C19*E19*F19*G19*H19,2) -> 3.02
B20: For Pedstals for internal Plinth beam ' | C20: 3 | D20: x | E20: 1 | F20: 0.75 | G20: 0.75 | H20: 0.6 | I20: =ROUND(C20*E20*F20*G20*H20,2) -> 1.01
B21: For Ramps | C21: 1 | D21: x | E21: 2 | F21: 3 | G21: 1.2 | H21: 0.15 | I21: =ROUND(C21*E21*F21*G21*H21,2) -> 1.08
I22: 1.59 | N22: 105.2
I23: =SUM(I8:I22) -> 105.2
B24: As per Rural SSR Rates as GO 168 dt 27.04.2020 ((Hard Gravel soils) | I24: =CEILING(I23,0.05) -> 105.2 | J24: 221.47 | K24: =ROUND(J24*I24/1,0) -> 23299 | L24: 30 | M24: =L24*I24 -> 3156 | O24: =ROUND(I24*N24,0) -> 0
I25: Cum. | J25: 1 cum
A26: 2 | B26: Plain Cement Concrete corresponding to M5 grade as per IS 456 equivalent to (1:4;8) proportion nominal mix (cement: fine aggregate: Coarse aggregate) using 40mm size HBG (SS5) metal from approved quarry including cost and conveyance of all materials like cement, sand, coarse aggregate, water etc. to site,excluding seignarage charges as per the message no 03/RD/TA/2020dt 13.02.20 of Technical adviser RD TS ,Including Countryes & other taxes on all materials, all operational, incidental,including GST on steel,and all taxes Cement as per GO MS 5 dt16.06.20 and labor charges, such as mixing, laying and ramming concrete in layers in position not exceeding 15cm, finishing top surface, curing concrete, etc., complete for finished item of work for Foundations and Flooring Bed (APSS No. 402)
B27: Footings (F1) | C27: 1 | D27: x | E27: 10 | F27: 1.45 | G27: 1.45 | H27: 0.15 | I27: =ROUND(C27*E27*F27*G27*H27,2) -> 3.15
B28: Footings (F2) | C28: 1 | D28: x | E28: 6 | F28: 1.7 | G28: 1.2 | H28: 0.15 | I28: =ROUND(C28*E28*F28*G28*H28,2) -> 1.84
I29: =SUM(I27:I28) -> 4.99 | J29: =Datas!G154 -> 4371.4636 | K29: =ROUND(J29*I29,0) -> 21814 | L29: 108 | M29: =L29*I29 -> 538.92 | N29: 108 | O29: =ROUND(I29*N29,0) -> 539
I30: Cum. | J30: Cum.
A31: 3 | B31: Plain Cement Concrete corresponding to M5 grade as per IS 456 equivalent to (1:5;10) proportion nominal mix (cement: fine aggregate: Coarse aggregate) using 40mm size HBG (SS5) metal from approved quarry including cost and conveyance of all materials like cement, sand, coarse aggregate, water etc. to site,excluding seignarage charges as per the message no 03/RD/TA/2020dt 13.02.20 of Technical adviser RD TS ,Including, Countryes & other taxes on all materials, all operational, incidental,Including GST on steel,and all taxes Cement as per GO MS 5 dt16.06.20 and labor charges such as mixing, laying and ramming concrete in layers in position not exceeding 15cm, finishing top surface, curing concrete, etc., complete for finished item of work for Foundations and Flooring Bed (APSS No. 402)
B32: For under Flooring in Hall | C32: 1 | D32: x | E32: 1 | F32: =(46.5)*0.3048 -> 14.1732 | G32: =(30)*0.3048 -> 9.144 | H32: 0.075 | I32: =ROUND(C32*E32*F32*G32*H32,2) -> 9.72
B33: For under Flooring in AEO Room | C33: 1 | D33: x | E33: 1 | F33: 3.6 | G33: =(12)*0.3048 -> 3.6576 | H33: 0.075 | I33: =ROUND(C33*E33*F33*G33*H33,2) -> 0.99
B34: For under Flooring in PBS Coordinator Room | C34: 1 | D34: x | E34: 1 | F34: 3.6 | G34: =(17.33)*0.3048 -> 5.282184 | H34: 0.075 | I34: =ROUND(C34*E34*F34*G34*H34,2) -> 1.43
B35: For under Flooring in Gents Toilet | C35: 1 | D35: x | E35: 1 | F35: 3.2 | G35: 1.5 | H35: 0.1 | I35: =ROUND(C35*E35*F35*G35*H35,2) -> 0.48
B36: For under Flooring in ladies Toilet | C36: 1 | D36: x | E36: 1 | F36: 3.6 | G36: 1.5 | H36: 0.1 | I36: =ROUND(C36*E36*F36*G36*H36,2) -> 0.54
B37: For Exterior walls to A1-F6 ,A4-F4 | C37: 1 | D37: x | E37: 2 | F37: =60.75*0.3048+0.3 -> 18.8166 | G37: 0.6 | H37: 0.1 | I37: =ROUND(C37*E37*F37*G37*H37,2) -> 2.26
B38: For Cross walls A1-A4, F1-F4 with Projection | C38: 1 | D38: x | E38: 2 | F38: =(30.75)*0.3048-0.6+2.4 -> 11.1726 | G38: 0.6 | H38: 0.1 | I38: =ROUND(C38*E38*F38*G38*H38,2) -> 1.34
B39: For toilets Long walls | C39: 1 | D39: x | E39: 2 | F39: 4.49 | G39: 0.6 | H39: 0.1 | I39: =ROUND(C39*E39*F39*G39*H39,2) -> 0.54
B40: For toilets Short walls | C40: 1 | D40: x | E40: 2 | F40: 2.68 | G40: 0.6 | H40: 0.1 | I40: =ROUND(C40*E40*F40*G40*H40,2) -> 0.32
B41: For toilets Plotforms both sides | C41: 1 | D41: x | E41: 2 | F41: 1.5 | G41: 0.6 | H41: 0.1 | I41: =ROUND(C41*E41*F41*G41*H41,2) -> 0.18
B42: for Entrance steps Platform Long wall | C42: 1 | D42: x | E42: 1 | F42: =(31.5-6-4)*0.3048 -> 6.5532 | G42: 0.6 | H42: 0.1 | I42: =ROUND(C42*E42*F42*G42*H42,2) -> 0.39
B43: for Entrance steps Platform short walls | C43: 1 | D43: x | E43: 2 | F43: 3 | G43: 0.6 | H43: 0.1 | I43: =ROUND(C43*E43*F43*G43*H43,2) -> 0.36
B44: for Entrrance steps | C44: 1 | D44: x | E44: 1 | F44: =(31.5-6)*0.3048 -> 7.7724 | G44: 1.2 | H44: 0.1 | I44: =ROUND(C44*E44*F44*G44*H44,2) -> 0.93
B45: for Entrrance steps | C45: 1 | D45: x | E45: 2 | F45: 4.2 | G45: 1.2 | H45: 0.1 | I45: =ROUND(C45*E45*F45*G45*H45,2) -> 1.01
B46: For Pedstals for internal Plinth beam ' | C46: 3 | D46: x | E46: 1 | F46: 0.75 | G46: 0.75 | H46: 0.1 | I46: =ROUND(C46*E46*F46*G46*H46,2) -> 0.17
B47: For Ramps | C47: 1 | D47: x | E47: 2 | F47: 3 | G47: 1.2 | H47: 0.1 | I47: =ROUND(C47*E47*F47*G47*H47,2) -> 0.72
B48: Under IPB1 for A1-F1,A4-F4 | C48: 1 | D48: x | E48: 2 | F48: =61.5*0.3048-6*0.225 -> 17.3952 | G48: 0.3 | H48: 0.1 | I48: =ROUND(C48*E48*F48*G48*H48,2) -> 1.04
B49: under EPB1for B1-B4, C1-C4, D1-D4,E1-E4 | C49: 1 | D49: x | E49: 4 | F49: =30*0.3048-0.45*2 -> 8.244 | G49: 0.3 | H49: 0.1 | I49: =ROUND(C49*E49*F49*G49*H49,2) -> 0.99
B50: under IPB1 for A2-B2, | C50: 1 | D50: x | E50: 1 | F50: 3.6 | G50: 0.3 | H50: 0.1 | I50: =ROUND(C50*E50*F50*G50*H50,2) -> 0.11
I51: 0.26
I52: =SUM(I32:I51) -> 23.78 | J52: =Datas!G174 -> 4155.81 | K52: =ROUND(J52*I52,0) -> 98825 | L52: 108 | M52: =L52*I52 -> 2568.24 | N52: 108 | O52: =ROUND(I52*N52,0) -> 2568
I53: Cum. | J53: Cum.
A54: 4 | B54: Random Rubble stone masonry, in CM (1:8) prop: (Cement: Sand) using hard granite stones from approved quarry including cost and conveyance of all materials like Granite stones, cement, sand, water, etc., to site, excluding seignarage charges as per the message no 03/RD/TA/2020dt 13.02.20 of Technical adviser RD TS ,Including, Countryes & other taxes on all materials, all operational, incidental,Including GST on steel,and all taxes Cement as per GO MS 5 dt16.06.20and labor charges such as cutting stones to required size and shape, mixing of cement mortar, constructing masonry, curing etc., complete for finished item of work for foundation and basement (APSS No. 601 & 615)
B55: Below Ground level
B56: For Exterior walls to A1-F6 ,A4-F4 | C56: 1 | D56: x | E56: 2 | F56: =(60.75)*0.3048+0.45 -> 18.9666 | G56: 0.45 | H56: 0.45 | I56: =ROUND(C56*E56*F56*G56*H56,2) -> 7.68
B57: For Cross walls A1-A4, F1-F4 with Projection | C57: 1 | D57: x | E57: 2 | F57: =(30.75+4*4)*0.3048-0.45 -> 13.7994 | G57: 0.45 | H57: 0.45 | I57: =ROUND(C57*E57*F57*G57*H57,2) -> 5.59
B58: For toilets Long walls | C58: 1 | D58: x | E58: 2 | F58: =12.75*0.3048+0.45 -> 4.3362 | G58: 0.45 | H58: 0.45 | I58: =ROUND(C58*E58*F58*G58*H58,2) -> 1.76
B59: For toilets Short walls | C59: 1 | D59: x | E59: 2 | F59: =10.75*0.3048-0.45 -> 2.8266 | G59: 0.45 | H59: 0.45 | I59: =ROUND(C59*E59*F59*G59*H59,2) -> 1.14
B60: For toilets Plotforms both sides | C60: 1 | D60: x | E60: 2 | F60: 1.5 | G60: 0.4 | H60: 0.45 | I60: =ROUND(C60*E60*F60*G60*H60,2) -> 0.54
B61: for Entrrance steps Plot From Long wall | C61: 1 | D61: x | E61: 1 | F61: =(31.5-6-4)*0.3048 -> 6.5532 | G61: 0.45 | H61: 0.2 | I61: =ROUND(C61*E61*F61*G61*H61,2) -> 0.59
B62: for Entrrance steps Plot From short walls | C62: 1 | D62: x | E62: 2 | F62: 3 | G62: 0.45 | H62: 0.2 | I62: =ROUND(C62*E62*F62*G62*H62,2) -> 0.54
B63: For Pedstals for internal Plinth beam ' | C63: 3 | D63: x | E63: 2 | F63: 0.6 | G63: 0.6 | H63: 0.5 | I63: =ROUND(C63*E63*F63*G63*H63,2) -> 1.08
B64: Above Ground level | I64: =SUM(I56:I63) -> 18.92
B65: For long walls for Plot form inclding Room Portion | C65: 1 | D65: x | E65: 2 | F65: =(60.75)*0.3048+0.45 -> 18.9666 | G65: 0.45 | H65: 0.425 | I65: =ROUND(C65*E65*F65*G65*H65,2) -> 7.25
B66: For Cross walls for Plot form inclding Room Portion | C66: 1 | D66: x | E66: 2 | F66: =(30.75+4*4)*0.3048-0.45 -> 13.7994 | G66: 0.45 | H66: 0.425 | I66: =ROUND(C66*E66*F66*G66*H66,2) -> 5.28
B67: For toilets Long walls | C67: 1 | D67: x | E67: 2 | F67: =12.75*0.3048+0.45 -> 4.3362 | G67: 0.45 | H67: 0.425 | I67: =ROUND(C67*E67*F67*G67*H67,2) -> 1.66
B68: For toilets Short walls | C68: 1 | D68: x | E68: 2 | F68: =10.75*0.3048-0.45 -> 2.8266 | G68: 0.45 | H68: 0.425 | I68: =ROUND(C68*E68*F68*G68*H68,2) -> 1.08
B69: For toilets Plotforms both sides | C69: 1 | D69: x | E69: 2 | F69: 1.5 | G69: 0.4 | H69: 0.45 | I69: =ROUND(C69*E69*F69*G69*H69,2) -> 0.54
B70: for Entrrance steps Plot From Long wall | C70: 1 | D70: x | E70: 1 | F70: =(31.5-6-4)*0.3048 -> 6.5532 | G70: 0.45 | H70: 0.425 | I70: =ROUND(C70*E70*F70*G70*H70,2) -> 1.25
B71: for Entrrance steps Plot From short walls | C71: 1 | D71: x | E71: 2 | F71: 3 | G71: 0.45 | H71: 0.425 | I71: =ROUND(C71*E71*F71*G71*H71,2) -> 1.15
B72: for Ramps | C72: 1 | D72: x | E72: 2 | F72: 3 | G72: 1.2 | H72: (0.60+0)/2 | I72: =ROUND(C72*E72*F72*G72*0.3,2) -> 2.16
B73: For Pedstals for internal Plinth beam ' | C73: 3 | D73: x | E73: 2 | F73: 0.45 | G73: 0.45 | H73: 0.3 | I73: =ROUND(C73*E73*F73*G73*H73,2) -> 0.36
I74: =SUM(I65:I73) -> 20.73
B75: For Main door
B76: Front Step 1 | C76: 1 | D76: x | E76: 1 | F76: =(31.5-6)*0.3048 -> 7.7724 | G76: 1.2 | H76: 0.15 | I76: =ROUND(C76*E76*F76*G76*H76,2) -> 1.4
B77: Front Step 2 | C77: 1 | D77: x | E77: 1 | F77: =(31.5-6-2)*0.3048 -> 7.1628 | G77: 0.9 | H77: 0.15 | I77: =ROUND(C77*E77*F77*G77*H77,2) -> 0.97
B78: Front Step 3 | C78: 1 | D78: x | E78: 1 | F78: =(31.5-6-2-2)*0.3048 -> 6.5532 | G78: 0.6 | H78: 0.15 | I78: =ROUND(C78*E78*F78*G78*H78,2) -> 0.59
B79: Front Step 4 | C79: 1 | D79: x | E79: 1 | F79: =(31.5-6-2-2-2)*0.3048 -> 5.9436 | G79: 0.3 | H79: 0.15 | I79: =ROUND(C79*E79*F79*G79*H79,2) -> 0.27
B80: Side Step 1 | C80: 1 | D80: x | E80: 1 | F80: =(10)*0.3048 -> 3.048 | G80: 1.2 | H80: 0.15 | I80: =ROUND(C80*E80*F80*G80*H80,2) -> 0.55
B81: Side Step 2 | C81: 1 | D81: x | E81: 1 | F81: =(10-1)*0.3048 -> 2.7432 | G81: 0.9 | H81: 0.15 | I81: =ROUND(C81*E81*F81*G81*H81,2) -> 0.37
B82: Side Step 3 | C82: 1 | D82: x | E82: 1 | F82: =(10-2)*0.3048 -> 2.4384 | G82: 0.6 | H82: 0.15 | I82: =ROUND(C82*E82*F82*G82*H82,2) -> 0.22
B83: Side Step 4 | C83: 1 | D83: x | E83: 1 | F83: =(10-3)*0.3048 -> 2.1336 | G83: 0.3 | H83: 0.15 | I83: =ROUND(C83*E83*F83*G83*H83,2) -> 0.1
I84: =SUM(I76:I83) -> 4.47
I85: 1.62
I86: =I84+I74+I64+I85 -> 45.74 | J86: =Datas!$G$212 -> 3494.84 | K86: =ROUND(J86*I86,0) -> 159854 | L86: =1.1*75+0.33*90 -> 112.2 | M86: =L86*I86 -> 5132.028 | N86: =(1.1*75+0.33*90) -> 112.2 | O86: =ROUND(I86*N86,0) -> 5132
I87: Cum. | J87: per Cum.
A88: 5 | B88: Vibrated reinforced cement concrete corresponding M20 grade as per IS 456 equivalent to (1:1.5:3) prop: nominal mix (Cement: fine aggregate: coarse aggregate using 20mm size HBG (SS5) machine crushed metal from approved quarry including cost and conveyance of all materials like cement, fine aggregate (Sand), coarse aggregate, water etc. to site, excluding seignarage charges as per the message no 03/RD/TA/2020dt 13.02.20 of Technical adviser RD TS ,including, Countryes & other taxes on all materials, Including GST on steel,and all taxes Cement as per GO MS 5 dt16.06.20, all operational, incidental, and labor charges such as centering, shuttering, scaffolding, lift charges, machine mixing, laying concrete, vibrating, curing concrete etc, complete but excluding cost of steel and its fabrication charges for finished item of work (APSS No.402 & 403)
A89: A) | B89: For Column Footings
B90: F1,F2,F3,F4,F5,F6,F13,F14,F15, F16 | C90: 1 | D90: x | E90: 10 | F90: 1.25 | G90: 1.25 | H90: 0.3 | I90: =ROUND(C90*E90*F90*G90*H90,2) -> 4.69
B91: F7,F8,F9,F10,F11,F12 | C91: 1 | D91: x | E91: 6 | F91: 1.5 | G91: 1 | H91: 0.3 | I91: =ROUND(C91*E91*F91*G91*H91,2) -> 2.7
I92: =SUM(I89:I91) -> 7.39 | J92: =Datas!$G$318 -> 8788.51 | K92: =ROUND(J92*I92,0) -> 64947 | L92: 108 | M92: =L92*I92 -> 798.12 | N92: 108 | O92: =ROUND(I92*N92,0) -> 798
I93: Cum. | J93: Per Cum
A94: B) | B94: Columns Below Ground level
B95: C1 Type | C95: 1 | D95: x | E95: 4 | F95: 0.23 | G95: 0.3 | H95: =1.8-0.15-0.3 -> 1.35 | I95: =ROUND(C95*E95*F95*G95*H95,2) -> 0.37
B96: C2 Type | C96: 1 | D96: x | E96: 6 | F96: 0.23 | G96: 0.375 | H96: =1.8-0.15-0.3 -> 1.35 | I96: =ROUND(C96*E96*F96*G96*H96,2) -> 0.7
B97: C3 Type | C97: 1 | D97: x | E97: 6 | F97: 0.23 | G97: 0.375 | H97: =1.8-0.15-0.3 -> 1.35 | I97: =ROUND(C97*E97*F97*G97*H97,2) -> 0.7
B98: Columns up to Plinth level
B99: C1 Type | C99: 1 | D99: x | E99: 4 | F99: 0.23 | G99: 0.3 | H99: 0.6 | I99: =ROUND(C99*E99*F99*G99*H99,2) -> 0.17
B100: C2 Type | C100: 1 | D100: x | E100: 6 | F100: 0.23 | G100: 0.375 | H100: 0.6 | I100: =ROUND(C100*E100*F100*G100*H100,2) -> 0.31
...

Sheet Rythu Vedhika -12'Trep TeaK Doo
A1: DETAIED AND ABSTRACT ESTIMATE
A2: ='Lead- Input sheet '!A2 -> Construction of Anganwadi Building at Jeedipally Thanda (V) of Kalwakurthy (M) of Nagarkurnool District
A3: Sno | B3: Description of item | C3: Nos. | F3: Measurements | I3: Qty | J3: Rate/Per | K3: Total Amount | L3: SEIGNORAGE CHARGES/Unit | M3: TOTALSEIGNORAGE CHARGES
F4: L | G4: B | H4: D
A5: 1 | B5: =A5+1 -> 2 | C5: =B5+1 -> 3 | F5: =C5+1 -> 4 | G5: =F5+1 -> 5 | H5: =G5+1 -> 6 | I5: =H5+1 -> 7 | J5: =I5+1 -> 8 | K5: 9 | L5: =K5+1 -> 10 | M5: =L5+1 -> 11
A6: 1 | B6: Earth work excavation and depositing on bank with initial lead of 10m and initial lift of 2m in Loamy & Clayey Soils like BC Soils, Red Earth & Ordinary Gravelly Soils ( SS 20-B) including shoring, strutting, sheeting, planking and dewatering including cost of hire charges of T & P, labor charges etc., complete for finished item of work for Foundation of Building. (APSS No. 308)
B7: For SBC 15 TN/sqm only
B8: Footings (F1) | C8: 1 | D8: x | E8: 10 | F8: 1.45 | G8: 1.45 | H8: 1.8 | I8: =ROUND(C8*E8*F8*G8*H8,2) -> 37.85
B9: Footings (F2) | C9: 1 | D9: x | E9: 6 | F9: 1.7 | G9: 1.2 | H9: 1.8 | I9: =ROUND(C9*E9*F9*G9*H9,2) -> 22.03
B10: For Exterior walls to A1-F6 ,A4-F4 | C10: 1 | D10: x | E10: 2 | F10: =60.75*0.3048+0.3 -> 18.8166 | G10: 0.6 | H10: 0.6 | I10: =ROUND(C10*E10*F10*G10*H10,2) -> 13.55
B11: For Cross walls A1-A4, F1-F4 with Projection | C11: 1 | D11: x | E11: 2 | F11: =(30.75)*0.3048-0.6+2.4 -> 11.1726 | G11: 0.6 | H11: 0.6 | I11: =ROUND(C11*E11*F11*G11*H11,2) -> 8.04
B12: For toilets Long walls | C12: 1 | D12: x | E12: 2 | F12: 4.49 | G12: 0.6 | H12: 0.6 | I12: =ROUND(C12*E12*F12*G12*H12,2) -> 3.23
B13: For toilets Short walls | C13: 1 | D13: x | E13: 2 | F13: 2.68 | G13: 0.6 | H13: 0.6 | I13: =ROUND(C13*E13*F13*G13*H13,2) -> 1.93
B14: For Short Inner walls of Toilets | C14: 1 | D14: x | E14: 1 | F14: 1.5 | G14: 0.6 | H14: 0.6 | I14: =ROUND(C14*E14*F14*G14*H14,2) -> 0.54
B15: For Short Inner walls of Toilets | C15: 1 | D15: x | E15: 1 | F15: 3 | G15: 0.6 | H15: 0.6 | I15: =ROUND(C15*E15*F15*G15*H15,2) -> 1.08
B16: For Soak Pit of Toilet Block | C16: PI/4 | D16: x | E16: 2 | F16: 1.35 | G16: 1.35 | H16: 2 | I16: =ROUND(PI()/4*E16*F16*G16*H16,2) -> 5.73
B17: for Entrance steps Platform Long wall | C17: 1 | D17: x | E17: 1 | F17: =(31.5-6-4)*0.3048 -> 6.5532 | G17: 0.6 | H17: 0.3 | I17: =ROUND(C17*E17*F17*G17*H17,2) -> 1.18
B18: for Entrance steps Platform short walls | C18: 1 | D18: x | E18: 2 | F18: 3 | G18: 0.6 | H18: 0.3 | I18: =ROUND(C18*E18*F18*G18*H18,2) -> 1.08
B19: for Entrrance steps | C19: 1 | D19: x | E19: 1 | F19: =(31.5-6)*0.3048 -> 7.7724 | G19: 1.2 | H19: 0.3 | I19: =ROUND(C19*E19*F19*G19*H19,2) -> 2.8
B20: for Entrrance steps | C20: 1 | D20: x | E20: 2 | F20: 4.2 | G20: 1.2 | H20: 0.3 | I20: =ROUND(C20*E20*F20*G20*H20,2) -> 3.02
B21: For Pedstals for internal Plinth beam ' | C21: 3 | D21: x | E21: 2 | F21: 0.75 | G21: 0.75 | H21: 0.6 | I21: =ROUND(C21*E21*F21*G21*H21,2) -> 2.03
B22: For Ramps | C22: 1 | D22: x | E22: 2 | F22: 3 | G22: 1.2 | H22: 0.15 | I22: =ROUND(C22*E22*F22*G22*H22,2) -> 1.08
I23: =SUM(I8:I22) -> 105.17
B24: As per Rural SSR Rates as GO 168 dt 27.04.2020 ((Hard Gravel soils) | I24: =CEILING(I23,0.05) -> 105.2 | J24: 221.47 | K24: =ROUND(J24*I24/1,0) -> 23299 | L24: 30 | M24: =L24*I24 -> 3156 | O24: =ROUND(I24*N24,0) -> 0
I25: Cum. | J25: 1 cum
A26: 2 | B26: Plain Cement Concrete corresponding to M5 grade as per IS 456 equivalent to (1:4;8) proportion nominal mix (cement: fine aggregate: Coarse aggregate) using 40mm size HBG (SS5) metal from approved quarry including cost and conveyance of all materials like cement, sand, coarse aggregate, water etc. to site,excluding seignarage charges as per the message no 03/RD/TA/2020dt 13.02.20 of Technical adviser RD TS ,Including Countryes & other taxes on all materials, all operational, incidental,including GST on steel,and all taxes Cement as per GO MS 5 dt16.06.20 and labor charges, such as mixing, laying and ramming concrete in layers in position not exceeding 15cm, finishing top surface, curing concrete, etc., complete for finished item of work for Foundations and Flooring Bed (APSS No. 402)
B27: Footings (F1) | C27: 1 | D27: x | E27: 10 | F27: 1.45 | G27: 1.45 | H27: 0.15 | I27: =ROUND(C27*E27*F27*G27*H27,2) -> 3.15
B28: Footings (F2) | C28: 1 | D28: x | E28: 6 | F28: 1.7 | G28: 1.2 | H28: 0.15 | I28: =ROUND(C28*E28*F28*G28*H28,2) -> 1.84
I29: =SUM(I27:I28) -> 4.99 | J29: =Datas!G154 -> 4371.4636 | K29: =ROUND(J29*I29,0) -> 21814 | L29: 108 | M29: =L29*I29 -> 538.92 | N29: 108 | O29: =ROUND(I29*N29,0) -> 539
I30: Cum. | J30: Cum.
A31: 3 | B31: Plain Cement Concrete corresponding to M5 grade as per IS 456 equivalent to (1:5;10) proportion nominal mix (cement: fine aggregate: Coarse aggregate) using 40mm size HBG (SS5) metal from approved quarry including cost and conveyance of all materials like cement, sand, coarse aggregate, water etc. to site,excluding seignarage charges as per the message no 03/RD/TA/2020dt 13.02.20 of Technical adviser RD TS ,Including, Countryes & other taxes on all materials, all operational, incidental,Including GST on steel,and all taxes Cement as per GO MS 5 dt16.06.20 and labor charges such as mixing, laying and ramming concrete in layers in position not exceeding 15cm, finishing top surface, curing concrete, etc., complete for finished item of work for Foundations and Flooring Bed (APSS No. 402)
B32: For under Flooring in Hall | C32: 1 | D32: x | E32: 1 | F32: =(46.5)*0.3048 -> 14.1732 | G32: =(30)*0.3048 -> 9.144 | H32: 0.075 | I32: =ROUND(C32*E32*F32*G32*H32,2) -> 9.72
B33: For under Flooring in AEO Room | C33: 1 | D33: x | E33: 1 | F33: 3.6 | G33: =(12)*0.3048 -> 3.6576 | H33: 0.075 | I33: =ROUND(C33*E33*F33*G33*H33,2) -> 0.99
B34: For under Flooring in PBS Coordinator Room | C34: 1 | D34: x | E34: 1 | F34: 3.6 | G34: =(17.33)*0.3048 -> 5.282184 | H34: 0.1 | I34: =ROUND(C34*E34*F34*G34*H34,2) -> 1.9
B35: For under Flooring in Gents Toilet | C35: 1 | D35: x | E35: 1 | F35: 3.2 | G35: 1.5 | H35: 0.1 | I35: =ROUND(C35*E35*F35*G35*H35,2) -> 0.48
B36: For under Flooring in ladies Toilet | C36: 1 | D36: x | E36: 1 | F36: 3.6 | G36: 1.5 | H36: 0.1 | I36: =ROUND(C36*E36*F36*G36*H36,2) -> 0.54
B37: For Exterior walls to A1-F6 ,A4-F4 | C37: 1 | D37: x | E37: 2 | F37: =60.75*0.3048+0.3 -> 18.8166 | G37: 0.6 | H37: 0.1 | I37: =ROUND(C37*E37*F37*G37*H37,2) -> 2.26
B38: For Cross walls A1-A4, F1-F4 with Projection | C38: 1 | D38: x | E38: 2 | F38: =(30.75)*0.3048-0.6+2.4 -> 11.1726 | G38: 0.6 | H38: 0.1 | I38: =ROUND(C38*E38*F38*G38*H38,2) -> 1.34
B39: For toilets Long walls | C39: 1 | D39: x | E39: 2 | F39: 4.49 | G39: 0.6 | H39: 0.1 | I39: =ROUND(C39*E39*F39*G39*H39,2) -> 0.54
B40: For toilets Short walls | C40: 1 | D40: x | E40: 2 | F40: 2.68 | G40: 0.6 | H40: 0.1 | I40: =ROUND(C40*E40*F40*G40*H40,2) -> 0.32
B41: For Short Inner walls of Toilets | C41: 1 | D41: x | E41: 1 | F41: 1.5 | G41: 0.6 | H41: 0.1 | I41: =ROUND(C41*E41*F41*G41*H41,2) -> 0.09
B42: For Short Inner walls of Toilets | C42: 1 | D42: x | E42: 1 | F42: 3 | G42: 0.6 | H42: 0.1 | I42: =ROUND(C42*E42*F42*G42*H42,2) -> 0.18
B43: for Entrance steps Platform Long wall | C43: 1 | D43: x | E43: 1 | F43: =(31.5-6-4)*0.3048 -> 6.5532 | G43: 0.6 | H43: 0.1 | I43: =ROUND(C43*E43*F43*G43*H43,2) -> 0.39
B44: for Entrance steps Platform short walls | C44: 1 | D44: x | E44: 2 | F44: 3 | G44: 0.6 | H44: 0.1 | I44: =ROUND(C44*E44*F44*G44*H44,2) -> 0.36
B45: for Entrrance steps | C45: 1 | D45: x | E45: 1 | F45: =(31.5-6)*0.3048 -> 7.7724 | G45: 1.2 | H45: 0.1 | I45: =ROUND(C45*E45*F45*G45*H45,2) -> 0.93
B46: for Entrrance steps | C46: 1 | D46: x | E46: 2 | F46: 4.2 | G46: 1.2 | H46: 0.1 | I46: =ROUND(C46*E46*F46*G46*H46,2) -> 1.01
B47: For Pedstals for internal Plinth beam ' | C47: 3 | D47: x | E47: 2 | F47: 0.75 | G47: 0.75 | H47: 0.6 | I47: =ROUND(C47*E47*F47*G47*H47,2) -> 2.03
B48: For Ramps | C48: 1 | D48: x | E48: 2 | F48: 3 | G48: 1.2 | H48: 0.1 | I48: =ROUND(C48*E48*F48*G48*H48,2) -> 0.72
B49: Under IPB1 for A1-F1,A4-F4 | C49: 1 | D49: x | E49: 2 | F49: =61.5*0.3048-6*0.225 -> 17.3952 | G49: 0.3 | H49: 0.1 | I49: =ROUND(C49*E49*F49*G49*H49,2) -> 1.04
B50: under EPB1for B1-B4, C1-C4, D1-D4,E1-E4 | C50: 1 | D50: x | E50: 4 | F50: =30*0.3048-0.45*2 -> 8.244 | G50: 0.3 | H50: 0.1 | I50: =ROUND(C50*E50*F50*G50*H50,2) -> 0.99
B51: under IPB1 for A2-B2, | C51: 1 | D51: x | E51: 1 | F51: 3.6 | G51: 0.3 | H51: 0.1 | I51: =ROUND(C51*E51*F51*G51*H51,2) -> 0.11
I52: =SUM(I32:I51) -> 25.94 | J52: =Datas!G174 -> 4155.81 | K52: =ROUND(J52*I52,0) -> 107802 | L52: 108 | M52: =L52*I52 -> 2801.52 | N52: 108 | O52: =ROUND(I52*N52,0) -> 2802
I53: Cum. | J53: Cum.
A54: 4 | B54: Random Rubble stone masonry, in CM (1:8) prop: (Cement: Sand) using hard granite stones from approved quarry including cost and conveyance of all materials like Granite stones, cement, sand, water, etc., to site, excluding seignarage charges as per the message no 03/RD/TA/2020dt 13.02.20 of Technical adviser RD TS ,Including, Countryes & other taxes on all materials, all operational, incidental,Including GST on steel,and all taxes Cement as per GO MS 5 dt16.06.20and labor charges such as cutting stones to required size and shape, mixing of cement mortar, constructing masonry, curing etc., complete for finished item of work for foundation and basement (APSS No. 601 & 615)
B55: Below Ground level
B56: For Exterior walls to A1-F6 ,A4-F4 | C56: 1 | D56: x | E56: 2 | F56: =(60.75)*0.3048+0.45 -> 18.9666 | G56: 0.45 | H56: 0.5 | I56: =ROUND(C56*E56*F56*G56*H56,2) -> 8.53
B57: For Cross walls A1-A4, F1-F4 with Projection | C57: 1 | D57: x | E57: 2 | F57: =(30.75+4*4)*0.3048-0.45 -> 13.7994 | G57: 0.45 | H57: 0.5 | I57: =ROUND(C57*E57*F57*G57*H57,2) -> 6.21
B58: For toilets Long walls | C58: 1 | D58: x | E58: 2 | F58: =12.75*0.3048+0.45 -> 4.3362 | G58: 0.45 | H58: 0.5 | I58: =ROUND(C58*E58*F58*G58*H58,2) -> 1.95
B59: For toilets Short walls | C59: 1 | D59: x | E59: 2 | F59: =10.75*0.3048-0.45 -> 2.8266 | G59: 0.45 | H59: 0.5 | I59: =ROUND(C59*E59*F59*G59*H59,2) -> 1.27
B60: For long walls of Toilets | C60: 1 | D60: x | E60: 1 | F60: 4.15 | G60: 0.45 | H60: 0.5 | I60: =ROUND(C60*E60*F60*G60*H60,2) -> 0.93
B61: For short walls of Toilets | C61: 1 | D61: x | E61: 2 | F61: 1.35 | G61: 0.45 | H61: 0.5 | I61: =ROUND(C61*E61*F61*G61*H61,2) -> 0.61
B62: for Entrrance steps Plot From Long wall | C62: 1 | D62: x | E62: 1 | F62: =(31.5-6-4)*0.3048 -> 6.5532 | G62: 0.45 | H62: 0.2 | I62: =ROUND(C62*E62*F62*G62*H62,2) -> 0.59
B63: for Entrrance steps Plot From short walls | C63: 1 | D63: x | E63: 2 | F63: 3 | G63: 0.45 | H63: 0.2 | I63: =ROUND(C63*E63*F63*G63*H63,2) -> 0.54
B64: For Pedstals for internal Plinth beam ' | C64: 3 | D64: x | E64: 2 | F64: 0.6 | G64: 0.6 | H64: 0.5 | I64: =ROUND(C64*E64*F64*G64*H64,2) -> 1.08
B65: Above Ground level | I65: =SUM(I56:I64) -> 21.71
B66: For long walls for Plot form inclding Room Portion | C66: 1 | D66: x | E66: 2 | F66: =(60.75)*0.3048+0.45 -> 18.9666 | G66: 0.45 | H66: 0.45 | I66: =ROUND(C66*E66*F66*G66*H66,2) -> 7.68
B67: For Cross walls for Plot form inclding Room Portion | C67: 1 | D67: x | E67: 2 | F67: =(30.75+4*4)*0.3048-0.45 -> 13.7994 | G67: 0.45 | H67: 0.45 | I67: =ROUND(C67*E67*F67*G67*H67,2) -> 5.59
B68: For inner walls in rooms | C68: 1 | D68: x | E68: 1 | F68: 3.89 | G68: 0.45 | H68: 0.45 | I68: =ROUND(C68*E68*F68*G68*H68,2) -> 0.79
B69: For toilets Long walls | C69: 1 | D69: x | E69: 2 | F69: =12.75*0.3048+0.45 -> 4.3362 | G69: 0.45 | H69: 0.45 | I69: =ROUND(C69*E69*F69*G69*H69,2) -> 1.76
B70: For toilets Short walls | C70: 1 | D70: x | E70: 2 | F70: =10.75*0.3048-0.45 -> 2.8266 | G70: 0.45 | H70: 0.45 | I70: =ROUND(C70*E70*F70*G70*H70,2) -> 1.14
B71: For long walls of Toilets | C71: 1 | D71: x | E71: 1 | F71: 4.15 | G71: 0.45 | H71: 0.45 | I71: =ROUND(C71*E71*F71*G71*H71,2) -> 0.84
B72: For short walls of Toilets | C72: 1 | D72: x | E72: 2 | F72: 1.35 | G72: 0.45 | H72: 0.45 | I72: =ROUND(C72*E72*F72*G72*H72,2) -> 0.55
B73: for Entrrance steps Plot From Long wall | C73: 1 | D73: x | E73: 1 | F73: =(31.5-6-4)*0.3048 -> 6.5532 | G73: 0.45 | H73: 0.45 | I73: =ROUND(C73*E73*F73*G73*H73,2) -> 1.33
B74: for Entrrance steps Plot From short walls | C74: 1 | D74: x | E74: 2 | F74: 3 | G74: 0.45 | H74: 0.45 | I74: =ROUND(C74*E74*F74*G74*H74,2) -> 1.22
B75: for Ramps | C75: 1 | D75: x | E75: 2 | F75: 3 | G75: 1.2 | H75: (0.60+0)/2 | I75: =ROUND(C75*E75*F75*G75*0.3,2) -> 2.16
B76: For Pedstals for internal Plinth beam ' | C76: 3 | D76: x | E76: 2 | F76: 0.45 | G76: 0.45 | H76: 0.3 | I76: =ROUND(C76*E76*F76*G76*H76,2) -> 0.36
I77: =SUM(I66:I76) -> 23.42
B78: For Main door
B79: Front Step 1 | C79: 1 | D79: x | E79: 1 | F79: =(31.5-6)*0.3048 -> 7.7724 | G79: 1.2 | H79: 0.15 | I79: =ROUND(C79*E79*F79*G79*H79,2) -> 1.4
B80: Front Step 2 | C80: 1 | D80: x | E80: 1 | F80: =(31.5-6-2)*0.3048 -> 7.1628 | G80: 0.9 | H80: 0.15 | I80: =ROUND(C80*E80*F80*G80*H80,2) -> 0.97
B81: Front Step 3 | C81: 1 | D81: x | E81: 1 | F81: =(31.5-6-2-2)*0.3048 -> 6.5532 | G81: 0.6 | H81: 0.15 | I81: =ROUND(C81*E81*F81*G81*H81,2) -> 0.59
B82: Front Step 4 | C82: 1 | D82: x | E82: 1 | F82: =(31.5-6-2-2-2)*0.3048 -> 5.9436 | G82: 0.3 | H82: 0.15 | I82: =ROUND(C82*E82*F82*G82*H82,2) -> 0.27
B83: Side Step 1 | C83: 1 | D83: x | E83: 1 | F83: =(10)*0.3048 -> 3.048 | G83: 1.2 | H83: 0.15 | I83: =ROUND(C83*E83*F83*G83*H83,2) -> 0.55
B84: Side Step 2 | C84: 1 | D84: x | E84: 1 | F84: =(10-1)*0.3048 -> 2.7432 | G84: 0.9 | H84: 0.15 | I84: =ROUND(C84*E84*F84*G84*H84,2) -> 0.37
B85: Side Step 3 | C85: 1 | D85: x | E85: 1 | F85: =(10-2)*0.3048 -> 2.4384 | G85: 0.6 | H85: 0.15 | I85: =ROUND(C85*E85*F85*G85*H85,2) -> 0.22
B86: Side Step 4 | C86: 1 | D86: x | E86: 1 | F86: =(10-3)*0.3048 -> 2.1336 | G86: 0.3 | H86: 0.15 | I86: =ROUND(C86*E86*F86*G86*H86,2) -> 0.1
I87: =SUM(I79:I86) -> 4.47
I88: =I87+I77+I65 -> 49.6 | J88: =Datas!$G$212 -> 3494.84 | K88: =ROUND(J88*I88,0) -> 173344 | L88: =1.1*75+0.33*90 -> 112.2 | M88: =L88*I88 -> 5565.12 | N88: =(1.1*75+0.33*90) -> 112.2 | O88: =ROUND(I88*N88,0) -> 5565
I89: Cum. | J89: per Cum.
A90: 5 | B90: Vibrated reinforced cement concrete corresponding M20 grade as per IS 456 equivalent to (1:1.5:3) prop: nominal mix (Cement: fine aggregate: coarse aggregate using 20mm size HBG (SS5) machine crushed metal from approved quarry including cost and conveyance of all materials like cement, fine aggregate (Sand), coarse aggregate, water etc. to site, excluding seignarage charges as per the message no 03/RD/TA/2020dt 13.02.20 of Technical adviser RD TS ,including, Countryes & other taxes on all materials, Including GST on steel,and all taxes Cement as per GO MS 5 dt16.06.20, all operational, incidental, and labor charges such as centering, shuttering, scaffolding, lift charges, machine mixing, laying concrete, vibrating, curing concrete etc, complete but excluding cost of steel and its fabrication charges for finished item of work (APSS No.402 & 403)
A91: A) | B91: For Column Footings
B92: F1,F2,F3,F4,F5,F6,F13,F14,F15, F16 | C92: 1 | D92: x | E92: 10 | F92: 1.25 | G92: 1.25 | H92: 0.3 | I92: =ROUND(C92*E92*F92*G92*H92,2) -> 4.69
B93: F7,F8,F9,F10,F11,F12 | C93: 1 | D93: x | E93: 6 | F93: 1.5 | G93: 1 | H93: 0.3 | I93: =ROUND(C93*E93*F93*G93*H93,2) -> 2.7
I94: =SUM(I91:I93) -> 7.39 | J94: =Datas!$G$318 -> 8788.51 | K94: =ROUND(J94*I94,0) -> 64947 | L94: 108 | M94: =L94*I94 -> 798.12 | N94: 108 | O94: =ROUND(I94*N94,0) -> 798
I95: Cum. | J95: Per Cum
A96: B) | B96: Columns Below Ground level
B97: C1 Type | C97: 1 | D97: x | E97: 4 | F97: 0.23 | G97: 0.3 | H97: =1.8-0.15-0.3 -> 1.35 | I97: =ROUND(C97*E97*F97*G97*H97,2) -> 0.37
B98: C2 Type | C98: 1 | D98: x | E98: 6 | F98: 0.23 | G98: 0.375 | H98: =1.8-0.15-0.3 -> 1.35 | I98: =ROUND(C98*E98*F98*G98*H98,2) -> 0.7
B99: C3 Type | C99: 1 | D99: x | E99: 6 | F99: 0.23 | G99: 0.375 | H99: =1.8-0.15-0.3 -> 1.35 | I99: =ROUND(C99*E99*F99*G99*H99,2) -> 0.7
B100: Columns up to Roof Level
...

Sheet Spicification Report  (2)
A1: SPECIFICATION REPORT
B2: =CONCATENATE(" Accompanying the Detailed Estimate for the work ",'Lead- Input sheet '!A2," PIU Rangareddy DIST ") -> Accompanying the Detailed Estimate for the work Construction of Anganwadi Building at Jeedipally Thanda (V) of Kalwakurthy (M) of Nagarkurnool District PIU Rangareddy DIST
E3: Estt. Cost Rs. : | F3: 2425000
B4: As per the Instructions of the Hon'ble Chief Minister Govt of Telangana the proposals for Construction of Rythu Vedhika works shed , is prepared with the following provisions for effective implementation of new agricultural polices and it is proposed to equip with advance technology including video conference facilities to disseminate information to the formers about the crops , and experts suggestions and Government assistances in providing marketing facilities to formers from time to time.
B5: Multipurpose hall | C5: 30'.00'x46'6 | D5: AEO Room | E5: 12'0"x12'0"
B6: PBS Coordinators room | C6: 17''7.5"x12' | D6: Ladies Toilet | E6: 10'6"x4'9"
B7: Total Plinth Area | C7: 2046 Sq ft | D7: Mens Toilets | E7: 10'6"x4'9"
B9: Roof height | C9: 12'00" side wall | D9: Roofing | E9: Proflex Roofing material
B11: The following provisions are made in this each of the above estimate with specifications
A13: 1 | B13: Earth work excavation and depositing on bank with initial lead of 10m and initial lift of 2m in Loamy and Clayey Soils like B.C. Soils, red earth & Ordinary Gravel (SS 20-B) including shoring, strutting, sheeting, planking and dewatering including cost of hire charges of T & P, labour charges etc., complete for finished item of work for Foundation of Building.(APSS No. 308) As per Rural SSR
A14: =A13+1 -> 2 | B14: Plain Cement Concrete (1:5:10) prop nominal mix (cement: fine aggregate: coarse aggregate) using 40mm size HBG (SS5) metal from approved quarry including Cost and Conveyance of all materials like cement, sand, coarse aggregate, water etc. to site, including all operational, incidental, and labour charges such as mixing, laying and ramming concrete in layers in position not exceeding 15cm, finishing top surface, curing concrete, excluding seign etc., complete for finished item of work for Foundations and Flooring Bed (APSS No. 402) for Levelling Course, Flooring bed in Hall and Rooms
A15: =A14+1 -> 3 | B15: Plain Cement Concrete (1:4:8) prop nominal mix (cement: fine aggregate: coarse aggregate) using 40mm size HBG (SS5) metal from approved quarry (obtained by blasting) including Cost and Conveyance of all materials like cement, sand, coarse aggregate, water etc. to site, including all operational, incidental, and labour charges such as mixing, laying and ramming concrete in layers in position not exceeding 15cm, finishing top surface, curing concrete,excluding seign etc., complete for finished item of work for Foundations and Flooring Bed (APSS No. 402)
A16: =A15+1 -> 4 | B16: Random Rubble stone masonry, in CM (1:8) prop: (Cement: Sand) using hard granite stones from approved quarry including Cost and Conveyance of all materials like Granite stones, cement, sand, water, etc., to site including all operational, incidental, and labour charges such as cutting stones to required size and shape, mixing of cement mortar, constructing masonry, curing,excluding seign etc., complete for finished item of work for foundation (APSS No. 601 & 615)
A17: =A16+1 -> 5 | B17: Filling with useful available excavated earth (excluding rock) in trenches, sides of foundations and basement with initial lead in layers not exceeding 15cm thick, consolidating each deposited layer by watering and ramming including cost and Cost and Conveyance of water to site and all operational, incidental, labour charges, sales and other taxes etc, hire charges of T & P excluding seignetc., complete for finished item of work. (APSS NO. 309 & 310)
A18: =A17+1 -> 6 | B18: Providing high yield strength deformed (HYSD) steel TMT bars (Fe 500 grade as per IS 1786-1985) of 8mm to 40mm diameters, cutting, bending, to required sizes and shapes placing in position with cover blocks of approved size and binding wire of 20SWG, forming grills for reinforcement work as per approved designs and drawings including Cost and Conveyance of bars from approved sources to site of work with all taxes including Cost and Conveyance of binding wire, cover blocks chains, overlaps, spaces, dowels, wastage etc, and all operational, incidental, and labour charges such as cutting, bending, placing in position, tying etc.excluding seign, and other taxes,on cost of all materials complete for finished item of work (APSS No.126) in all floors
A19: =A18+1 -> 7 | B19: Brick masonry in superstructure with CM (1:8) prop: using traditional bricks from approved quarry including Cost and Conveyance of all materials like cement, sand, bricks, water etc., to site, including materials, all operational, incidental and labour charges such as mixing cement mortar, constructing masonry, scaffolding charges, lift charges, curing, etc.,excluding seign complete for finished item of work. (APSS No. 501 & 504).
A20: =A19+1 -> 8 | B20: Ornamental plastering to ceiling 12mm thick in CM (1:3) with dubara sponge finish including Cost and Conveyance of all materials like cement, sand, water etc., to site, including other taxes on all materials, all operational, incidental and labour charges such as mixing mortar, finishing, scaffolding, lift charges, including cutting of Grooves wherever necessary as directed by Engineer-in-charge, curing, etc.,excluding seign complete for finished item of work.(APSS 901& 903 )
A21: =A20+1 -> 9 | B21: Providing impervious coat over RCC roof slab to required slopes with CM (1:3) prop. 20mm thick (average) mixed with water proofing compound manufactured by reputed manufacturers as approved by Engineer-in-charge at 1Kg/bag of cement, laid over roof slab when it is green, finished smooth with a floating coat of neat cement and thread lining at regular intervals of 45cmx45cm including Cost and Conveyance of all materials like cement, sand, water proofing compound, water etc., to site, on all materials, all operational, incidental and labour charges such as mixing mortar, laying, rounding off at junctions of wall and slab, rendering smooth with thread lining, curing, lift charges, etc., complete for finished item of work (APSS No. 901 & 903)
A22: =A21+1 -> 10 | B22: Plastering 12mm thick double coat in CM (1:6) 8mm thick base coat and top coat CM(1:4) of 4mm thick with dubara sponge finish including c/c of all materials like cement, sand,water etc., to site, other taxes on all materials, all operational, incidental and labour charges such as mixing mortar, scaffolding charges, lift charges, including cutting of Grooves wherever necessary as directed by Engineer-in-charge, finishing, curing, etc., complete for finished item of work. (APSS 901,903 & 904) - Internal Walls
A23: =A22+1 -> 11 | B23: Plastering 12mm thick double coat in CM (1:5) 8 mm thick base coat and CM (1:3) of 4mm thick top coat with dubara sponge finish including c/c of all materials like cement, sand,water etc., to site, other taxes on all materials, all operational, incidental and labour charges such as mixing mortar, scaffolding charges, lift charges, including cutting of Grooves wherever necessary as directed by Engineer-in-charge, finishing, curing, etc., complete for for finished item of work. (APSS 901,903 & 904) - External Walls
A25: 12 | B25: Flooring with 100mm thick Cement Concrete 1:4:8, using 40mm metal, 100mm thick and 20 mm Cement Concrete surface (Ellis Pattern, 1st Sort) on passage portion
A26: =A25+1 -> 13 | B26: Flooring with Ceramic Tiles of 7.3mm thick 1st. quality of any shade as approved by Engineer - in - charge set over a base coat of CM (1:8), 12mm thick laid over flooring bed / V.R.C.C. slab, with neat grey cement slurry of honey like consistency spread at the rate of 3.3 Kgs of cement per Sq.m and jointed with neat white cement paste mixed with pigment of matching shade including cost and conveyance of all materials for Bath Rooms
A27: =A26+1 -> 14 | B27: Dadooing to walls with white glazed tiles 1st. quality of any size of brand as approved by Engineer - in - charge and set over a base coat of CM (1:5), 12mm thick and neat cement paste at the rate of 3.3 Kg/Sqmt. and jointed with white cement paste mixed with pigment of matching shade including cost and conveyance of all materials for Toilets
A28: =A27+1 -> 15 | B28: Flush Pointing to RRS Masonry in CM(1:3) Prop: including cost and conveyance of all materials like cement, sand, water etc., to site, Excluding seigniorage charges,Including, Countryes & other taxes on all materials, all operational, incidental,GST charges of Cement and steel charges and labour charges such as mixing mortar, finishing, curing, etc., complete for finished item of work. (APSS 901,906)
A29: =A28+1 -> 16 | B29: Supply and fixing of teak wood Door double shutter fully panelled door of size with frame made of well seasoned Sal Wood scantlings of size respective size shown below and shutter made of Flush Door as per approved design with fixtures of 6 nos of 9" ' z" holdfasts, 300 mm long MS Iron coted aldrop-1 no, 125mm long MS iron butt hinges 6 No's, Door stoppers-2 no, 150mm long MS coated Tower bolts 3- no's MS iron coated fancy handles 150 mm -2nos with necessary screws complete including cost and conveyance of all materials and labour charges etc. complete as per specifications (APSS NO.1001 & 1002)
A30: =A29+1 -> 17 | B30: Door MD (1.80 x 2.40) of section 5"x 7' | C30: Door D1 (1.50 x 2.40) of section 4"x 6" | D30: Door D2 (0.90 x2.10) of section 3"x5"
A31: =A30+1 -> 18 | B31: Supplying and fixing of Unplasticised Poly Vinyl Chloride (UPVC) sliding doors three track - three glass shutters sliding - 112 -Series duly manufactured using UPVC reinforced profiles of 112.0 mm x 60 mm x 2.25 mm for outer frames, 66 mm x 42 mm x 2.25 mm for sliding door shutter frames capable of mounting single glazing system, structurally reinforced with hot dip galvanized up to 50 microns of minimum thickness of 1.2 mm prefabricated & welded through fusion welding the window sash shall be fitted with 5 mm thick clear float glass ofreputed make and fixed with EPDM weathering seal resistant accessories likeclippinglocking system made of aluminium 1 No., per set of sashes and the system is to be installed at the site using anchor fasteners, silicon rubber sealant, easy glazing/ deglazing at site etc., including cost and conveyance of all materials, accessories, labour charges for transportation, erection at site with templates for casement sizingcompleteforfinisheditemofwork
A32: =A31+1 -> 19 | B32: Window (1.50 x 1.20)
A33: =A32+1 -> 20 | B33: Skirting with 15 to 18mm thick polished shahbad stone 100mm height in CM (1:5) with
A34: =A33+1 -> 21 | B34: Self Supported Arch shaped Galvalume Sheeting , Colour complying to ASTM A792 , base metal 1.00mm thick (tolerance as +/- 0.03mm) with alloy coating AZ 150(Alluminium 55%, zinc 43.50%, Silicon 1.50%) Yeild strength:350 MPA , Paint coating regular modified polyster top coat 25 micron and bottom coat 12 micron Epoxy Painting. Top colour consisting of blue and off white and Bottom colour is with grey.The Make of metal off THYSSEN KRUPPS,Germany/Dongbu steel company limited Korea/corus steel ,UK/ Union steel,Korea Yieh Enterprises ltd , Taiwon steel sheet be 3.0 ( 914mm ) with which be curved and moulded at site using mechanical press and dies to desired curve and shape to form 2-0 ( 616mm) with interlocking panels. These panels shall be erected in position and joints are seamed .The instaltion should be done by mechanized method .The contractor has to mobilise required number of Hydra ,transportion of sheets and cranes for the erection of seamed sheets and complete the entire work satifactorily by using the fixtures like anchor,fasteners,standard light hanger, turbo ventilators and sky light each compartment to have combination of Turbo ventilators (Al) of size 24 inches capacity 2200 CFM at 30' interval with sky light of panel of 2.0mm thick polycharbonvate sheet to be installed for each compartment including cost and conveyance of materials and labour charges and all taxes,GST and also incidental and operational charges etc
A35: =A34+1 -> 22 | B35: Painting to new walls with 2 coats of ready mixed oil bound wahsable distemper of approved brand and shade over a base coat of appropriate primer of approved brand, making 3 coats in all to give an even shade after thourughly brushing the surface to remove all dirt and remains of loose powdered materials, including,GST charges of Cement and steel cost and conveyance of all materials to work site and all operational, incidental, labour charges etc. complete for finished item of work as per SS 911 for internal walls
A36: =A35+1 -> 23 | B36: Painting to New walls with two coats of snowcem paints of approved brand and shade over base coat of appropriate distemper primer of approved brand making three coats in all to give an even shade after thoroughly brushing the surface to remove all loose powdered materials, including c/c of all materials, cost of brushes, water to site, etc., & other taxes, all operational, incidental and labour charges such as scaffolding charges, lift charges, curing etc.,complete for finished item of work in all floors for external Walls.(APSS No. 911)
A37: =A36+1 -> 24 | B37: Painting with Synthetic Enamel paints - Two Coats - for New Wood Works including cost and conveyance of all materials to site, Countryes & other taxes, all operational, incidental and labour charges etc., complete for finished item of work.
A38: =A37+1 -> 25 | B38: Provision for Electrical work
A39: =A38+1 -> 26 | B39: Provision for Sanitory and Water supply
B41: The estimate is prepared with SSR 2019-20 ,RSSR and submitted for kind consideration for according adminidtrative sanction
B45: ='Lead- Input sheet '!B44 -> Assistant Exc.Engineer | D45: ='Lead- Input sheet '!H44 -> Deputy Executive Engineer
B46: ='Lead- Input sheet '!B45 -> PR MPP Kalwakurthy | D46: ='Lead- Input sheet '!H45 -> PR SD Kalwakurthy

Sheet Rythu Vedhika -12'Trep  (M)
A1: DETAIED AND ABSTRACT ESTIMATE
A2: ='Lead- Input sheet '!A2 -> Construction of Anganwadi Building at Jeedipally Thanda (V) of Kalwakurthy (M) of Nagarkurnool District
A3: Sno | B3: Description of item | C3: Nos. | F3: Measurements | I3: Qty | J3: Rate/Per | K3: Total Amount | L3: SEIGNORAGE CHARGES/Unit | M3: TOTALSEIGNORAGE CHARGES
F4: L | G4: B | H4: D
A5: 1 | B5: =A5+1 -> 2 | C5: =B5+1 -> 3 | F5: =C5+1 -> 4 | G5: =F5+1 -> 5 | H5: =G5+1 -> 6 | I5: =H5+1 -> 7 | J5: =I5+1 -> 8 | K5: 9 | L5: =K5+1 -> 10 | M5: =L5+1 -> 11
A6: 1 | B6: Earth work excavation and depositing on bank with initial lead of 10m and initial lift of 2m in Loamy & Clayey Soils like BC Soils, Red Earth & Ordinary Gravelly Soils ( SS 20-B) including shoring, strutting, sheeting, planking and dewatering including cost of hire charges of T & P, labor charges etc., complete for finished item of work for Foundation of Building. (APSS No. 308)
B7: For SBC 20 TN/sqm only
B8: Footings | C8: 2 | D8: x | E8: 6 | F8: 2 | G8: 2 | H8: 1.65 | I8: =ROUND(C8*E8*F8*G8*H8,2) -> 79.2
B9: For long walls for Plot form inclding Room Portion | C9: 1 | D9: x | E9: 2 | F9: 18.3 | G9: 0.6 | H9: 0.6 | I9: =ROUND(C9*E9*F9*G9*H9,2) -> 13.18
B10: For Cross walls for Plot form inclding Room Portion | C10: 1 | D10: x | E10: 2 | F10: =(30.75)*0.3048 -> 9.3726 | G10: 0.6 | H10: 0.6 | I10: =ROUND(C10*E10*F10*G10*H10,2) -> 6.75
B11: For Cross walls for Plot form | C11: 2 | D11: x | E11: 2 | F11: 1.2 | G11: 0.6 | H11: 0.6 | I11: =ROUND(C11*E11*F11*G11*H11,2) -> 1.73
B12: For toilets Long walls | C12: 2 | D12: x | E12: 2 | F12: 4.15 | G12: 0.6 | H12: 0.6 | I12: =ROUND(C12*E12*F12*G12*H12,2) -> 5.98
B13: For toilets Short walls | C13: 2 | D13: x | E13: 2 | F13: 4 | G13: 0.6 | H13: 0.6 | I13: =ROUND(C13*E13*F13*G13*H13,2) -> 5.76
B14: For Plot form walls of Toilets | C14: 1 | D14: x | E14: 2 | F14: 1.8 | G14: 0.6 | H14: 0.6 | I14: =ROUND(C14*E14*F14*G14*H14,2) -> 1.3
B15: For Soak Pit of Toilet Block | C15: PI/4 | D15: x | E15: 2 | F15: 1.35 | G15: 1.35 | H15: 2 | I15: =ROUND(PI()/4*E15*F15*G15*H15,2) -> 5.73
B16: for Entrrance steps Plot From Long wall | C16: 1 | D16: x | E16: 1 | F16: =(31.5-6-4)*0.3048 -> 6.5532 | G16: 0.6 | H16: 0.3 | I16: =ROUND(C16*E16*F16*G16*H16,2) -> 1.18
B17: for Entrrance steps Plot From short walls | C17: 1 | D17: x | E17: 2 | F17: 3 | G17: 0.6 | H17: 0.3 | I17: =ROUND(C17*E17*F17*G17*H17,2) -> 1.08
B18: for Entrrance steps | C18: 1 | D18: x | E18: 1 | F18: =(31.5-6)*0.3048 -> 7.7724 | G18: 1.2 | H18: 0.3 | I18: =ROUND(C18*E18*F18*G18*H18,2) -> 2.8
B19: for Entrrance steps | C19: 1 | D19: x | E19: 2 | F19: 4.2 | G19: 1.2 | H19: 0.3 | I19: =ROUND(C19*E19*F19*G19*H19,2) -> 3.02
I21: =SUM(I8:I19) -> 127.71
B22: As per Rural SSR Rates as GO 240 dt 13.05.2019 ((Hard Gravel soils) | I22: =CEILING(I21,0.05) -> 127.75 | J22: 197.21 | K22: =ROUND(J22*I22/1,0) -> 25194 | L22: 30 | M22: =L22*I22 -> 3832.5 | N22: 30 | O22: =ROUND(I22*30,0) -> 3833
I23: Cum. | J23: 1 cum
A24: 2 | B24: Plain Cement Concrete corresponding to M5 grade as per IS 456 equivalent to (1:4;8) proportion nominal mix (cement: fine aggregate: Coarse aggregate) using 40mm size HBG (SS5) metal from approved quarry including cost and conveyance of all materials like cement, sand, coarse aggregate, water etc. to site, excluding seigniorage charges,Including, Countryes & other taxes on all materials, all operational, incidental,GST charges of Cement and steel and labor charges, such as mixing, laying and ramming concrete in layers in position not exceeding 15cm, finishing top surface, curing concrete, etc., complete for finished item of work for Foundations and Flooring Bed (APSS No. 402)
B25: Footings | C25: 2 | D25: x | E25: 6 | F25: 2 | G25: 2 | H25: 0.15 | I25: =ROUND(C25*E25*F25*G25*H25,2) -> 7.2
I26: =I25 -> 7.2 | J26: =Datas!G154 -> 4371.4636 | K26: =ROUND(J26*I26,0) -> 31475 | L26: 108 | M26: =L26*I26 -> 777.6 | N26: 108 | O26: =ROUND(I26*N26,0) -> 778
I27: Cum. | J27: Cum.
A28: 3 | B28: Plain Cement Concrete corresponding to M5 grade as per IS 456 equivalent to (1:5;10) proportion nominal mix (cement: fine aggregate: Coarse aggregate) using 40mm size HBG (SS5) metal from approved quarry including cost and conveyance of all materials like cement, sand, coarse aggregate, water etc. to site, excluding seigniorage charges,Including, Countryes & other taxes on all materials, all operational, incidental,GST charges of Cement and steel and labor charges such as mixing, laying and ramming concrete in layers in position not exceeding 15cm, finishing top surface, curing concrete, etc., complete for finished item of work for Foundations and Flooring Bed (APSS No. 402)
B29: For under Flooring in Hall | C29: 1 | D29: x | E29: 1 | F29: =(46.5)*0.3048 -> 14.1732 | G29: =(30)*0.3048 -> 9.144 | H29: 0.1 | I29: =ROUND(C29*E29*F29*G29*H29,2) -> 12.96
B30: For under Flooring in AEO Room | C30: 1 | D30: x | E30: 1 | F30: 3.6 | G30: =(12)*0.3048 -> 3.6576 | H30: 0.1 | I30: =ROUND(C30*E30*F30*G30*H30,2) -> 1.32
B31: For under Flooring in PBS Coordinator Room | C31: 1 | D31: x | E31: 1 | F31: 3.6 | G31: =(17.23)*0.3048 -> 5.251704 | H31: 0.1 | I31: =ROUND(C31*E31*F31*G31*H31,2) -> 1.89
B32: For under Flooring in Gents Toilet | C32: 1 | D32: x | E32: 1 | F32: 3.2 | G32: 3 | H32: 0.1 | I32: =ROUND(C32*E32*F32*G32*H32,2) -> 0.96
B33: For under Flooring in ladies Toilet | C33: 1 | D33: x | E33: 1 | F33: 3.6 | G33: =(17.23)*0.3048 -> 5.251704 | H33: 0.1 | I33: =ROUND(C33*E33*F33*G33*H33,2) -> 1.89
B34: For long walls for Plot form inclding Room Portion | C34: 1 | D34: x | E34: 2 | F34: =(60+2)*0.3048 -> 18.8976 | G34: 0.6 | H34: 0.1 | I34: =ROUND(C34*E34*F34*G34*H34,2) -> 2.27
B35: For Cross walls for Plot form inclding Room Portion | C35: 1 | D35: x | E35: 2 | F35: =(30.75-2)*0.3048 -> 8.763 | G35: 0.6 | H35: 0.1 | I35: =ROUND(C35*E35*F35*G35*H35,2) -> 1.05
B36: For Cross walls for Plot form | C36: 2 | D36: x | E36: 2 | F36: 1.2 | G36: 0.6 | H36: 0.1 | I36: =ROUND(C36*E36*F36*G36*H36,2) -> 0.29
B37: For toilets Long walls | C37: 2 | D37: x | E37: 2 | F37: 4.15 | G37: 0.6 | H37: 0.1 | I37: =ROUND(C37*E37*F37*G37*H37,2) -> 1
B38: For toilets Short walls | C38: 2 | D38: x | E38: 2 | F38: 4 | G38: 0.6 | H38: 0.1 | I38: =ROUND(C38*E38*F38*G38*H38,2) -> 0.96
B39: For Plot form walls of Toilets | C39: 1 | D39: x | E39: 2 | F39: 1.8 | G39: 0.6 | H39: 0.1 | I39: =ROUND(C39*E39*F39*G39*H39,2) -> 0.22
B40: for Entrrance steps Plot From Long wall | C40: 1 | D40: x | E40: 1 | F40: =(31.5-6-4)*0.3048 -> 6.5532 | G40: 0.6 | H40: 0.1 | I40: =ROUND(C40*E40*F40*G40*H40,2) -> 0.39
B41: for Entrrance steps Plot From short walls | C41: 1 | D41: x | E41: 2 | F41: 3 | G41: 0.6 | H41: 0.1 | I41: =ROUND(C41*E41*F41*G41*H41,2) -> 0.36
B42: for Entrrance steps Long wall | C42: 1 | D42: x | E42: 1 | F42: =(31.5-6)*0.3048 -> 7.7724 | G42: 1.2 | H42: 0.1 | I42: =ROUND(C42*E42*F42*G42*H42,2) -> 0.93
B43: for Entrrance steps Long wall | C43: 1 | D43: x | E43: 2 | F43: 4.2 | G43: 1.2 | H43: 0.1 | I43: =ROUND(C43*E43*F43*G43*H43,2) -> 1.01
I44: =SUM(I29:I43) -> 27.5 | J44: =Datas!G174 -> 4155.81 | K44: =ROUND(J44*I44,0) -> 114285 | L44: 108 | M44: =L44*I44 -> 2970 | N44: 108 | O44: =ROUND(I44*N44,0) -> 2970
I45: Cum. | J45: Cum.
A46: 4 | B46: Random Rubble stone masonry, in CM (1:8) prop: (Cement: Sand) using hard granite stones from approved quarry including cost and conveyance of all materials like Granite stones, cement, sand, water, etc., to site excluding seigniorage charges,Including, Countryes & other taxes on all materials, all operational, incidental,GST charges of Cement and steel and labor charges such as cutting stones to required size and shape, mixing of cement mortar, constructing masonry, curing etc., complete for finished item of work for foundation and basement (APSS No. 601 & 615)
B47: Below Ground level
B48: For long walls for Plot form inclding Room Portion | C48: 1 | D48: x | E48: 2 | F48: =(60+1.5)*0.3048 -> 18.7452 | G48: 0.45 | H48: 0.5 | I48: =ROUND(C48*E48*F48*G48*H48,2) -> 8.44
B49: For Cross walls for Plot form inclding Room Portion | C49: 1 | D49: x | E49: 2 | F49: =(30.75-1.5)*0.3048 -> 8.9154 | G49: 0.45 | H49: 0.5 | I49: =ROUND(C49*E49*F49*G49*H49,2) -> 4.01
B50: For Cross walls for Plot form | C50: 2 | D50: x | E50: 2 | F50: 1.2 | G50: 0.45 | H50: 0.5 | I50: =ROUND(C50*E50*F50*G50*H50,2) -> 1.08
B51: For toilets Long walls | C51: 2 | D51: x | E51: 2 | F51: 4.15 | G51: 0.45 | H51: 0.5 | I51: =ROUND(C51*E51*F51*G51*H51,2) -> 3.74
B52: For toilets Short walls | C52: 2 | D52: x | E52: 2 | F52: 4 | G52: 0.45 | H52: 0.5 | I52: =ROUND(C52*E52*F52*G52*H52,2) -> 3.6
